Workbook
Name __AFC1: [1]INV!$A$25:$D$28
Name __AFC1: [2]INV!$A$25:$D$28
Name __AFC1: [2]INV!$A$25:$D$28
Name __AFC1: [2]INV!$A$25:$D$28
Name __AFC1: [3]INV!$A$25:$D$28
Name __AFC3: [1]INV!$F$25:$I$28
Name __AFC3: [2]INV!$F$25:$I$28
Name __AFC3: [2]INV!$F$25:$I$28
Name __AFC3: [2]INV!$F$25:$I$28
Name __AFC3: [3]INV!$F$25:$I$28
Name __AFC5: [1]INV!$K$25:$N$28
Name __AFC5: [2]INV!$K$25:$N$28
Name __AFC5: [2]INV!$K$25:$N$28
Name __AFC5: [2]INV!$K$25:$N$28
Name __AFC5: [3]INV!$K$25:$N$28
Name __BGC1: [1]INV!$A$5:$D$8
Name __BGC1: [2]INV!$A$5:$D$8
Name __BGC1: [2]INV!$A$5:$D$8
Name __BGC1: [2]INV!$A$5:$D$8
Name __BGC1: [3]INV!$A$5:$D$8
Name __BGC3: [1]INV!$F$5:$I$8
Name __BGC3: [2]INV!$F$5:$I$8
Name __BGC3: [2]INV!$F$5:$I$8
Name __BGC3: [2]INV!$F$5:$I$8
Name __BGC3: [3]INV!$F$5:$I$8
Name __BGC5: [1]INV!$K$5:$N$8
Name __BGC5: [2]INV!$K$5:$N$8
Name __BGC5: [2]INV!$K$5:$N$8
Name __BGC5: [2]INV!$K$5:$N$8
Name __BGC5: [3]INV!$K$5:$N$8
Name __CAC1: [1]INV!$A$19:$D$22
Name __CAC1: [2]INV!$A$19:$D$22
Name __CAC1: [2]INV!$A$19:$D$22
Name __CAC1: [2]INV!$A$19:$D$22
Name __CAC1: [3]INV!$A$19:$D$22
Name __CAC3: [1]INV!$F$19:$I$22
Name __CAC3: [2]INV!$F$19:$I$22
Name __CAC3: [2]INV!$F$19:$I$22
Name __CAC3: [2]INV!$F$19:$I$22
Name __CAC3: [3]INV!$F$19:$I$22
Name __CAC5: [1]INV!$K$19:$N$22
Name __CAC5: [2]INV!$K$19:$N$22
Name __CAC5: [2]INV!$K$19:$N$22
Name __CAC5: [2]INV!$K$19:$N$22
Name __CAC5: [3]INV!$K$19:$N$22
Name __MDC2: #REF!
Name __MDC2: #REF!
Name __MDC2: #REF!
Name __MDC2: #REF!
Name __MDC2: #REF!
Name __MDC2: #REF!
Name __MDC2: #REF!
Name __MDC2: #REF!
Name __MDC2: #REF!
Name __MDC2: #REF!
Name __MDC2: #REF!
Name __MDC2: #REF!
Name __MDC2: #REF!
Name __SBC1: [1]INV!$A$12:$D$15
Name __SBC1: [2]INV!$A$12:$D$15

Sheet FLUJO DIARIO anterior
B2: Item | C2: Nombre de tarea | D2: Costo total | F2: Miercoles | G2: Jueves | H2: Viernes | I2: Sábado | J2: Domingo | K2: Lunes | L2: Martes | M2: Miércoles | N2: Jueves | O2: Viernes | P2: Sábado | Q2: Domingo | R2: Lunes | S2: Martes | T2: Miércoles | U2: Jueves | V2: Viernes | W2: Sábado | X2: Domingo | Y2: Lunes | Z2: Martes | AA2: Miércoles | AB2: Jueves | AC2: Viernes | AD2: Sábado | AE2: Domingo | AF2: Lunes | AG2: Martes | AH2: Miércoles | AI2: Jueves | AJ2: Viernes | AK2: Sábado | AL2: Domingo | AM2: Lunes | AN2: Martes | AO2: Miércoles | AP2: Jueves | AQ2: Viernes | AR2: Sábado | AS2: Domingo | AT2: Lunes | AU2: Martes | AV2: Miércoles | AW2: Jueves | AX2: Viernes | AY2: Sábado | AZ2: Domingo | BA2: Lunes | BB2: Martes | BC2: Miércoles | BD2: Jueves | BE2: Viernes | BF2: Sábado | BG2: Domingo | BH2: Lunes | BI2: Martes | BJ2: Miércoles | BK2: Jueves | BL2: Viernes | BM2: Sábado | BN2: Domingo | BO2: Lunes | BP2: Martes | BQ2: Miércoles | BR2: Jueves | BS2: Viernes | BT2: Sábado | BU2: Domingo | BV2: Lunes | BW2: Martes | BX2: Miércoles | BY2: Jueves | BZ2: Viernes | CA2: Sábado | CB2: Domingo | CC2: Lunes | CD2: Martes | CE2: Miércoles | CF2: Jueves | CG2: Viernes | CH2: Sábado | CI2: Domingo | CJ2: Lunes | CK2: Martes | CL2: Miércoles | CM2: Jueves | CN2: Viernes | CO2: Sábado | CP2: Domingo | CQ2: Lunes | CR2: Martes | CS2: Miércoles | CT2: Jueves | CU2: Viernes | CV2: Sábado | CW2: Domingo | CX2: Lunes | CY2: Martes | CZ2: Miércoles | DA2: Jueves | DB2: Viernes | DC2: Sábado | DD2: Domingo | DE2: Lunes | DF2: Martes | DG2: Miércoles | DH2: Jueves | DI2: Viernes | DJ2: Sábado | DK2: Domingo | DL2: Lunes | DM2: Martes | DN2: Miércoles | DO2: Jueves | DP2: Viernes | DQ2: Sábado | DR2: Domingo | DS2: Lunes | DT2: Martes | DU2: Miércoles | DV2: Jueves | DW2: Viernes | DX2: Sábado | DY2: Domingo | DZ2: Lunes | EA2: Martes | EB2: Miércoles | EC2: Jueves | ED2: Viernes | EE2: Sábado | EF2: Domingo | EG2: Lunes | EH2: Martes | EI2: Miércoles | EJ2: Jueves | EK2: Viernes | EL2: Sábado | EM2: Domingo | EN2: Lunes | EO2: Martes | EP2: Miércoles | EQ2: Jueves | ER2: Viernes | ES2: Sábado | ET2: Domingo | EU2: Lunes | EV2: Martes | EW2: Miércoles | EX2: Jueves | EY2: Viernes | EZ2: Sábado | FA2: Domingo | FB2: Lunes | FC2: Martes | FD2: Miércoles | FE2: Jueves | FF2: Viernes | FG2: Sábado | FH2: Domingo | FI2: Lunes | FJ2: Martes | FK2: Miércoles | FL2: Jueves | FM2: Viernes | FN2: Sábado | FO2: Domingo | FP2: Lunes | FQ2: Martes | FR2: Miércoles | FS2: Jueves | FT2: Viernes | FU2: Sábado | FV2: Domingo | FW2: Lunes | FX2: Martes | FY2: Miércoles | FZ2: Jueves | GA2: Viernes | GB2: Sábado | GC2: Domingo | GD2: Lunes | GE2: Martes | GF2: Miércoles | GG2: Jueves | GH2: Viernes | GI2: Sábado | GJ2: Domingo | GK2: Lunes | GL2: Martes | GM2: Miércoles | GN2: Jueves | GO2: Viernes | GP2: Sábado | GQ2: Domingo | GR2: Lunes | GS2: Martes | GT2: Miércoles | GU2: Jueves | GV2: Viernes | GW2: Sábado | GX2: Domingo | GY2: Lunes | GZ2: Martes | HA2: Miércoles | HB2: Jueves | HC2: Viernes | HD2: Sábado | HE2: Domingo | HF2: Lunes | HG2: Martes | HH2: Miércoles | HI2: Jueves | HJ2: Viernes | HK2: Sábado | HL2: Domingo | HM2: Lunes | HN2: Martes | HO2: Miércoles | HP2: Jueves | HQ2: Viernes | HR2: Sábado | HS2: Domingo | HT2: Lunes | HU2: Martes | HV2: Miércoles | HW2: Jueves | HX2: Viernes | HY2: Sábado | HZ2: Domingo | IA2: Lunes | IB2: Martes | IC2: Miércoles | ID2: Jueves | IE2: Viernes | IF2: Sábado | IG2: Domingo | IH2: Lunes | II2: Martes | IJ2: Miércoles | IK2: Jueves | IL2: Viernes | IM2: Sábado | IN2: Domingo | IO2: Lunes | IP2: Martes | IQ2: Miércoles | IR2: Jueves | IS2: Viernes | IT2: Sábado | IU2: Domingo | IV2: Lunes | IW2: Martes | IX2: Miércoles | IY2: Jueves | IZ2: Viernes | JA2: Sábado | JB2: Domingo | JC2: Lunes | JD2: Martes | JE2: Miércoles | JF2: Jueves | JG2: Viernes | JH2: Sábado | JI2: Domingo | JJ2: Lunes | JK2: Martes | JL2: Miércoles | JM2: Jueves | JN2: Viernes | JO2: Sábado | JP2: Domingo | JQ2: Lunes | JR2: Martes | JS2: Miércoles | JT2: Jueves | JU2: Viernes | JV2: Sábado | JW2: Domingo | JY2: Lunes | JZ2: Martes | KA2: Miércoles | KB2: Jueves | KC2: Viernes | KD2: Sábado | KE2: Domingo | KF2: Lunes | KG2: Martes | KH2: Miércoles | KI2: Jueves | KJ2: Viernes | KK2: Sábado | KL2: Domingo | KM2: Lunes | KN2: Martes | KO2: Miércoles | KP2: Jueves | KQ2: Viernes | KR2: Sábado | KS2: Domingo | KT2: Lunes | KU2: Martes | KV2: Miércoles | KW2: Jueves | KX2: Viernes | KY2: Sábado | KZ2: Domingo | LA2: Lunes | LB2: Martes | LC2: Miércoles | LD2: Jueves | LE2: Viernes | LF2: Sábado | LG2: Domingo | LH2: Lunes | LI2: Martes | LJ2: Miércoles | LK2: Jueves | LL2: Viernes | LM2: Sábado | LN2: Domingo | LO2: Lunes | LP2: Martes | LQ2: Miércoles | LR2: Jueves | LS2: Viernes | LT2: Sábado | LU2: Domingo | LV2: Lunes | LW2: Martes | LX2: Miércoles | LY2: Jueves | LZ2: Viernes | MA2: Sábado | MB2: Domingo | MC2: Lunes | MD2: Martes | ME2: Miércoles | MF2: Jueves | MG2: Viernes | MH2: Sábado | MI2: Domingo | MJ2: Lunes | MK2: Martes | ML2: Miércoles | MM2: Jueves | MN2: Viernes | MO2: Sábado | MP2: Domingo | MQ2: Lunes | MR2: Martes | MS2: Miércoles | MT2: Jueves | MU2: Viernes | MV2: Sábado | MW2: Domingo | MX2: Lunes | MY2: Martes | MZ2: Miércoles | NA2: Jueves | NB2: Viernes | NC2: Sábado | ND2: Domingo | NE2: Lunes | NF2: Martes | NG2: Miércoles | NH2: Jueves | NI2: Viernes | NJ2: Sábado | NK2: Domingo | NL2: Lunes | NM2: Martes | NN2: Miércoles | NO2: Jueves | NP2: Viernes | NQ2: Sábado | NR2: Domingo | NS2: Lunes | NT2: Martes | NU2: Miércoles | NV2: Jueves | NW2: Viernes | NX2: Sábado | NY2: Domingo | NZ2: Lunes | OA2: Martes | OB2: Miércoles | OC2: Jueves | OD2: Viernes | OE2: Sábado | OF2: Domingo | OG2: Lunes | OH2: Martes | OI2: Miércoles | OJ2: Jueves | OK2: Viernes | OL2: Sábado | OM2: Domingo | ON2: Lunes | OO2: Martes | OP2: Miércoles | OQ2: Jueves | OR2: Viernes | OS2: Sábado | OT2: Domingo | OU2: Lunes | OV2: Martes | OW2: Miércoles | OX2: Jueves | OY2: Viernes | OZ2: Sábado | PA2: Domingo | PB2: Lunes | PC2: Martes | PD2: Miércoles | PE2: Jueves | PF2: Viernes | PG2: Sábado | PH2: Domingo | PI2: Lunes | PJ2: Martes | PK2: Miércoles | PL2: Jueves | PM2: Viernes | PN2: Sábado | PO2: Domingo | PP2: Lunes | PQ2: Martes | PR2: Miércoles | PS2: Jueves | PT2: Viernes | PU2: Sábado | PV2: Domingo | PW2: Lunes | PX2: Martes | PY2: Miércoles | PZ2: Jueves | QA2: Viernes | QB2: Sábado | QC2: Domingo | QD2: Lunes | QE2: Martes | QF2: Miércoles | QG2: Jueves | QH2: Viernes | QI2: Sábado | QJ2: Domingo | QK2: Lunes | QL2: Martes | QM2: Miércoles | QN2: Jueves | QO2: Viernes | QP2: Sábado | QQ2: Domingo | QR2: Lunes | QS2: Martes | QT2: Miércoles | QU2: Jueves | QV2: Viernes | QW2: Sábado | QX2: Domingo | QY2: Lunes | QZ2: Martes | RA2: Miércoles | RB2: Jueves | RC2: Viernes | RD2: Sábado | RE2: Domingo | RF2: Lunes | RG2: Martes | RH2: Miércoles | RI2: Jueves | RJ2: Viernes | RK2: Sábado | RL2: Domingo | RM2: Lunes | RN2: Martes | RO2: Miércoles | RP2: Jueves | RQ2: Viernes | RR2: Sábado | RS2: Domingo | RT2: Lunes | RU2: Martes | RV2: Miércoles | RW2: Jueves | RX2: Viernes | RY2: Sábado | RZ2: Domingo | SA2: Lunes | SB2: Martes | SC2: Miércoles | SD2: Jueves | SE2: Viernes | SF2: Sábado | SG2: Domingo | SH2: Lunes | SI2: Martes | SJ2: Miércoles | SK2: Jueves | SL2: Viernes | SM2: Sábado
F3: 43299 | G3: 43300 | H3: 43301 | I3: 43302 | J3: 43303 | K3: 43304 | L3: 43305 | M3: 43306 | N3: 43307 | O3: 43308 | P3: 43309 | Q3: 43310 | R3: 43311 | S3: 43312 | T3: 43313 | U3: 43314 | V3: 43315 | W3: 43316 | X3: 43317 | Y3: 43318 | Z3: 43319 | AA3: 43320 | AB3: 43321 | AC3: 43322 | AD3: 43323 | AE3: 43324 | AF3: 43325 | AG3: 43326 | AH3: 43327 | AI3: 43328 | AJ3: 43329 | AK3: 43330 | AL3: 43331 | AM3: 43332 | AN3: 43333 | AO3: 43334 | AP3: 43335 | AQ3: 43336 | AR3: 43337 | AS3: 43338 | AT3: 43339 | AU3: 43340 | AV3: 43341 | AW3: 43342 | AX3: 43343 | AY3: 43344 | AZ3: 43345 | BA3: 43346 | BB3: 43347 | BC3: 43348 | BD3: 43349 | BE3: 43350 | BF3: 43351 | BG3: 43352 | BH3: 43353 | BI3: 43354 | BJ3: 43355 | BK3: 43356 | BL3: 43357 | BM3: 43358 | BN3: 43359 | BO3: 43360 | BP3: 43361 | BQ3: 43362 | BR3: 43363 | BS3: 43364 | BT3: 43365 | BU3: 43366 | BV3: 43367 | BW3: 43368 | BX3: 43369 | BY3: 43370 | BZ3: 43371 | CA3: 43372 | CB3: 43373 | CC3: 43374 | CD3: 43375 | CE3: 43376 | CF3: 43377 | CG3: 43378 | CH3: 43379 | CI3: 43380 | CJ3: 43381 | CK3: 43382 | CL3: 43383 | CM3: 43384 | CN3: 43385 | CO3: 43386 | CP3: 43387 | CQ3: 43388 | CR3: 43389 | CS3: 43390 | CT3: 43391 | CU3: 43392 | CV3: 43393 | CW3: 43394 | CX3: 43395 | CY3: 43396 | CZ3: 43397 | DA3: 43398 | DB3: 43399 | DC3: 43400 | DD3: 43401 | DE3: 43402 | DF3: 43403 | DG3: 43404 | DH3: 43405 | DI3: 43406 | DJ3: 43407 | DK3: 43408 | DL3: 43409 | DM3: 43410 | DN3: 43411 | DO3: 43412 | DP3: 43413 | DQ3: 43414 | DR3: 43415 | DS3: 43416 | DT3: 43417 | DU3: 43418 | DV3: 43419 | DW3: 43420 | DX3: 43421 | DY3: 43422 | DZ3: 43423 | EA3: 43424 | EB3: 43425 | EC3: 43426 | ED3: 43427 | EE3: 43428 | EF3: 43429 | EG3: 43430 | EH3: 43431 | EI3: 43432 | EJ3: 43433 | EK3: 43434 | EL3: 43435 | EM3: 43436 | EN3: 43437 | EO3: 43438 | EP3: 43439 | EQ3: 43440 | ER3: 43441 | ES3: 43442 | ET3: 43443 | EU3: 43444 | EV3: 43445 | EW3: 43446 | EX3: 43447 | EY3: 43448 | EZ3: 43449 | FA3: 43450 | FB3: 43451 | FC3: 43452 | FD3: 43453 | FE3: 43454 | FF3: 43455 | FG3: 43456 | FH3: 43457 | FI3: 43458 | FJ3: 43459 | FK3: 43460 | FL3: 43461 | FM3: 43462 | FN3: 43463 | FO3: 43464 | FP3: 43465 | FQ3: 43466 | FR3: 43467 | FS3: 43468 | FT3: 43469 | FU3: 43470 | FV3: 43471 | FW3: 43472 | FX3: 43473 | FY3: 43474 | FZ3: 43475 | GA3: 43476 | GB3: 43477 | GC3: 43478 | GD3: 43479 | GE3: 43480 | GF3: 43481 | GG3: 43482 | GH3: 43483 | GI3: 43484 | GJ3: 43485 | GK3: 43486 | GL3: 43487 | GM3: 43488 | GN3: 43489 | GO3: 43490 | GP3: 43491 | GQ3: 43492 | GR3: 43493 | GS3: 43494 | GT3: 43495 | GU3: 43496 | GV3: 43497 | GW3: 43498 | GX3: 43499 | GY3: 43500 | GZ3: 43501 | HA3: 43502 | HB3: 43503 | HC3: 43504 | HD3: 43505 | HE3: 43506 | HF3: 43507 | HG3: 43508 | HH3: 43509 | HI3: 43510 | HJ3: 43511 | HK3: 43512 | HL3: 43513 | HM3: 43514 | HN3: 43515 | HO3: 43516 | HP3: 43517 | HQ3: 43518 | HR3: 43519 | HS3: 43520 | HT3: 43521 | HU3: 43522 | HV3: 43523 | HW3: 43524 | HX3: 43525 | HY3: 43526 | HZ3: 43527 | IA3: 43528 | IB3: 43529 | IC3: 43530 | ID3: 43531 | IE3: 43532 | IF3: 43533 | IG3: 43534 | IH3: 43535 | II3: 43536 | IJ3: 43537 | IK3: 43538 | IL3: 43539 | IM3: 43540 | IN3: 43541 | IO3: 43542 | IP3: 43543 | IQ3: 43544 | IR3: 43545 | IS3: 43546 | IT3: 43547 | IU3: 43548 | IV3: 43549 | IW3: 43550 | IX3: 43551 | IY3: 43552 | IZ3: 43553 | JA3: 43554 | JB3: 43555 | JC3: 43556 | JD3: 43557 | JE3: 43558 | JF3: 43559 | JG3: 43560 | JH3: 43561 | JI3: 43562 | JJ3: 43563 | JK3: 43564 | JL3: 43565 | JM3: 43566 | JN3: 43567 | JO3: 43568 | JP3: 43569 | JQ3: 43570 | JR3: 43571 | JS3: 43572 | JT3: 43573 | JU3: 43574 | JV3: 43575 | JW3: 43576 | JY3: 43577 | JZ3: 43578 | KA3: 43579 | KB3: 43580 | KC3: 43581 | KD3: 43582 | KE3: 43583 | KF3: 43584 | KG3: 43585 | KH3: 43586 | KI3: 43587 | KJ3: 43588 | KK3: 43589 | KL3: 43590 | KM3: 43591 | KN3: 43592 | KO3: 43593 | KP3: 43594 | KQ3: 43595 | KR3: 43596 | KS3: 43597 | KT3: 43598 | KU3: 43599 | KV3: 43600 | KW3: 43601 | KX3: 43602 | KY3: 43603 | KZ3: 43604 | LA3: 43605 | LB3: 43606 | LC3: 43607 | LD3: 43608 | LE3: 43609 | LF3: 43610 | LG3: 43611 | LH3: 43612 | LI3: 43613 | LJ3: 43614 | LK3: 43615 | LL3: 43616 | LM3: 43617 | LN3: 43618 | LO3: 43619 | LP3: 43620 | LQ3: 43621 | LR3: 43622 | LS3: 43623 | LT3: 43624 | LU3: 43625 | LV3: 43626 | LW3: 43627 | LX3: 43628 | LY3: 43629 | LZ3: 43630 | MA3: 43631 | MB3: 43632 | MC3: 43633 | MD3: 43634 | ME3: 43635 | MF3: 43636 | MG3: 43637 | MH3: 43638 | MI3: 43639 | MJ3: 43640 | MK3: 43641 | ML3: 43642 | MM3: 43643 | MN3: 43644 | MO3: 43645 | MP3: 43646 | MQ3: 43647 | MR3: 43648 | MS3: 43649 | MT3: 43650 | MU3: 43651 | MV3: 43652 | MW3: 43653 | MX3: 43654 | MY3: 43655 | MZ3: 43656 | NA3: 43657 | NB3: 43658 | NC3: 43659 | ND3: 43660 | NE3: 43661 | NF3: 43662 | NG3: 43663 | NH3: 43664 | NI3: 43665 | NJ3: 43666 | NK3: 43667 | NL3: 43668 | NM3: 43669 | NN3: 43670 | NO3: 43671 | NP3: 43672 | NQ3: 43673 | NR3: 43674 | NS3: 43675 | NT3: 43676 | NU3: 43677 | NV3: 43678 | NW3: 43679 | NX3: 43680 | NY3: 43681 | NZ3: 43682 | OA3: 43683 | OB3: 43684 | OC3: 43685 | OD3: 43686 | OE3: 43687 | OF3: 43688 | OG3: 43689 | OH3: 43690 | OI3: 43691 | OJ3: 43692 | OK3: 43693 | OL3: 43694 | OM3: 43695 | ON3: 43696 | OO3: 43697 | OP3: 43698 | OQ3: 43699 | OR3: 43700 | OS3: 43701 | OT3: 43702 | OU3: 43703 | OV3: 43704 | OW3: 43705 | OX3: 43706 | OY3: 43707 | OZ3: 43708 | PA3: 43709 | PB3: 43710 | PC3: 43711 | PD3: 43712 | PE3: 43713 | PF3: 43714 | PG3: 43715 | PH3: 43716 | PI3: 43717 | PJ3: 43718 | PK3: 43719 | PL3: 43720 | PM3: 43721 | PN3: 43722 | PO3: 43723 | PP3: 43724 | PQ3: 43725 | PR3: 43726 | PS3: 43727 | PT3: 43728 | PU3: 43729 | PV3: 43730 | PW3: 43731 | PX3: 43732 | PY3: 43733 | PZ3: 43734 | QA3: 43735 | QB3: 43736 | QC3: 43737 | QD3: 43738 | QE3: 43739 | QF3: 43740 | QG3: 43741 | QH3: 43742 | QI3: 43743 | QJ3: 43744 | QK3: 43745 | QL3: 43746 | QM3: 43747 | QN3: 43748 | QO3: 43749 | QP3: 43750 | QQ3: 43751 | QR3: 43752 | QS3: 43753 | QT3: 43754 | QU3: 43755 | QV3: 43756 | QW3: 43757 | QX3: 43758 | QY3: 43759 | QZ3: 43760 | RA3: 43761 | RB3: 43762 | RC3: 43763 | RD3: 43764 | RE3: 43765 | RF3: 43766 | RG3: 43767 | RH3: 43768 | RI3: 43769 | RJ3: 43770 | RK3: 43771 | RL3: 43772 | RM3: 43773 | RN3: 43774 | RO3: 43775 | RP3: 43776 | RQ3: 43777 | RR3: 43778 | RS3: 43779 | RT3: 43780 | RU3: 43781 | RV3: 43782 | RW3: 43783 | RX3: 43784 | RY3: 43785 | RZ3: 43786 | SA3: 43787 | SB3: 43788 | SC3: 43789 | SD3: 43790 | SE3: 43791 | SF3: 43792 | SG3: 43793 | SH3: 43794 | SI3: 43795 | SJ3: 43796 | SK3: 43797 | SL3: 43798 | SM3: 43799
C4: CONTRATAR LA CONSTRUCCION DE TERMINAL Y EL MANTENIMIENTO DE PISTA, CALLES DE RODAJE, PLATAFORMA, ZONAS DE SEGURIDAD Y TERMINAL EXISTENTE DEL AEROPUERTO EL EDÉN DE ARMENIA. | D4: =SUM(D5:D9) -> 4.6332957e+10 | F4: =SUM(F5:F9) -> 3403018.9 | G4: =SUM(G5:G9) -> 3403018.9 | H4: =SUM(H5:H9) -> 0 | I4: =SUM(I5:I9) -> 2201953.4 | J4: =SUM(J5:J9) -> 0 | K4: =SUM(K5:K9) -> 3403018.9 | L4: =SUM(L5:L9) -> 3403018.9 | M4: =SUM(M5:M9) -> 3403018.9 | ... JW4: =SUM(JW5:JW9) -> 8.1630958e+08 | JY4: =SUM(JY5:JY9) -> 2.2949639e+08 | JZ4: =SUM(JZ5:JZ9) -> 2.2949639e+08 | KA4: =SUM(KA5:KA9) -> 2.2949639e+08 | KB4: =SUM(KB5:KB9) -> 2.2910009e+08 | KC4: =SUM(KC5:KC9) -> 2.2897815e+08 | KD4: =SUM(KD5:KD9) -> 1.4816233e+08 | KE4: =SUM(KE5:KE9) -> 0 | KF4: =SUM(KF5:KF9) -> 2.2897815e+08 | ... SM4: =SUM(SM5:SM9) -> 17651815
C5: CONSTRUCCION DE TERMINAL | D5: =SUM(F5:SM5)+1 -> 2.9202991e+10 | F5: 3403018.9 | G5: 3403018.9 | I5: 2201953.4 | K5: 3403018.9 | L5: 3403018.9 | M5: 3403018.9 | N5: 3403018.9 | O5: 3403018.9 | P5: 2201953.4 | R5: 3403018.9 | S5: 3403018.9 | T5: 3403018.9 | U5: 3403018.9 | CE5: 7155967.3 | CF5: 6383323.7 | CG5: 4863964.2 | CH5: 3147270.9 | CJ5: 4863964.2 | CK5: 4863964.2 | CL5: 4863964.2 | CM5: 4863964.2 | CN5: 4863964.2 | CO5: 3147270.9 | CR5: 4863964.2 | CS5: 4863964.2 | CT5: 4863964.2 | CU5: 4863964.2 | CV5: 3147270.9 | CX5: 4863964.2 | CY5: 4863964.2 | CZ5: 4863964.2 | DA5: 4863964.2 | DB5: 4863964.2 | DC5: 3147270.9 | DE5: 4863964.2 | DF5: 4863964.2 | DG5: 4863964.2 | DH5: 4863964.2 | DI5: 4863964.2 | DJ5: 3147270.9 | DM5: 4863964.2 | DN5: 4863964.2 | DO5: 4863964.2 | DP5: 4339902 | DQ5: 2808171.9 | DT5: 3590836.2 | DU5: 3430322.2 | DV5: 3430322.2 | DW5: 3430322.2 | DX5: 2219620.2 | DZ5: 3654241.1 | EA5: 3723139.2 | EB5: 3723139.2 | EC5: 3723139.2 | ED5: 3723139.2 | EE5: 2409090.1 | EG5: 3723139.2 | EH5: 3723139.2 | EI5: 1014966.7 | EJ5: 434644.03 | EK5: 1296914.7 | EL5: 839180.12 | EN5: 1296914.7 | EO5: 1296914.7 | EP5: 1296914.7 | EQ5: 1296914.7 | ER5: 1296914.7 | EU5: 1296914.7 | EV5: 1296914.7 | EW5: 1470229.1 | EX5: 2033501 | EY5: 2033501 | EZ5: 1315794.8 | FB5: 2033501 | FC5: 2033501 | FD5: 2033501 | FE5: 2033501 | FF5: 2033501 | FG5: 1315794.8 | FI5: 2098048.5 | FU5: 1670806.1 | FX5: 2582154.9 | FY5: 2582154.9 | FZ5: 2582154.9 | GA5: 2582154.9 | GB5: 1670806.1 | GD5: 2582154.9 | GE5: 2582154.9 | GF5: 2582154.9 | GG5: 2582154.9 | GH5: 2582154.9 | GI5: 1670806.1 | GK5: 2582154.9 | GL5: 2582154.9 | GM5: 2582154.9 | GN5: 2582154.9 | GO5: 2582154.9 | GP5: 1670806.1 | GR5: 2582154.9 | GS5: 2582154.9 | GT5: 2582154.9 | GU5: 2582154.9 | GV5: 2582154.9 | GW5: 1670806.1 | GY5: 2582154.9 | GZ5: 2582154.9 | HA5: 2582154.9 | HB5: 2582154.9 | HC5: 2582154.9 | HD5: 1670806.1 | HF5: 14938040 | HG5: 21677614 | HH5: 21677614 | HI5: 23930940 | HJ5: 24540882 | HK5: 17195108 | HM5: 26574259 | HN5: 26574259 | HO5: 26574259 | HP5: 26574259 | HQ5: 36026176 | HR5: 24126514 | HT5: 37286431 | HU5: 37286431 | HV5: 37286431 | HW5: 37708235 | HX5: 37734598 | HY5: 24416505 | IA5: 37734598 | IB5: 37734598 | IC5: 37734598 | ID5: 37734598 | IE5: 37734598 | IF5: 24416505 | IH5: 37734598 | II5: 44012689 | IJ5: 46628560 | IK5: 46628560 | IL5: 46628560 | IM5: 30171421 | IO5: 49053046 | IP5: 49799041 | IQ5: 49799041 | IR5: 49799041 | IS5: 49799041 | IT5: 39439839 | IW5: 62067822 | IX5: 62067822 | IY5: 62067822 | IZ5: 62067822 | JA5: 42824273 | JC5: 66182968 | JD5: 66182968 | JE5: 66182968 | JF5: 66182968 | JG5: 88138951 | JH5: 59576349 | JJ5: 92072540 | JK5: 92072540 | JL5: 92072540 | JM5: 92072540 | JN5: 92072540 | JO5: 59576349 | JQ5: 92072540 | JR5: 92072540 | JS5: 98419508 | JV5: 65405099 | JW5: =SUM(JQ5:JV5) -> 3.4796969e+08 | JX5: =+JW5/$JP$14 -> 0.0076448884 | JY5: 1.0108061e+08 | JZ5: 1.0108061e+08 | KA5: 1.0108061e+08 | KB5: 1.0073789e+08 | KC5: 1.0063244e+08 | KD5: 65115109 | KF5: 1.0063244e+08 | KG5: 1.0063244e+08 | KI5: 1.0299016e+08 | KJ5: 1.0397254e+08 | KK5: 67276351 | KM5: 1.0397254e+08 | KN5: 1.0397254e+08 | KO5: 1.1167763e+08 | KP5: 1.1754233e+08 | KQ5: 1.1754233e+08 | KR5: 76056804 | KT5: 1.3026838e+08 | KU5: 1.4172679e+08 | KV5: 1.4189144e+08 | KW5: 1.4189144e+08 | KX5: 1.4189144e+08 | KY5: 91812108 | LA5: 1.4493571e+08 | LB5: 1.490958e+08 | LC5: 1.490958e+08 | LD5: 1.490958e+08 | LE5: 1.490958e+08 | LF5: 96473755 | LH5: 1.490958e+08 | LI5: 1.490958e+08 | LJ5: 1.490958e+08 | LK5: 1.490958e+08 | LL5: 1.490958e+08 | LM5: 96473755 | LP5: 1.490958e+08 | LQ5: 1.4988277e+08 | LR5: 1.5068904e+08 | LS5: 1.5074482e+08 | LT5: 97566026 | LV5: 1.5078386e+08 | LW5: 1.5085413e+08 | LX5: 1.5093318e+08 | LY5: 1.5093318e+08 | LZ5: 1.5093318e+08 | MA5: 97662645 | MC5: 1.5093318e+08 | MD5: 1.5683449e+08 | ME5: 1.6208011e+08 | MF5: 1.6208011e+08 | MG5: 1.6208011e+08 | MH5: 1.0558113e+08 | MK5: 1.6553382e+08 | ML5: 1.6467014e+08 | MM5: 1.6241783e+08 | MN5: 1.6241783e+08 | MO5: 1.0509389e+08 | MR5: 1.6241783e+08 | MS5: 1.6286454e+08 | MT5: 1.6368351e+08 | MU5: 1.6368351e+08 | MV5: 1.0591286e+08 | MX5: 1.6368351e+08 | MY5: 1.6204402e+08 | MZ5: 1.5957749e+08 | NA5: 1.5957749e+08 | NB5: 1.6682221e+08 | NC5: 1.1321752e+08 | NE5: 1.7576877e+08 | NF5: 1.7835656e+08 | NG5: 1.7835656e+08 | NH5: 1.7835656e+08 | NI5: 1.7835656e+08 | NJ5: 1.1526751e+08 | NL5: 1.7793082e+08 | NM5: 1.7793082e+08 | NN5: 1.7793082e+08 | NO5: 1.7793082e+08 | NP5: 1.7993202e+08 | NQ5: 1.1842367e+08 | NS5: 1.830184e+08 | NT5: 1.8193109e+08 | NU5: 1.7932155e+08 | NV5: 1.791665e+08 | NW5: 1.7902868e+08 | NX5: 1.1584209e+08 | NZ5: 1.7902868e+08 | OA5: 1.7902868e+08 | OC5: 1.8175842e+08 | OD5: 1.8676293e+08 | OE5: 1.208466e+08 | OG5: 1.8676293e+08 | OH5: 1.8676293e+08 | OI5: 1.8109853e+08 | OJ5: 1.6820784e+08 | OK5: 1.6820784e+08 | OL5: 1.0884281e+08 | OO5: 1.685449e+08 | OP5: 1.6565812e+08 | OQ5: 1.5627611e+08 | OR5: 1.5627611e+08 | OS5: 1.0111984e+08 | OU5: 1.5627611e+08 | OV5: 1.5497346e+08 | OW5: 1.5006143e+08 | OX5: 1.5006143e+08 | OY5: 1.5006143e+08 | OZ5: 97098571 | PB5: 1.4961345e+08 | PC5: 1.5385554e+08 | PD5: 1.5385554e+08 | PE5: 1.5385554e+08 | PF5: 1.5385554e+08 | PG5: 98771956 | PI5: 1.4942632e+08 | PJ5: 1.4942632e+08 | PK5: 1.4942632e+08 | PL5: 1.4983891e+08 | PM5: 1.4228275e+08 | PN5: 82402403 | PP5: 1.2734917e+08 | PQ5: 1.2736549e+08 | PR5: 1.2744164e+08 | PS5: 1.2744164e+08 | PT5: 1.2744164e+08 | PU5: 82462238 | PW5: 1.2744164e+08 | PX5: 1.2744164e+08 | PY5: 1.2762659e+08 | PZ5: 1.2822766e+08 | QA5: 1.2822766e+08 | QB5: 82953275 | QD5: 1.280784e+08 | QE5: 1.2767269e+08 | QF5: 1.2577934e+08 | QG5: 1.2577934e+08 | QH5: 1.2577934e+08 | QI5: 81386635 | QK5: 1.2548359e+08 | QL5: 1.2326545e+08 | QM5: 1.2326545e+08 | QN5: 1.4436239e+08 | QO5: 1.9499506e+08 | QP5: 1.2577083e+08 | QS5: 1.8815355e+08 | QT5: 1.8815355e+08 | QU5: 1.8815355e+08 | QV5: 1.8815355e+08 | QW5: 1.2174642e+08 | QY5: 1.7972587e+08 | QZ5: 1.7972587e+08 | RA5: 1.7972587e+08 | RB5: 1.7972587e+08 | RC5: 1.777815e+08 | RD5: 1.120156e+08 | RF5: 1.7311502e+08 | RG5: 1.7131296e+08 | RH5: 1.54519e+08 | RI5: 1.4591309e+08 | RJ5: 1.4346625e+08 | RK5: 92753451 | RN5: 1.4334624e+08 | RO5: 1.4334624e+08 | RP5: 1.4332454e+08 | RQ5: 1.4322327e+08 | RR5: 92673880 | RU5: 1.4322327e+08 | RV5: 1.4322327e+08 | RW5: 1.4322327e+08 | RX5: 1.4322327e+08 | RY5: 92673880 | SA5: 1.4322327e+08 | SB5: 1.4322327e+08 | SC5: 1.4283837e+08 | SD5: 1.3667992e+08 | SE5: 1.3667992e+08 | SF5: 88439948 | SH5: 1.2858596e+08 | SI5: 1.2750677e+08 | SJ5: 1.2003796e+08 | SK5: 1.1756404e+08 | SL5: 86351523 | SM5: 17651815
C6: MANTENIMIENTO DE TERMINAL | D6: =SUM(F6:SM6)+1 -> 4.6992523e+08 | JW6: =SUM(JQ6:JV6) -> 0 | NB6: 694644.98 | NC6: 849010.53 | NE6: 1312107.2 | NF6: 1312107.2 | NG6: 1312107.2 | NH6: 1312107.2 | NI6: 1312107.2 | NJ6: 849010.53 | NL6: 1312107.2 | NM6: 1312107.2 | NN6: 1312107.2 | NO6: 1312107.2 | NP6: 1312107.2 | NQ6: 849010.53 | NS6: 1312107.2 | NT6: 1859379.6 | NU6: 2862712.4 | NV6: 2862712.4 | NW6: 2862712.4 | NX6: 1852343.3 | NZ6: 2862712.4 | OA6: 2862712.4 | OC6: 2862712.4 | OD6: 2862712.4 | OE6: 1852343.3 | OG6: 2862712.4 | OH6: 2862712.4 | OI6: 2862712.4 | OJ6: 2862712.4 | OK6: 2862712.4 | OL6: 3809631.1 | OO6: 13954010 | OP6: 13954010 | OQ6: 13954010 | OR6: 13954010 | OS6: 9114858.1 | OU6: 14683250 | OV6: 14683250 | OW6: 14683250 | OX6: 14683250 | OY6: 14687239 | OZ6: 9507194 | PB6: 14692936 | PC6: 14692936 | PD6: 14692936 | PE6: 14145664 | PF6: 13142331 | PG6: 8503861.2 | PI6: 13142331 | PJ6: 13142331 | PK6: 13142331 | PL6: 13142331 | PM6: 13142331 | PN6: 8503861.2 | PP6: 13142331 | PQ6: 12970745 | PR6: 12413090 | PS6: 12413090 | PT6: 12413090 | PU6: 8031999.6 | PW6: 10544306 | PX6: 1823311.1 | PY6: 1823311.1 | PZ6: 1823311.1 | QA6: 1823311.1 | QB6: 1101886 | QD6: 1161130.8 | QE6: 1161130.8 | QF6: 1161130.8 | QG6: 1161130.8 | QH6: 1161130.8 | QI6: 751319.95 | QK6: 1161130.8 | QL6: 1161130.8 | QM6: 1161130.8 | QN6: 1161130.8 | QO6: 1161130.8 | QP6: 751319.95 | QS6: 1161130.8 | QT6: 1161130.8 | QU6: 819621.76
C7: MANTENIMIENTO CALLES DE RODAJE | D7: =SUM(F7:SM7)+1 -> 1.7482312e+09 | HF7: 1665286 | HG7: 2573623.8 | HH7: 2573623.8 | HI7: 2573623.8 | HJ7: 2573623.8 | HK7: 1665286 | HM7: 2573623.8 | HN7: 2573623.8 | HO7: 2573623.8 | HP7: 2573623.8 | HQ7: 2581526.1 | HR7: 1671081 | HT7: 2582579.7 | HU7: 2582579.7 | HV7: 2582579.7 | HW7: 2582579.7 | HX7: 2582579.7 | HY7: 1671081 | IA7: 2582579.7 | IB7: 2582579.7 | IC7: 18072086 | ID7: 22838088 | IE7: 22838088 | IF7: 14777587 | IH7: 22838088 | II7: 22838088 | IJ7: 22838088 | IK7: 22838088 | IL7: 22838088 | IM7: 14777587 | IO7: 22838088 | IP7: 22838088 | IQ7: 22838088 | IR7: 22838088 | IS7: 22838088 | IT7: 14777587 | IW7: 22838088 | IX7: 22838088 | IY7: 22838088 | IZ7: 22838088 | JA7: 14777587 | JC7: 22838088 | JD7: 22838088 | JE7: 22838088 | JF7: 22838088 | JG7: 22838088 | JH7: 14777587 | JJ7: 22838088 | JK7: 22838088 | JL7: 22838088 | JM7: 22558265 | JN7: 22472166 | JO7: 14540813 | JQ7: 22472166 | JR7: 22472166 | JS7: 22472166 | JV7: 14540813 | JW7: =SUM(JQ7:JV7) -> 81957311 | JX7: =+JW7/$JP$14 -> 0.0018006008 | JY7: 22472166 | JZ7: 22472166 | KA7: 22472166 | KB7: 22472166 | KC7: 22472166 | KD7: 14540813 | KF7: 22472166 | KG7: 22472166 | KI7: 22472166 | KJ7: 22472166 | KK7: 14540813 | KM7: 22472166 | KN7: 22472166 | KO7: 18418740 | KP7: 14815694 | KQ7: 14815694 | KR7: 9586625.7 | KT7: 14815694 | KU7: 14815694 | KV7: 14815694 | KW7: 14815694 | KX7: 14815694 | KY7: 9586625.7 | LA7: 15344210 | LB7: 16099234 | LC7: 16099234 | LD7: 16099234 | LE7: 16099234 | LF7: 10417151 | LH7: 16099234 | LI7: 16099234 | LJ7: 16099234 | LK7: 16099234 | LL7: 14457534 | LM7: 8775451.4 | LP7: 13562061 | LQ7: 13562061 | LR7: 13562061 | LS7: 13562061 | LT7: 8775451.4 | LV7: 13562061 | LW7: 13562061 | LX7: 13562061 | LY7: 13562061 | LZ7: 13562061 | MA7: 8775451.4 | MC7: 13562061 | MD7: 13562061 | ME7: 13562061 | MF7: 13562061 | MG7: 13562061 | MH7: 8775451.4 | MK7: 13562061 | ML7: 8509887.2 | MM7: 1292495.5 | MN7: 1292495.5 | MO7: 532204.02
C8: MANTENIMIENTO DE PISTA | D8: =SUM(F8:SM8)+1 -> 1.3635475e+10 | DM8: 3400002.4 | DN8: 3853336 | DO8: 8782979.3 | DP8: 8782979.3 | DQ8: 5683104.3 | DT8: 8782979.3 | DU8: 8782979.3 | DV8: 8782979.3 | DW8: 8782979.3 | DX8: 5683104.3 | DZ8: 8782979.3 | EA8: 8782979.3 | EB8: 8782979.3 | EC8: 8782979.3 | ED8: 13495933 | EE8: 57525596 | EG8: 88903194 | EH8: 88903194 | EI8: 88903194 | EJ8: 88903194 | EK8: 97197059 | EL8: 62892215 | EN8: 97197059 | EO8: 97197059 | EP8: 97197059 | EQ8: 97197059 | ER8: 97197059 | EU8: 97197059 | EV8: 97197059 | EW8: 97197059 | EX8: 97197059 | EY8: 97197059 | EZ8: 62892215 | FB8: 97197059 | FC8: 97197059 | FD8: 97197059 | FE8: 97197059 | FF8: 97197059 | FG8: 62892215 | FI8: 97197059 | FU8: 62892215 | FX8: 97197059 | FY8: 97197059 | FZ8: 97197059 | GA8: 96970392 | GB8: 60398880 | GD8: 93343723 | GE8: 93343723 | GF8: 93343723 | GG8: 93343723 | GH8: 97762265 | GI8: 63257936 | GK8: 97762265 | GL8: 97762265 | GM8: 97762265 | GN8: 97762265 | GO8: 97762265 | GP8: 63257936 | GR8: 97762265 | GS8: 97762265 | GT8: 97762265 | GU8: 97762265 | GV8: 97762265 | GW8: 63257936 | GY8: 97762265 | GZ8: 97762265 | HA8: 97762265 | HB8: 97762265 | HC8: 97762265 | HD8: 63257936 | HF8: 97762265 | HG8: 97762265 | HH8: 97762265 | HI8: 97762265 | HJ8: 97762265 | HK8: 63257936 | HM8: 97762265 | HN8: 97762265 | HO8: 97762265 | HP8: 97762265 | HQ8: 97762265 | HR8: 63257936 | HT8: 97762265 | HU8: 97762265 | HV8: 97762265 | HW8: 97762265 | HX8: 97762265 | HY8: 63257936 | IA8: 97762265 | IB8: 97762265 | IC8: 97762265 | ID8: 97762265 | IE8: 97762265 | IF8: 63257936 | IH8: 97762265 | II8: 97762265 | IJ8: 97762265 | IK8: 97762265 | IL8: 97762265 | IM8: 63257936 | IO8: 97762265 | IP8: 97762265 | IQ8: 93412580 | IR8: 92832622 | IS8: 92832622 | IT8: 60068167 | IW8: 92832622 | IX8: 92832622 | IY8: 92832622 | IZ8: 92832622 | JA8: 57209110 | JC8: 88414080 | JD8: 88414080 | JE8: 88414080 | JF8: 88414080 | JG8: 88414080 | JH8: 57209110 | JJ8: 88414080 | JK8: 88414080 | JL8: 88414080 | JM8: 88414080 | JN8: 88414080 | JO8: 57209110 | JQ8: 88414080 | JR8: 88414080 | JS8: 88414080 | JV8: 57209110 | JW8: =SUM(JQ8:JV8) -> 3.2245135e+08 | JX8: =+JW8/$JP$14 -> 0.0070842509 | JY8: 88414080 | JZ8: 88414080 | KA8: 88414080 | KB8: 88414080 | KC8: 88414080 | KD8: 57209110 | KF8: 88414080 | KG8: 88414080 | KI8: 88255512 | KJ8: 88189442 | KK8: 57063757 | KM8: 88189442 | KN8: 88189442 | KO8: 88189442 | KP8: 88189442 | KQ8: 88189442 | KR8: 57063757 | KT8: 88189442 | KU8: 86961144 | KV8: 86101335 | KW8: 86101335 | KX8: 86101335 | KY8: 55712629 | LA8: 86101335 | LB8: 86101335 | LC8: 86101335 | LD8: 86101335 | LE8: 86101335 | LF8: 55712629 | LH8: 86101335 | LI8: 86101335 | LJ8: 86101335 | LK8: 86101335 | LL8: 86101335 | LM8: 55712629 | LP8: 86101335 | LQ8: 86101335 | LR8: 86101335 | LS8: 31178415 | LT8: 5366618.4 | LV8: 8293864.8 | LW8: 8293864.8 | LX8: 8293864.8 | LY8: 2927246.4
C9: MANTENIMIENTO DE PLATAFORMA | D9: =SUM(F9:SM9)+1 -> 1.2763339e+09 | IC9: 328676.09 | ID9: 372499.56 | IE9: 372499.56 | IF9: 241029.13 | IH9: 372499.56 | II9: 372499.56 | IJ9: 372499.56 | IK9: 372499.56 | IL9: 372499.56 | IM9: 241029.13 | IO9: 426082.17 | IP9: 442569.13 | IQ9: 442569.13 | IR9: 442569.13 | IS9: 1578259.7 | IT9: 11583668 | IW9: 17902032 | IX9: 17902032 | IY9: 17902032 | IZ9: 17902032 | JA9: 11583668 | JC9: 17902032 | JD9: 17902032 | JE9: 17902032 | JF9: 17902032 | JG9: 17902032 | JH9: 11583668 | JJ9: 17902032 | JK9: 17902032 | JL9: 17902032 | JM9: 17573356 | JN9: 17529533 | JO9: 11342639 | JQ9: 17529533 | JR9: 17529533 | JS9: 17529533 | JV9: 11342639 | JW9: =SUM(JQ9:JV9) -> 63931237 | JX9: =+JW9/$JP$14 -> 0.0014045682 | JY9: 17529533 | JZ9: 17529533 | KA9: 17529533 | KB9: 17475950 | KC9: 17459463 | KD9: 11297300 | KF9: 17459463 | KG9: 17459463 | KI9: 17459463 | KJ9: 17459463 | KK9: 11297300 | KM9: 17459463 | KN9: 17459463 | KO9: 17459463 | KP9: 17459463 | KQ9: 17459463 | KR9: 11297300 | KT9: 17459463 | KU9: 17459463 | KV9: 17459463 | KW9: 17459463 | KX9: 17459463 | KY9: 11297300 | LA9: 17459463 | LB9: 17459463 | LC9: 17459463 | LD9: 18493547 | LE9: 19217406 | LF9: 12434792 | LH9: 19217406 | LI9: 19217406 | LJ9: 19217406 | LK9: 19217406 | LL9: 19217406 | LM9: 12434792 | LP9: 19217406 | LQ9: 19217406 | LR9: 19217406 | LS9: 19217406 | LT9: 12434792 | LV9: 19217406 | LW9: 19217406 | LX9: 19217406 | LY9: 19217406 | LZ9: 19217406 | MA9: 12434792 | MC9: 19217406 | MD9: 19156283 | ME9: 8899593.4 | MF9: 1757943 | MG9: 1757943 | MH9: 1137492.5 | MK9: 1757943 | ML9: 1757943 | MM9: 1757943 | MN9: 1757943 | MO9: 723858.87
D11: ACUMULADO $ | F11: =+F4 -> 3403018.9 | G11: =+F11+G4 -> 6806037.9 | H11: =+G11+H4 -> 6806037.9 | I11: =+H11+I4 -> 9007991.3 | J11: =+I11+J4 -> 9007991.3 | K11: =+J11+K4 -> 12411010 | L11: =+K11+L4 -> 15814029 | M11: =+L11+M4 -> 19217048 | N11: =+M11+N4 -> 22620067 | ... JW11: =+JV11+JW4 -> 1.5299562e+10 | JX11: =SUM(JX5:JX9) -> 0.017934308 | JY11: =+JW11+JY4 -> 1.5529059e+10 | JZ11: =+JY11+JZ4 -> 1.5758555e+10 | KA11: =+JZ11+KA4 -> 1.5988051e+10 | KB11: =+KA11+KB4 -> 1.6217151e+10 | KC11: =+KB11+KC4 -> 1.644613e+10 | KD11: =+KC11+KD4 -> 1.6594292e+10 | KE11: =+KD11+KE4 -> 1.6594292e+10 | KF11: =+KE11+KF4 -> 1.682327e+10 | KG11: =+KF11+KG4 -> 1.7052248e+10 | ... SM11: =+SL11+SM4 -> 4.6332957e+10
D12: % ACUMULADO | F12: =+F11/$D$4 -> 7.3447049e-05 | G12: =+G11/$D$4 -> 0.0001468941 | H12: =+H11/$D$4 -> 0.0001468941 | I12: =+I11/$D$4 -> 0.00019441866 | J12: =+J11/$D$4 -> 0.00019441866 | K12: =+K11/$D$4 -> 0.00026786571 | L12: =+L11/$D$4 -> 0.00034131276 | M12: =+M11/$D$4 -> 0.00041475981 | ... JW12: =+JW11/$D$4 -> 0.33020906 | JY12: =+JY11/$D$4 -> 0.33516226 | JZ12: =+JZ11/$D$4 -> 0.34011546 | KA12: =+KA11/$D$4 -> 0.34506866 | KB12: =+KB11/$D$4 -> 0.35001331 | KC12: =+KC11/$D$4 -> 0.35495532 | KD12: =+KD11/$D$4 -> 0.3581531 | KE12: =+KE11/$D$4 -> 0.3581531 | KF12: =+KF11/$D$4 -> 0.36309511 | ... SM12: =+SM11/$D$4 -> 1
D14: 53186647015 | F14: 43282 | T14: 43313 | AY14: 43344 | CC14: 43374 | DH14: 43405 | EL14: 43435 | FQ14: 43466 | GV14: 43497 | HX14: 43525 | JC14: 43556 | JP14: 4.5516647e+10 | KH14: 43586 | LM14: 43617 | MQ14: 43647 | NV14: 43678 | PA14: 43709 | QE14: 43739 | RJ14: 43770
C15: CONSTRUCCION DE TERMINAL | D15: =SUM(F15:SM15)+1 -> 2.9202991e+10 | F15: =SUM(F5:S5) -> 35031077 | T15: =SUM(T5:AX5) -> 6806037.9 | AY15: =SUM(AY5:CB5) -> 0 | CC15: =SUM(CC5:DG5) -> 1.1367973e+08 | DH15: =SUM(DH5:EK5) -> 81865280 | EL15: =SUM(EL5:FP5) -> 30351957 | FQ15: =SUM(FQ5:GU5) -> 53162013 | GV15: =SUM(GV5:HW5) -> 4.5881199e+08 | HX15: =SUM(HX5:JB5) -> 1.1058296e+09 | JC15: =SUM(JC5:KG5) -> 2.3993177e+09 | KH15: =SUM(KH5:LL5) -> 3.2777565e+09 | LM15: =SUM(LM5:MP5) -> 3.306275e+09 | MQ15: =SUM(MQ5:NU5) -> 4.242297e+09 | NV15: =SUM(NV5:OZ5) -> 3.927753e+09 | PA15: =SUM(PA5:QD5) -> 3.2561093e+09 | QE15: =SUM(QE5:RI5) -> 3.9514614e+09 | RJ15: =SUM(RJ5:SM5) -> 2.9564836e+09
C16: MANTENIMIENTO DE TERMINAL | D16: =SUM(F16:SM16)+1 -> 4.6992523e+08 | F16: =SUM(F6:S6) -> 0 | T16: =SUM(T6:AX6) -> 0 | AY16: =SUM(AY6:CB6) -> 0 | CC16: =SUM(CC6:DG6) -> 0 | DH16: =SUM(DH6:EK6) -> 0 | EL16: =SUM(EL6:FP6) -> 0 | FQ16: =SUM(FQ6:GU6) -> 0 | GV16: =SUM(GV6:HW6) -> 0 | HX16: =SUM(HX6:JB6) -> 0 | JC16: =SUM(JC6:KG6) -> 0 | KH16: =SUM(KH6:LL6) -> 0 | LM16: =SUM(LM6:MP6) -> 0 | MQ16: =SUM(MQ6:NU6) -> 22396948 | NV16: =SUM(NV6:OZ6) -> 1.8686248e+08 | PA16: =SUM(PA6:QD6) -> 2.4557109e+08 | QE16: =SUM(QE6:RI6) -> 15094701 | RJ16: =SUM(RJ6:SM6) -> 0
C17: MANTENIMIENTO CALLES DE RODAJE | D17: =SUM(F17:SM17)+1 -> 1.7482312e+09 | F17: =SUM(F7:S7) -> 0 | T17: =SUM(T7:AX7) -> 0 | AY17: =SUM(AY7:CB7) -> 0 | CC17: =SUM(CC7:DG7) -> 0 | DH17: =SUM(DH7:EK7) -> 0 | EL17: =SUM(EL7:FP7) -> 0 | FQ17: =SUM(FQ7:GU7) -> 0 | GV17: =SUM(GV7:HW7) -> 38502488 | HX17: =SUM(HX7:JB7) -> 4.5201066e+08 | JC17: =SUM(JC7:KG7) -> 5.9281413e+08 | KH17: =SUM(KH7:LL7) -> 4.1474409e+08 | LM17: =SUM(LM7:MP7) -> 2.5015981e+08 | MQ17: =SUM(MQ7:NU7) -> 0 | NV17: =SUM(NV7:OZ7) -> 0 | PA17: =SUM(PA7:QD7) -> 0 | QE17: =SUM(QE7:RI7) -> 0 | RJ17: =SUM(RJ7:SM7) -> 0
C18: MANTENIMIENTO DE PISTA | D18: =SUM(F18:SM18)+1 -> 1.3635475e+10 | F18: =SUM(F8:S8) -> 0 | T18: =SUM(T8:AX8) -> 0 | AY18: =SUM(AY8:CB8) -> 0 | CC18: =SUM(CC8:DG8) -> 0 | DH18: =SUM(DH8:EK8) -> 6.3028071e+08 | EL18: =SUM(EL8:FP8) -> 1.7438296e+09 | FQ18: =SUM(FQ8:GU8) -> 1.9893661e+09 | GV18: =SUM(GV8:HW8) -> 2.208277e+09 | HX18: =SUM(HX8:JB8) -> 2.2283688e+09 | JC18: =SUM(JC8:KG8) -> 2.3195694e+09 | KH18: =SUM(KH8:LL8) -> 2.1374129e+09 | LM18: =SUM(LM8:MP8) -> 3.7837051e+08 | MQ18: =SUM(MQ8:NU8) -> 0 | NV18: =SUM(NV8:OZ8) -> 0 | PA18: =SUM(PA8:QD8) -> 0 | QE18: =SUM(QE8:RI8) -> 0 | RJ18: =SUM(RJ8:SM8) -> 0
C19: MANTENIMIENTO DE PLATAFORMA | D19: =SUM(F19:SM19)+1 -> 1.2763339e+09 | F19: =SUM(F9:S9) -> 0 | T19: =SUM(T9:AX9) -> 0 | AY19: =SUM(AY9:CB9) -> 0 | CC19: =SUM(CC9:DG9) -> 0 | DH19: =SUM(DH9:EK9) -> 0 | EL19: =SUM(EL9:FP9) -> 0 | FQ19: =SUM(FQ9:GU9) -> 0 | GV19: =SUM(GV9:HW9) -> 0 | HX19: =SUM(HX9:JB9) -> 1.0152575e+08 | JC19: =SUM(JC9:KG9) -> 4.6284816e+08 | KH19: =SUM(KH9:LL9) -> 4.4201662e+08 | LM19: =SUM(LM9:MP9) -> 2.6994332e+08 | MQ19: =SUM(MQ9:NU9) -> 0 | NV19: =SUM(NV9:OZ9) -> 0 | PA19: =SUM(PA9:QD9) -> 0 | QE19: =SUM(QE9:RI9) -> 0 | RJ19: =SUM(RJ9:SM9) -> 0
F21: =+F14 -> 43282 | T21: =+T14 -> 43313 | AY21: =+AY14 -> 43344 | CC21: =+CC14 -> 43374 | DH21: =+DH14 -> 43405 | EL21: =+EL14 -> 43435 | FQ21: =+FQ14 -> 43466 | GV21: =+GV14 -> 43497 | HX21: =+HX14 -> 43525 | JC21: =+JC14 -> 43556 | KH21: =+KH14 -> 43586 | LM21: =+LM14 -> 43617 | MQ21: =+MQ14 -> 43647 | NV21: =+NV14 -> 43678 | PA21: =+PA14 -> 43709 | QE21: =+QE14 -> 43739 | RJ21: =+RJ14 -> 43770
D23: 4.5516647e+10 | F23: =SUM(F15:F19) -> 35031077 | T23: =SUM(T15:T19) -> 6806037.9 | AY23: =SUM(AY15:AY19) -> 0 | CC23: =SUM(CC15:CC19) -> 1.1367973e+08 | DH23: =SUM(DH15:DH19) -> 7.1214599e+08 | EL23: =SUM(EL15:EL19) -> 1.7741815e+09 | FQ23: =SUM(FQ15:FQ19) -> 2.0425281e+09 | GV23: =SUM(GV15:GV19) -> 2705591526 | HX23: =SUM(HX15:HX19) -> 3.8877348e+09 | JC23: =SUM(JC15:JC19) -> 5.7745494e+09 | KH23: =SUM(KH15:KH19) -> 6.2719301e+09 | LM23: =SUM(LM15:LM19) -> 4.2047487e+09 | MQ23: =SUM(MQ15:MQ19) -> 4.264694e+09 | NV23: =SUM(NV15:NV19) -> 4.1146155e+09 | PA23: =SUM(PA15:PA19) -> 3.5016803e+09 | QE23: =SUM(QE15:QE19) -> 3.9665561e+09 | RJ23: =SUM(RJ15:RJ19) -> 2.9564836e+09
C24: Programado Acum Construcción del terminal | ND24: =SUM(F5:NC5) -> 1.2552371e+10 | NK24: =SUM($F5:NJ5) -> 1.3556834e+10
C25: Programado Acum Mantenimiento Terminal | D25: =+D23-D4 -> -8.1630959e+08 | ND25: =SUM(F6:NC6) -> 1543655.5 | NK25: =SUM($F6:NJ6) -> 8953201.9
C26: Programado Acumulado Lado Tierra | NE26: =ND24+ND25 -> 1.2553915e+10 | NF26: =NE26/$D$14 -> 0.23603509 | NL26: =NK24+NK25 -> 1.3565787e+10 | NM26: 0.23603509
C27: Programado Acum Mto Callle de rodaje | ND27: =SUM(F7:NC7) -> 1.7482312e+09 | NK27: =SUM($F7:NJ7) -> 1.7482312e+09
C28: Programado Acum Mto pista | ND28: =SUM(F8:NC8) -> 1.3635475e+10 | NK28: =SUM($F8:NJ8) -> 1.3635475e+10
C29: Programado Acum Mto plata | ND29: =SUM(F9:NC9) -> 1.2763339e+09 | NK29: =SUM($F9:NJ9) -> 1.2763339e+09
C30: Programado Acumulado Lado Aire | NE30: =ND27+ND28+ND29 -> 1.666004e+10 | NF30: =NE30/D14 -> 0.31323727 | NL30: =NK27+NK28+NK29 -> 1.666004e+10 | NM30: 0.31323727
C31: Programado Acumulado total | NE31: =SUM(ND24:ND29) -> 2.9213955e+10 | NF31: =NE31/D14 -> 0.54927236 | NL31: =SUM(NK24:NK29) -> 3.0225827e+10 | NM31: 0.54927236

Sheet FLUJO DIARIO LINEAL
B2: Item | C2: Nombre de tarea | D2: Costo total | F2: Miercoles | G2: Jueves | H2: Viernes | I2: Sábado | J2: Domingo | K2: Lunes | L2: Martes | M2: Miércoles | N2: Jueves | O2: Viernes | P2: Sábado | Q2: Domingo | R2: Lunes | S2: Martes | T2: Miércoles | U2: Jueves | V2: Viernes | W2: Sábado | X2: Domingo | Y2: Lunes | Z2: Martes | AA2: Miércoles | AB2: Jueves | AC2: Viernes | AD2: Sábado | AE2: Domingo | AF2: Lunes | AG2: Martes | AH2: Miércoles | AI2: Jueves | AJ2: Viernes | AK2: Sábado | AL2: Domingo | AM2: Lunes | AN2: Martes | AO2: Miércoles | AP2: Jueves | AQ2: Viernes | AR2: Sábado | AS2: Domingo | AT2: Lunes | AU2: Martes | AV2: Miércoles | AW2: Jueves | AX2: Viernes | AY2: Sábado | AZ2: Domingo | BA2: Lunes | BB2: Martes | BC2: Miércoles | BD2: Jueves | BE2: Viernes | BF2: Sábado | BG2: Domingo | BH2: Lunes | BI2: Martes | BJ2: Miércoles | BK2: Jueves | BL2: Viernes | BM2: Sábado | BN2: Domingo | BO2: Lunes | BP2: Martes | BQ2: Miércoles | BR2: Jueves | BS2: Viernes | BT2: Sábado | BU2: Domingo | BV2: Lunes | BW2: Martes | BX2: Miércoles | BY2: Jueves | BZ2: Viernes | CA2: Sábado | CB2: Domingo | CC2: Lunes | CD2: Martes | CE2: Miércoles | CF2: Jueves | CG2: Viernes | CH2: Sábado | CI2: Domingo | CJ2: Lunes | CK2: Martes | CL2: Miércoles | CM2: Jueves | CN2: Viernes | CO2: Sábado | CP2: Domingo | CQ2: Lunes | CR2: Martes | CS2: Miércoles | CT2: Jueves | CU2: Viernes | CV2: Sábado | CW2: Domingo | CX2: Lunes | CY2: Martes | CZ2: Miércoles | DA2: Jueves | DB2: Viernes | DC2: Sábado | DD2: Domingo | DE2: Lunes | DF2: Martes | DG2: Miércoles | DH2: Jueves | DI2: Viernes | DJ2: Sábado | DK2: Domingo | DL2: Lunes | DM2: Martes | DN2: Miércoles | DO2: Jueves | DP2: Viernes | DQ2: Sábado | DR2: Domingo | DS2: Lunes | DT2: Martes | DU2: Miércoles | DV2: Jueves | DW2: Viernes | DX2: Sábado | DY2: Domingo | DZ2: Lunes | EA2: Martes | EB2: Miércoles | EC2: Jueves | ED2: Viernes | EE2: Sábado | EF2: Domingo | EG2: Lunes | EH2: Martes | EI2: Miércoles | EJ2: Jueves | EK2: Viernes | EL2: Sábado | EM2: Domingo | EN2: Lunes | EO2: Martes | EP2: Miércoles | EQ2: Jueves | ER2: Viernes | ES2: Sábado | ET2: Domingo | EU2: Lunes | EV2: Martes | EW2: Miércoles | EX2: Jueves | EY2: Viernes | EZ2: Sábado | FA2: Domingo | FB2: Lunes | FC2: Martes | FD2: Miércoles | FE2: Jueves | FF2: Viernes | FG2: Sábado | FH2: Domingo | FI2: Lunes | FJ2: Martes | FK2: Miércoles | FL2: Jueves | FM2: Viernes | FN2: Sábado | FO2: Domingo | FP2: Lunes | FQ2: Martes | FR2: Miércoles | FS2: Jueves | FT2: Viernes | FU2: Sábado | FV2: Domingo | FW2: Lunes | FX2: Martes | FY2: Miércoles | FZ2: Jueves | GA2: Viernes | GB2: Sábado | GC2: Domingo | GD2: Lunes | GE2: Martes | GF2: Miércoles | GG2: Jueves | GH2: Viernes | GI2: Sábado | GJ2: Domingo | GK2: Lunes | GL2: Martes | GM2: Miércoles | GN2: Jueves | GO2: Viernes | GP2: Sábado | GQ2: Domingo | GR2: Lunes | GS2: Martes | GT2: Miércoles | GU2: Jueves | GV2: Viernes | GW2: Sábado | GX2: Domingo | GY2: Lunes | GZ2: Martes | HA2: Miércoles | HB2: Jueves | HC2: Viernes | HD2: Sábado | HE2: Domingo | HF2: Lunes | HG2: Martes | HH2: Miércoles | HI2: Jueves | HJ2: Viernes | HK2: Sábado | HL2: Domingo | HM2: Lunes | HN2: Martes | HO2: Miércoles | HP2: Jueves | HQ2: Viernes | HR2: Sábado | HS2: Domingo | HT2: Lunes | HU2: Martes | HV2: Miércoles | HW2: Jueves | HX2: Viernes | HY2: Sábado | HZ2: Domingo | IA2: Lunes | IB2: Martes | IC2: Miércoles | ID2: Jueves | IE2: Viernes | IF2: Sábado | IG2: Domingo | IH2: Lunes | II2: Martes | IJ2: Miércoles | IK2: Jueves | IL2: Viernes | IM2: Sábado | IN2: Domingo | IO2: Lunes | IP2: Martes | IQ2: Miércoles | IR2: Jueves | IS2: Viernes | IT2: Sábado | IU2: Domingo | IV2: Lunes | IW2: Martes | IX2: Miércoles | IY2: Jueves | IZ2: Viernes | JA2: Sábado | JB2: Domingo | JC2: Lunes | JD2: Martes | JE2: Miércoles | JF2: Jueves | JG2: Viernes | JH2: Sábado | JI2: Domingo | JJ2: Lunes | JK2: Martes | JL2: Miércoles | JM2: Jueves | JN2: Viernes | JO2: Sábado | JP2: Domingo | JQ2: Lunes | JR2: Martes | JS2: Miércoles | JT2: Jueves | JU2: Viernes | JV2: Sábado | JW2: Domingo | JX2: Lunes | JY2: Martes | JZ2: Miércoles | KA2: Jueves | KB2: Viernes | KC2: Sábado | KD2: Domingo | KE2: Lunes | KF2: Martes | KG2: Miércoles | KH2: Jueves | KI2: Viernes | KJ2: Sábado | KK2: Domingo | KL2: Lunes | KM2: Martes | KN2: Miércoles | KO2: Jueves | KP2: Viernes | KQ2: Sábado | KR2: Domingo | KS2: Lunes | KT2: Martes | KU2: Miércoles | KV2: Jueves | KW2: Viernes | KX2: Sábado | KY2: Domingo | KZ2: Lunes | LA2: Martes | LB2: Miércoles | LC2: Jueves | LD2: Viernes | LE2: Sábado | LF2: Domingo | LG2: Lunes | LH2: Martes | LI2: Miércoles | LJ2: Jueves | LK2: Viernes | LL2: Sábado | LM2: Domingo | LN2: Lunes | LO2: Martes | LP2: Miércoles | LQ2: Jueves | LR2: Viernes | LS2: Sábado | LT2: Domingo | LU2: Lunes | LV2: Martes | LW2: Miércoles | LX2: Jueves | LY2: Viernes | LZ2: Sábado | MA2: Domingo | MB2: Lunes | MC2: Martes | MD2: Miércoles | ME2: Jueves | MF2: Viernes | MG2: Sábado | MH2: Domingo | MI2: Lunes | MJ2: Martes | MK2: Miércoles | ML2: Jueves | MM2: Viernes | MN2: Sábado | MO2: Domingo | MP2: Lunes | MQ2: Martes | MR2: Miércoles | MS2: Jueves | MT2: Viernes | MU2: Sábado | MV2: Domingo | MW2: Lunes | MX2: Martes | MY2: Miércoles | MZ2: Jueves | NA2: Viernes | NB2: Sábado | NC2: Domingo | ND2: Lunes | NE2: Martes | NF2: Miércoles | NG2: Jueves | NH2: Viernes | NI2: Sábado | NJ2: Domingo | NK2: Lunes | NL2: Martes | NM2: Miércoles | NN2: Jueves | NO2: Viernes | NP2: Sábado | NQ2: Domingo | NR2: Lunes | NS2: Martes | NT2: Miércoles | NU2: Jueves | NV2: Viernes | NW2: Sábado | NX2: Domingo | NY2: Lunes | NZ2: Martes | OA2: Miércoles | OB2: Jueves | OC2: Viernes | OD2: Sábado | OE2: Domingo | OF2: Lunes | OG2: Martes | OH2: Miércoles | OI2: Jueves | OJ2: Viernes | OK2: Sábado | OL2: Domingo | OM2: Lunes | ON2: Martes | OO2: Miércoles | OP2: Jueves | OQ2: Viernes | OR2: Sábado | OS2: Domingo | OT2: Lunes | OU2: Martes | OV2: Miércoles | OW2: Jueves | OX2: Viernes | OY2: Sábado | OZ2: Domingo | PA2: Lunes | PB2: Martes | PC2: Miércoles | PD2: Jueves | PE2: Viernes | PF2: Sábado | PG2: Domingo | PH2: Lunes | PI2: Martes | PJ2: Miércoles | PK2: Jueves | PL2: Viernes | PM2: Sábado | PN2: Domingo | PO2: Lunes | PP2: Martes | PQ2: Miércoles | PR2: Jueves | PS2: Viernes | PT2: Sábado | PU2: Domingo | PV2: Lunes | PW2: Martes | PX2: Miércoles | PY2: Jueves | PZ2: Viernes | QA2: Sábado | QB2: Domingo | QC2: Lunes | QD2: Martes | QE2: Miércoles | QF2: Jueves | QG2: Viernes | QH2: Sábado | QI2: Domingo | QJ2: Lunes | QK2: Martes | QL2: Miércoles | QM2: Jueves | QN2: Viernes | QO2: Sábado | QP2: Domingo | QQ2: Lunes | QR2: Martes | QS2: Miércoles | QT2: Jueves | QU2: Viernes | QV2: Sábado | QW2: Domingo | QX2: Lunes | QY2: Martes | QZ2: Miércoles | RA2: Jueves | RB2: Viernes | RC2: Sábado | RD2: Domingo | RE2: Lunes | RF2: Martes | RG2: Miércoles | RH2: Jueves | RI2: Viernes | RJ2: Sábado | RK2: Domingo | RL2: Lunes | RM2: Martes | RN2: Miércoles | RO2: Jueves | RP2: Viernes | RQ2: Sábado | RR2: Domingo | RS2: Lunes | RT2: Martes | RU2: Miércoles | RV2: Jueves | RW2: Viernes | RX2: Sábado | RY2: Domingo | RZ2: Lunes | SA2: Martes | SB2: Miércoles | SC2: Jueves | SD2: Viernes | SE2: Sábado | SF2: Domingo | SG2: Lunes | SH2: Martes | SI2: Miércoles | SJ2: Jueves | SK2: Viernes | SL2: Sábado | SM2: Domingo | SN2: Lunes | SO2: Martes | SP2: Miércoles | SQ2: Jueves | SR2: Viernes | SS2: Sábado | ST2: Domingo | SU2: Lunes | SV2: Martes | SW2: Miércoles | SX2: Jueves | SY2: Viernes | SZ2: Sábado | TA2: Domingo | TB2: Lunes | TC2: Martes | TD2: Miércoles | TE2: Jueves | TF2: Viernes | TG2: Sábado | TH2: Domingo | TI2: Lunes | TJ2: Martes | TK2: Miércoles | TL2: Jueves | TM2: Viernes | TN2: Sábado | TO2: Domingo | TP2: Lunes | TQ2: Martes
F3: 43299 | G3: 43300 | H3: 43301 | I3: 43302 | J3: 43303 | K3: 43304 | L3: 43305 | M3: 43306 | N3: 43307 | O3: 43308 | P3: 43309 | Q3: 43310 | R3: 43311 | S3: 43312 | T3: 43313 | U3: 43314 | V3: 43315 | W3: 43316 | X3: 43317 | Y3: 43318 | Z3: 43319 | AA3: 43320 | AB3: 43321 | AC3: 43322 | AD3: 43323 | AE3: 43324 | AF3: 43325 | AG3: 43326 | AH3: 43327 | AI3: 43328 | AJ3: 43329 | AK3: 43330 | AL3: 43331 | AM3: 43332 | AN3: 43333 | AO3: 43334 | AP3: 43335 | AQ3: 43336 | AR3: 43337 | AS3: 43338 | AT3: 43339 | AU3: 43340 | AV3: 43341 | AW3: 43342 | AX3: 43343 | AY3: 43344 | AZ3: 43345 | BA3: 43346 | BB3: 43347 | BC3: 43348 | BD3: 43349 | BE3: 43350 | BF3: 43351 | BG3: 43352 | BH3: 43353 | BI3: 43354 | BJ3: 43355 | BK3: 43356 | BL3: 43357 | BM3: 43358 | BN3: 43359 | BO3: 43360 | BP3: 43361 | BQ3: 43362 | BR3: 43363 | BS3: 43364 | BT3: 43365 | BU3: 43366 | BV3: 43367 | BW3: 43368 | BX3: 43369 | BY3: 43370 | BZ3: 43371 | CA3: 43372 | CB3: 43373 | CC3: 43374 | CD3: 43375 | CE3: 43376 | CF3: 43377 | CG3: 43378 | CH3: 43379 | CI3: 43380 | CJ3: 43381 | CK3: 43382 | CL3: 43383 | CM3: 43384 | CN3: 43385 | CO3: 43386 | CP3: 43387 | CQ3: 43388 | CR3: 43389 | CS3: 43390 | CT3: 43391 | CU3: 43392 | CV3: 43393 | CW3: 43394 | CX3: 43395 | CY3: 43396 | CZ3: 43397 | DA3: 43398 | DB3: 43399 | DC3: 43400 | DD3: 43401 | DE3: 43402 | DF3: 43403 | DG3: 43404 | DH3: 43405 | DI3: 43406 | DJ3: 43407 | DK3: 43408 | DL3: 43409 | DM3: 43410 | DN3: 43411 | DO3: 43412 | DP3: 43413 | DQ3: 43414 | DR3: 43415 | DS3: 43416 | DT3: 43417 | DU3: 43418 | DV3: 43419 | DW3: 43420 | DX3: 43421 | DY3: 43422 | DZ3: 43423 | EA3: 43424 | EB3: 43425 | EC3: 43426 | ED3: 43427 | EE3: 43428 | EF3: 43429 | EG3: 43430 | EH3: 43431 | EI3: 43432 | EJ3: 43433 | EK3: 43434 | EL3: 43435 | EM3: 43436 | EN3: 43437 | EO3: 43438 | EP3: 43439 | EQ3: 43440 | ER3: 43441 | ES3: 43442 | ET3: 43443 | EU3: 43444 | EV3: 43445 | EW3: 43446 | EX3: 43447 | EY3: 43448 | EZ3: 43449 | FA3: 43450 | FB3: 43451 | FC3: 43452 | FD3: 43453 | FE3: 43454 | FF3: 43455 | FG3: 43456 | FH3: 43457 | FI3: 43458 | FJ3: 43459 | FK3: 43460 | FL3: 43461 | FM3: 43462 | FN3: 43463 | FO3: 43464 | FP3: 43465 | FQ3: 43466 | FR3: 43467 | FS3: 43468 | FT3: 43469 | FU3: 43470 | FV3: 43471 | FW3: 43472 | FX3: 43473 | FY3: 43474 | FZ3: 43475 | GA3: 43476 | GB3: 43477 | GC3: 43478 | GD3: 43479 | GE3: 43480 | GF3: 43481 | GG3: 43482 | GH3: 43483 | GI3: 43484 | GJ3: 43485 | GK3: 43486 | GL3: 43487 | GM3: 43488 | GN3: 43489 | GO3: 43490 | GP3: 43491 | GQ3: 43492 | GR3: 43493 | GS3: 43494 | GT3: 43495 | GU3: 43496 | GV3: 43497 | GW3: 43498 | GX3: 43499 | GY3: 43500 | GZ3: 43501 | HA3: 43502 | HB3: 43503 | HC3: 43504 | HD3: 43505 | HE3: 43506 | HF3: 43507 | HG3: 43508 | HH3: 43509 | HI3: 43510 | HJ3: 43511 | HK3: 43512 | HL3: 43513 | HM3: 43514 | HN3: 43515 | HO3: 43516 | HP3: 43517 | HQ3: 43518 | HR3: 43519 | HS3: 43520 | HT3: 43521 | HU3: 43522 | HV3: 43523 | HW3: 43524 | HX3: 43525 | HY3: 43526 | HZ3: 43527 | IA3: 43528 | IB3: 43529 | IC3: 43530 | ID3: 43531 | IE3: 43532 | IF3: 43533 | IG3: 43534 | IH3: 43535 | II3: 43536 | IJ3: 43537 | IK3: 43538 | IL3: 43539 | IM3: 43540 | IN3: 43541 | IO3: 43542 | IP3: 43543 | IQ3: 43544 | IR3: 43545 | IS3: 43546 | IT3: 43547 | IU3: 43548 | IV3: 43549 | IW3: 43550 | IX3: 43551 | IY3: 43552 | IZ3: 43553 | JA3: 43554 | JB3: 43555 | JC3: 43556 | JD3: 43557 | JE3: 43558 | JF3: 43559 | JG3: 43560 | JH3: 43561 | JI3: 43562 | JJ3: 43563 | JK3: 43564 | JL3: 43565 | JM3: 43566 | JN3: 43567 | JO3: 43568 | JP3: 43569 | JQ3: 43570 | JR3: 43571 | JS3: 43572 | JT3: 43573 | JU3: 43574 | JV3: 43575 | JW3: 43576 | JX3: 43577 | JY3: 43578 | JZ3: 43579 | KA3: 43580 | KB3: 43581 | KC3: 43582 | KD3: 43583 | KE3: 43584 | KF3: 43585 | KG3: 43586 | KH3: 43587 | KI3: 43588 | KJ3: 43589 | KK3: 43590 | KL3: 43591 | KM3: 43592 | KN3: 43593 | KO3: 43594 | KP3: 43595 | KQ3: 43596 | KR3: 43597 | KS3: 43598 | KT3: 43599 | KU3: 43600 | KV3: 43601 | KW3: 43602 | KX3: 43603 | KY3: 43604 | KZ3: 43605 | LA3: 43606 | LB3: 43607 | LC3: 43608 | LD3: 43609 | LE3: 43610 | LF3: 43611 | LG3: 43612 | LH3: 43613 | LI3: 43614 | LJ3: 43615 | LK3: 43616 | LL3: 43617 | LM3: 43618 | LN3: 43619 | LO3: 43620 | LP3: 43621 | LQ3: 43622 | LR3: 43623 | LS3: 43624 | LT3: 43625 | LU3: 43626 | LV3: 43627 | LW3: 43628 | LX3: 43629 | LY3: 43630 | LZ3: 43631 | MA3: 43632 | MB3: 43633 | MC3: 43634 | MD3: 43635 | ME3: 43636 | MF3: 43637 | MG3: 43638 | MH3: 43639 | MI3: 43640 | MJ3: 43641 | MK3: 43642 | ML3: 43643 | MM3: 43644 | MN3: 43645 | MO3: 43646 | MP3: 43647 | MQ3: 43648 | MR3: 43649 | MS3: 43650 | MT3: 43651 | MU3: 43652 | MV3: 43653 | MW3: 43654 | MX3: 43655 | MY3: 43656 | MZ3: 43657 | NA3: 43658 | NB3: 43659 | NC3: 43660 | ND3: 43661 | NE3: 43662 | NF3: 43663 | NG3: 43664 | NH3: 43665 | NI3: 43666 | NJ3: 43667 | NK3: 43668 | NL3: 43669 | NM3: 43670 | NN3: 43671 | NO3: 43672 | NP3: 43673 | NQ3: 43674 | NR3: 43675 | NS3: 43676 | NT3: 43677 | NU3: 43678 | NV3: 43679 | NW3: 43680 | NX3: 43681 | NY3: 43682 | NZ3: 43683 | OA3: 43684 | OB3: 43685 | OC3: 43686 | OD3: 43687 | OE3: 43688 | OF3: 43689 | OG3: 43690 | OH3: 43691 | OI3: 43692 | OJ3: 43693 | OK3: 43694 | OL3: 43695 | OM3: 43696 | ON3: 43697 | OO3: 43698 | OP3: 43699 | OQ3: 43700 | OR3: 43701 | OS3: 43702 | OT3: 43703 | OU3: 43704 | OV3: 43705 | OW3: 43706 | OX3: 43707 | OY3: 43708 | OZ3: 43709 | PA3: 43710 | PB3: 43711 | PC3: 43712 | PD3: 43713 | PE3: 43714 | PF3: 43715 | PG3: 43716 | PH3: 43717 | PI3: 43718 | PJ3: 43719 | PK3: 43720 | PL3: 43721 | PM3: 43722 | PN3: 43723 | PO3: 43724 | PP3: 43725 | PQ3: 43726 | PR3: 43727 | PS3: 43728 | PT3: 43729 | PU3: 43730 | PV3: 43731 | PW3: 43732 | PX3: 43733 | PY3: 43734 | PZ3: 43735 | QA3: 43736 | QB3: 43737 | QC3: 43738 | QD3: 43739 | QE3: 43740 | QF3: 43741 | QG3: 43742 | QH3: 43743 | QI3: 43744 | QJ3: 43745 | QK3: 43746 | QL3: 43747 | QM3: 43748 | QN3: 43749 | QO3: 43750 | QP3: 43751 | QQ3: 43752 | QR3: 43753 | QS3: 43754 | QT3: 43755 | QU3: 43756 | QV3: 43757 | QW3: 43758 | QX3: 43759 | QY3: 43760 | QZ3: 43761 | RA3: 43762 | RB3: 43763 | RC3: 43764 | RD3: 43765 | RE3: 43766 | RF3: 43767 | RG3: 43768 | RH3: 43769 | RI3: 43770 | RJ3: 43771 | RK3: 43772 | RL3: 43773 | RM3: 43774 | RN3: 43775 | RO3: 43776 | RP3: 43777 | RQ3: 43778 | RR3: 43779 | RS3: 43780 | RT3: 43781 | RU3: 43782 | RV3: 43783 | RW3: 43784 | RX3: 43785 | RY3: 43786 | RZ3: 43787 | SA3: 43788 | SB3: 43789 | SC3: 43790 | SD3: 43791 | SE3: 43792 | SF3: 43793 | SG3: 43794 | SH3: 43795 | SI3: 43796 | SJ3: 43797 | SK3: 43798 | SL3: 43799 | SM3: 43800 | SN3: 43801 | SO3: 43802 | SP3: 43803 | SQ3: 43804 | SR3: 43805 | SS3: 43806 | ST3: 43807 | SU3: 43808 | SV3: 43809 | SW3: 43810 | SX3: 43811 | SY3: 43812 | SZ3: 43813 | TA3: 43814 | TB3: 43815 | TC3: 43816 | TD3: 43817 | TE3: 43818 | TF3: 43819 | TG3: 43820 | TH3: 43821 | TI3: 43822 | TJ3: 43823 | TK3: 43824 | TL3: 43825 | TM3: 43826 | TN3: 43827 | TO3: 43828 | TP3: 43829 | TQ3: 43830
C4: CONTRATAR LA CONSTRUCCION DE TERMINAL Y EL MANTENIMIENTO DE PISTA, CALLES DE RODAJE, PLATAFORMA, ZONAS DE SEGURIDAD Y TERMINAL EXISTENTE DEL AEROPUERTO EL EDÉN DE ARMENIA. | D4: =SUM(D5:D9) -> 5.3186647e+10 | E4: =SUM(E5:E9) -> 1 | F4: =SUM(F5:F9) -> 3403018.9 | G4: =SUM(G5:G9) -> 3403018.9 | H4: =SUM(H5:H9) -> 0 | I4: =SUM(I5:I9) -> 2201953.4 | J4: =SUM(J5:J9) -> 0 | K4: =SUM(K5:K9) -> 3403018.9 | ... SL4: =SUM(SL5:SL9) -> 70368293
C5: CONSTRUCCION DE TERMINAL | D5: =SUM(F5:SL5)+1 -> 3.670144e+10 | E5: =D5/$D$4 -> 0.69004989 | F5: 3403018.9 | G5: 3403018.9 | I5: 2201953.4 | K5: 3403018.9 | L5: 3403018.9 | M5: 3403018.9 | N5: 3403018.9 | O5: 3403018.9 | P5: 2201953.4 | R5: 3403018.9 | S5: 3403018.9 | T5: 3403018.9 | U5: 3403018.9 | CE5: 7155967.3 | CF5: 6383323.7 | CG5: 4863964.2 | CH5: 3147270.9 | CJ5: 4863964.2 | CK5: 4863964.2 | CL5: 4863964.2 | CM5: 4863964.2 | CN5: 4863964.2 | CO5: 3147270.9 | CR5: 4863964.2 | CS5: 4863964.2 | CT5: 4863964.2 | CU5: 4863964.2 | CV5: 3147270.9 | CX5: 4863964.2 | CY5: 4863964.2 | CZ5: 4863964.2 | DA5: 4863964.2 | DB5: 4863964.2 | DC5: 3147270.9 | DE5: 4863964.2 | DF5: 4863964.2 | DG5: 4863964.2 | DH5: 4863964.2 | DI5: 4863964.2 | DJ5: 3147270.9 | DM5: 4863964.2 | DN5: 4863964.2 | DO5: 4863964.2 | DP5: 4339902 | DQ5: 2808171.9 | DT5: 3509156.3 | DU5: 3331139.3 | DV5: 3331139.3 | DW5: 3331139.3 | DX5: 2155443.1 | DZ5: 3331139.3 | EA5: 3331139.3 | EB5: 3331139.3 | EC5: 3331139.3 | ED5: 3331139.3 | EE5: 2155443.1 | EG5: 3331139.3 | EH5: 3331139.3 | EI5: 622966.83 | EJ5: 42644.15 | EK5: 42644.15 | EL5: 27593.28 | EN5: 42644.15 | EO5: 42644.15 | EP5: 42644.15 | EQ5: 42644.15 | ER5: 42644.15 | EU5: 42644.15 | EV5: 42644.15 | EW5: 58306.38 | EX5: 175773.12 | EY5: 175773.12 | EZ5: 113735.55 | FB5: 175773.12 | FC5: 175773.12 | FD5: 175773.12 | FE5: 175773.12 | FF5: 175773.12 | FG5: 113735.55 | FI5: 175773.12 | FU5: 113735.55 | FX5: 175773.12 | FY5: 175773.12 | FZ5: 175773.12 | GA5: 175773.12 | GB5: 113735.55 | GD5: 175773.12 | GE5: 175773.12 | GF5: 175773.12 | GG5: 175773.12 | GH5: 175773.12 | GI5: 113735.55 | GK5: 175773.12 | GL5: 175773.12 | GM5: 175773.12 | GN5: 175773.12 | GO5: 175773.12 | GP5: 113735.55 | GR5: 175773.12 | GS5: 175773.12 | GT5: 736249.07 | GU5: 908703.21 | GV5: 908703.21 | GW5: 587984.43 | GY5: 908703.21 | GZ5: 908703.21 | HA5: 908703.21 | HB5: 908703.21 | HC5: 908703.21 | HD5: 587984.43 | HF5: 11164161 | HG5: 16758047 | HH5: 16758047 | HI5: 16758047 | HJ5: 16755539 | HK5: 10815849 | HM5: 16715403 | HN5: 16715403 | HO5: 16715403 | HP5: 16715403 | HQ5: 20123655 | HR5: 13315234 | HT5: 20578088 | HU5: 20578088 | HV5: 20578088 | HW5: 29751439 | HX5: 31717157 | HY5: 20522866 | IA5: 31717157 | IB5: 31717157 | IC5: 31717157 | ID5: 31717157 | IE5: 31717157 | IF5: 20522866 | IH5: 31717157 | II5: 40315041 | IJ5: 43897493 | IK5: 43897493 | IL5: 43897493 | IM5: 28404260 | IO5: 46743719 | IP5: 48296206 | IQ5: 48296206 | IR5: 48296206 | IS5: 48296206 | IT5: 31250486 | IW5: 48296206 | IX5: 48296206 | IY5: 48296206 | IZ5: 48296206 | JA5: 38467416 | JC5: 61928185 | JD5: 61928185 | JE5: 61928185 | JF5: 75010827 | JG5: 77814250 | JH5: 50350397 | JJ5: 77814250 | JK5: 81816616 | JL5: 86319278 | JM5: 86217473 | JN5: 86186149 | JO5: 55767508 | JQ5: 86186149 | JR5: 87959132 | JS5: 88697875 | JT5: 26574687 | JU5: 26574687 | JV5: 57430453 | JX5: 97179268 | JY5: 1.017472e+08 | JZ5: 1.017472e+08 | KA5: 1.017472e+08 | KB5: 1.017472e+08 | KC5: 65836426 | KE5: 1.017472e+08 | KF5: 1.017472e+08 | KG5: 38994130 | KH5: 1.017472e+08 | KI5: 1.197934e+08 | KJ5: 79070305 | KL5: 1.2219956e+08 | KM5: 1.2219956e+08 | KN5: 1.253256e+08 | KO5: 1.3304803e+08 | KP5: 1.3304803e+08 | KQ5: 86089900 | KS5: 1.3311981e+08 | KT5: 1.3435868e+08 | KU5: 1.3976325e+08 | KV5: 1.3976325e+08 | KW5: 1.3976325e+08 | KX5: 90435047 | KZ5: 1.4000262e+08 | LA5: 1.4034457e+08 | LB5: 1.4034457e+08 | LC5: 1.4034457e+08 | LD5: 1.4034457e+08 | LE5: 91160915 | LG5: 1.4628973e+08 | LH5: 1.4628973e+08 | LI5: 1.4628973e+08 | LJ5: 1.4628973e+08 | LK5: 1.5312298e+08 | LL5: 1.0718567e+08 | LN5: 94323306 | LO5: 1.6565059e+08 | LP5: 1.7583235e+08 | LQ5: 1.7672539e+08 | LR5: 1.7165394e+08 | LS5: 1.1063266e+08 | LU5: 1.7097774e+08 | LV5: 1.7828871e+08 | LW5: 1.7985534e+08 | LX5: 1.7893123e+08 | LY5: 1.7810979e+08 | LZ5: 1.1524751e+08 | MB5: 1.7810979e+08 | MC5: 1.7810979e+08 | MD5: 1.6867933e+08 | ME5: 1.6585319e+08 | MF5: 1.676855e+08 | MG5: 1.1038581e+08 | MI5: 87498542 | MJ5: 1.6346856e+08 | MK5: 1.6509179e+08 | ML5: 1.6464486e+08 | MM5: 1.659581e+08 | MN5: 1.0360821e+08 | MP5: 69641503 | MQ5: 1.518745e+08 | MR5: 1.4794306e+08 | MS5: 1.4073543e+08 | MT5: 1.3390219e+08 | MU5: 78536489 | MW5: 1.2137457e+08 | MX5: 1.2024758e+08 | MY5: 1.2099976e+08 | MZ5: 1.2019097e+08 | NA5: 1.168241e+08 | NB5: 75592065 | ND5: 1.1395814e+08 | NE5: 1.0347884e+08 | NF5: 1.0340604e+08 | NG5: 1.0211987e+08 | NH5: 1.0184426e+08 | NI5: 64217868 | NK5: 94172186 | NL5: 94743149 | NM5: 94743149 | NN5: 94743149 | NO5: 94187155 | NP5: 59265748 | NR5: 91592519 | NS5: 81712878 | NT5: 77596361 | NU5: 77596361 | NV5: 77596361 | NW5: 50209410 | NY5: 77596361 | NZ5: 77542525 | OA5: 30236652 | OB5: 90906286 | OC5: 94434839 | OD5: 61830066 | OF5: 95327218 | OG5: 95327218 | OH5: 92637678 | OI5: 86182780 | OJ5: 84189131 | OK5: 54303319 | OM5: 34286149 | ON5: 89628692 | OO5: 95630573 | OP5: 1.0014381e+08 | OQ5: 1.0739109e+08 | OR5: 71349303 | OT5: 1.1026711e+08 | OU5: 1.0799425e+08 | OV5: 91178021 | OW5: 89267380 | OX5: 89267380 | OY5: 57772982 | PA5: 90049120 | PB5: 90886890 | PC5: 90539211 | PD5: 84796980 | PE5: 96017785 | PF5: 64785693 | PH5: 98840636 | PI5: 98594690 | PJ5: 98594690 | PK5: 98912099 | PL5: 98916289 | PM5: 66092411 | PO5: 1.0154833e+08 | PP5: 98858732 | PQ5: 1.0848272e+08 | PR5: 1.1788602e+08 | PS5: 1.2494336e+08 | PT5: 78027188 | PV5: 1.203487e+08 | PW5: 1.4851766e+08 | PX5: 1.7467591e+08 | PY5: 2.1017722e+08 | PZ5: 2.1586855e+08 | QA5: 1.3967965e+08 | QC5: 2.2671918e+08 | QD5: 2.6123241e+08 | QE5: 3.0618952e+08 | QF5: 3.1104992e+08 | QG5: 3.1104992e+08 | QH5: 2.012676e+08 | QJ5: 3.1491638e+08 | QK5: 3.280455e+08 | QL5: 3.2893936e+08 | QM5: 3.2857315e+08 | QN5: 3.2864454e+08 | QO5: 2.1846179e+08 | QQ5: 73345019 | QR5: 3.7301855e+08 | QS5: 3.636674e+08 | QT5: 3.5488458e+08 | QU5: 3.5532853e+08 | QV5: 2.3066236e+08 | QX5: 3.672826e+08 | QY5: 3.7053016e+08 | QZ5: 3.7053887e+08 | RA5: 3.7063627e+08 | RB5: 3.8463421e+08 | RC5: 2.5011205e+08 | RE5: 3.865368e+08 | RF5: 3.788145e+08 | RG5: 3.7965723e+08 | RH5: 3.865614e+08 | RI5: 3.9942752e+08 | RJ5: 2.7094305e+08 | RL5: 1.2342119e+08 | RM5: 4.2488364e+08 | RN5: 4.3837857e+08 | RO5: 4.4396073e+08 | RP5: 4.4398946e+08 | RQ5: 2.8749763e+08 | RS5: 1.5415834e+08 | RT5: 4.4476658e+08 | RU5: 4.4967568e+08 | RV5: 4.738598e+08 | RW5: 4.7676748e+08 | RX5: 3.1382373e+08 | RZ5: 4.864013e+08 | SA5: 5.0141464e+08 | SB5: 5.065856e+08 | SC5: 4.9208492e+08 | SD5: 4.8261587e+08 | SE5: 3.037568e+08 | SG5: 4.3830575e+08 | SH5: 3.7837171e+08 | SI5: 2.5836067e+08 | SJ5: 2.3215234e+08 | SK5: 1.7370349e+08 | SL5: =70368302.53-9.23001861572265 -> 70368293
C6: MANTENIMIENTO DE TERMINAL | D6: =SUM(F6:SL6)+1 -> 2.9350666e+08 | E6: =D6/$D$4 -> 0.0055184276 | OR6: 771827.75 | OT6: 1312107.2 | OU6: 1312107.2 | OV6: 1312107.2 | OW6: 1312107.2 | OX6: 1312107.2 | OY6: 849010.53 | PA6: 1312107.2 | PB6: 1312107.2 | PC6: 1312107.2 | PD6: 1312107.2 | PE6: 1312107.2 | PF6: 849010.53 | PH6: 1312107.2 | PI6: 1312107.2 | PJ6: 2583208.5 | PK6: 2974316.5 | PL6: 2974316.5 | PM6: 1924557.8 | PO6: 2974316.5 | PP6: 2974316.5 | PQ6: 2974316.5 | PR6: 2974316.5 | PS6: 2974316.5 | PT6: 1924557.8 | PV6: 2974316.5 | PW6: 2974316.5 | PX6: 2974316.5 | PY6: 2974316.5 | PZ6: 2974316.5 | QA6: 4712562 | QC6: 7713923.7 | QD6: 7713923.7 | QE6: 7713923.7 | QF6: 7713923.7 | QG6: 7746991.9 | QH6: 5015612.4 | QJ6: 7751401 | QK6: 7751401 | QL6: 7751401 | QM6: 8231841.8 | QN6: 8334793.5 | QO6: 5393101.7 | QR6: 8334793.5 | QS6: 8334793.5 | QT6: 7063692.2 | QU6: 6672584.1 | QV6: 4317554.4 | QX6: 6672584.1 | QY6: 6672584.1 | QZ6: 6672584.1 | RA6: 6672584.1 | RB6: 6672584.1 | RC6: 4317554.4 | RE6: 6672584.1 | RF6: 6648334 | RG6: 6635106.8 | RH6: 6635106.8 | RI6: 6635106.8 | RJ6: 4293304.4 | RM6: 4142113.2 | RN6: 2397017.7 | RO6: 2397017.7 | RP6: 2397017.7 | RQ6: 1551011.5 | RT6: 1716270.1 | RU6: 1111161.1 | RV6: 1111161.1 | RW6: 1111161.1 | RX6: 718986.57 | RZ6: 1111161.1 | SA6: 1111161.1 | SB6: 1111161.1 | SC6: 1111161.1 | SD6: 1111161.1 | SE6: 718986.57 | SG6: 1111161.1 | SH6: 1111161.1 | SI6: 1111161.1 | SJ6: 1111161.1 | SK6: 326812.08
C7: MANTENIMIENTO CALLES DE RODAJE | D7: =SUM(F7:SL7)+1 -> 1.4925148e+09 | E7: =D7/$D$4 -> 0.028061833 | IO7: 4855814 | IP7: 7504439.8 | IQ7: 7504439.8 | IR7: 7504439.8 | IS7: 7504439.8 | IT7: 4855814 | IW7: 7504439.8 | IX7: 7504439.8 | IY7: 7504439.8 | IZ7: 7504439.8 | JA7: 4855814 | JC7: 7504439.8 | JD7: 7504439.8 | JE7: 7504439.8 | JF7: 7504439.8 | JG7: 6418951 | JH7: 4002930 | JJ7: 6186346.3 | JK7: 6186346.3 | JL7: 6186346.3 | JM7: 12409425 | JN7: 14324219 | JO7: 9268612.3 | JQ7: 14324219 | JR7: 14324219 | JS7: 14324219 | JT7: 14029649 | JU7: 14029649 | JV7: 9268612.3 | JX7: 14324219 | JY7: 14324219 | JZ7: 14324219 | KA7: 14324219 | KB7: 14324219 | KC7: 9268612.3 | KE7: 14324219 | KF7: 14324219 | KG7: 14029649 | KH7: 14324219 | KI7: 14324219 | KJ7: 9268612.3 | KL7: 14324219 | KM7: 14324219 | KN7: 14324219 | KO7: 14324219 | KP7: 14324219 | KQ7: 9268612.3 | KS7: 14324219 | KT7: 14324219 | KU7: 14324219 | KV7: 3595663.6 | KW7: 294569.63 | KX7: 190603.88 | KZ7: 173276.25 | NU7: 4244468.3 | NV7: 10307994 | NW7: 6669878.7 | NY7: 10307994 | NZ7: 10307994 | OB7: 10307994 | OC7: 10307994 | OD7: 6669878.7 | OF7: 10307994 | OG7: 10307994 | OH7: 10307994 | OI7: 10307994 | OJ7: 10307994 | OK7: 6669878.7 | ON7: 10307994 | OO7: 10307994 | OP7: 10307994 | OQ7: 10307994 | OR7: 6669878.7 | OT7: 10307994 | OU7: 10307994 | OV7: 10307994 | OW7: 10307994 | OX7: 10307994 | OY7: 6669878.7 | PA7: 10307994 | PB7: 10307994 | PC7: 10307994 | PD7: 10307994 | PE7: 10307994 | PF7: 6669878.7 | PH7: 10307994 | PI7: 10307994 | PJ7: 10307994 | PK7: 10307994 | PL7: 10307994 | PM7: 6669878.7 | PO7: 10307994 | PP7: 10307994 | PQ7: 10307994 | PR7: 18209564 | PS7: 37173330 | PT7: 24053331 | PV7: 37173330 | PW7: 37173330 | PX7: 37173330 | PY7: 37173330 | PZ7: 37173330 | QA7: 24053331 | QC7: 37173330 | QD7: 37173330 | QE7: 37173330 | QF7: 37173330 | QG7: 37173330 | QH7: 24053331 | QJ7: 32967262 | QK7: 1421745 | QL7: 1421745 | QM7: 1421745 | QN7: 1421745 | QO7: 919952.66 | QR7: 1421745 | QS7: 1421745 | QT7: 1421745 | QU7: 1421745 | QV7: 919952.66 | QX7: 1421745 | QY7: 1421745 | QZ7: 1421745 | RA7: 1421745 | RB7: 1421745 | RC7: 919952.66 | RE7: 1421745 | RF7: 1421745 | RG7: 1421745 | RH7: 1421745 | RI7: 1421745 | RJ7: 919952.66 | RM7: 1421745 | RN7: 1421745 | RO7: 1421745 | RP7: 1421745 | RQ7: 919952.66 | RT7: 1421745 | RU7: 1421745 | RV7: 1254480.9
C8: MANTENIMIENTO DE PISTA | D8: =SUM(F8:SL8)+1 -> 1.2245973e+10 | E8: =D8/$D$4 -> 0.23024526 | DM8: 2511753.6 | DN8: 2846654.1 | DO8: 3086706.1 | DP8: 3086706.1 | DQ8: 1997280.4 | DT8: 3086706.1 | DU8: 3086706.1 | DV8: 3086706.1 | DW8: 3086706.1 | DX8: 1997280.4 | DZ8: 3086706.1 | EA8: 3086706.1 | EB8: 3086706.1 | EC8: 3086706.1 | ED8: 8009329.9 | EE8: 56146143 | EG8: 86771311 | EH8: 86771311 | EI8: 86771311 | EJ8: 86771311 | EK8: 88919834 | EL8: 57536363 | EN8: 88919834 | EO8: 88919834 | EP8: 88919834 | EQ8: 88919834 | ER8: 88919834 | EU8: 88919834 | EV8: 88919834 | EW8: 88919834 | EX8: 88919834 | EY8: 88919834 | EZ8: 57536363 | FB8: 88919834 | FC8: 88919834 | FD8: 88919834 | FE8: 88919834 | FF8: 88919834 | FG8: 57536363 | FI8: 88919834 | FU8: 57536363 | FX8: 88919834 | FY8: 88919834 | FZ8: 88919834 | GA8: 88752384 | GB8: 55694411 | GD8: 86073180 | GE8: 86073180 | GF8: 86073180 | GG8: 86073180 | GH8: 86073180 | GI8: 55694411 | GK8: 86073180 | GL8: 86073180 | GM8: 86073180 | GN8: 86073180 | GO8: 86073180 | GP8: 55694411 | GR8: 86073180 | GS8: 86073180 | GT8: 86073180 | GU8: 86073180 | GV8: 86073180 | GW8: 55694411 | GY8: 86073180 | GZ8: 86073180 | HA8: 86073180 | HB8: 86073180 | HC8: 86073180 | HD8: 55694411 | HF8: 86073180 | HG8: 86073180 | HH8: 86073180 | HI8: 86073180 | HJ8: 86073180 | HK8: 55694411 | HM8: 86073180 | HN8: 86073180 | HO8: 86073180 | HP8: 86073180 | HQ8: 86073180 | HR8: 55694411 | HT8: 86073180 | HU8: 86073180 | HV8: 86073180 | HW8: 86073180 | HX8: 86073180 | HY8: 55694411 | IA8: 86073180 | IB8: 86073180 | IC8: 86073180 | ID8: 86073180 | IE8: 86073180 | IF8: 55694411 | IH8: 86073180 | II8: 86073180 | IJ8: 86073180 | IK8: 86073180 | IL8: 86073180 | IM8: 55694411 | IO8: 86073180 | IP8: 86073180 | IQ8: 85861369 | IR8: 85833128 | IS8: 85833128 | IT8: 55539083 | IW8: 85833128 | IX8: 85833128 | IY8: 85833128 | IZ8: 85833128 | JA8: 55539083 | JC8: 85833128 | JD8: 85833128 | JE8: 85833128 | JF8: 85833128 | JG8: 85833128 | JH8: 55539083 | JJ8: 85833128 | JK8: 85833128 | JL8: 85833128 | JM8: 85833128 | JN8: 85833128 | JO8: 55539083 | JQ8: 85833128 | JR8: 85833128 | JS8: 85833128 | JV8: 55539083 | JX8: 85833128 | JY8: 85833128 | JZ8: 85833128 | KA8: 85833128 | KB8: 85833128 | KC8: 55539083 | KE8: 85833128 | KF8: 85833128 | KH8: 84199235 | KI8: 83518447 | KJ8: 54041348 | KL8: 83518447 | KM8: 83518447 | KN8: 83518447 | KO8: 83518447 | KP8: 83518447 | KQ8: 54041348 | KS8: 83518447 | KT8: 83518447 | KU8: 83518447 | KV8: 83518447 | KW8: 83518447 | KX8: 54041348 | KZ8: 83518447 | LA8: 83518447 | LB8: 83518447 | LC8: 83518447 | LD8: 83518447 | LE8: 54041348 | LG8: 83518447 | LH8: 83518447 | LI8: 83518447 | LJ8: 83518447 | LK8: 83518447 | LL8: 54041348 | LO8: 83518447 | LP8: 83518447 | LQ8: 83518447 | LR8: 26080853 | LS8: 1390220.7 | LU8: 2148522.8 | LV8: 2148522.8 | LW8: 2148522.8 | LX8: 2148522.8 | LY8: 2148522.8 | LZ8: 1390220.7 | MB8: 2148522.8 | MC8: 2148522.8 | MD8: 2148522.8 | ME8: 2148522.8 | MF8: 2148522.8 | MG8: 1390220.7 | MJ8: 2148522.8 | MK8: 2148522.8 | ML8: 2148522.8 | MM8: 2148522.8 | MN8: 1390220.7 | MQ8: 2148522.8 | MR8: 2148522.8 | MS8: 2148522.8 | MT8: 2148522.8 | MU8: 1390220.7 | MW8: 2148522.8 | MX8: 2148522.8 | MY8: 2148522.8 | MZ8: 2148522.8 | NA8: 2148522.8 | NB8: 1390220.7 | ND8: 1390220.7
C9: MANTENIMIENTO DE PLATAFORMA | D9: =SUM(F9:SL9)+1 -> 2.4532122e+09 | E9: =D9/$D$4 -> 0.046124589 | IO9: 255188.78 | IP9: 394382.66 | IQ9: 394382.66 | IR9: 394382.66 | IS9: 394382.66 | IT9: 662536.05 | IV9: 692490.36 | IW9: 1086873 | IX9: 1086873 | IY9: 1086873 | IZ9: 15416872 | JA9: 11211937 | JC9: 17327539 | JD9: 17327539 | JE9: 17327539 | JF9: 17327539 | JG9: 17327539 | JH9: 11211937 | JJ9: 17327539 | JK9: 17327539 | JL9: 17327539 | JM9: 17327539 | JN9: 17327539 | JO9: 11211937 | JQ9: 17327539 | JR9: 17327539 | JS9: 17327539 | JT9: 16933156 | JU9: 16933156 | JV9: 11211937 | JX9: 17327539 | JY9: 17327539 | JZ9: 17327539 | KA9: 17327539 | KB9: 17327539 | KC9: 10804590 | KE9: 16635049 | KF9: 16635049 | KG9: 16240666 | KH9: 16635049 | KI9: 2305049.2 | KJ9: 255188.78 | KL9: 394382.66 | KM9: 394382.66 | KN9: 394382.66 | KO9: 394382.66 | KP9: 394382.66 | KQ9: 255188.78 | KS9: 394382.66 | KT9: 394382.66 | KU9: 394382.66 | KV9: 394382.66 | KW9: 394382.66 | KX9: 255188.78 | KZ9: 394382.66 | LA9: 394382.66 | LB9: 394382.66 | LC9: 394382.66 | LD9: 394382.66 | LE9: 255188.78 | LG9: 394382.66 | LH9: 394382.66 | LI9: 394382.66 | LJ9: 394382.66 | LK9: 139193.88 | NT9: 698667.28 | NU9: 989778.65 | NV9: 989778.65 | NW9: 640445.01 | NY9: 989778.65 | NZ9: 989778.65 | OA9: 989778.65 | OB9: 989778.65 | OC9: 989778.65 | OD9: 640445.01 | OF9: 18020320 | OG9: 29941699 | OH9: 29941699 | OI9: 29941699 | OJ9: 29941699 | OK9: 19374040 | OM9: 29941699 | ON9: 29941699 | OO9: 29941699 | OP9: 29941699 | OQ9: 29941699 | OR9: 19374040 | OT9: 29941699 | OU9: 29941699 | OV9: 29941699 | OW9: 29941699 | OX9: 29941699 | OY9: 19768737 | PA9: 30900247 | PB9: 30900247 | PC9: 30900247 | PD9: 30900247 | PE9: 30900247 | PF9: 19994278 | PH9: 30900247 | PI9: 30900247 | PJ9: 30900247 | PK9: 30900247 | PL9: 30900247 | PM9: 19994278 | PO9: 30900247 | PP9: 30900247 | PQ9: 30900247 | PR9: 30900247 | PS9: 30900247 | PT9: 19994278 | PV9: 30900247 | PW9: 30900247 | PX9: 30900247 | PY9: 30900247 | PZ9: 30900247 | QA9: 19994278 | QC9: 30900247 | QD9: 30900247 | QE9: 36179364 | QF9: 37803708 | QG9: 37803708 | QH9: 24582183 | QJ9: 38097467 | QK9: 38097467 | QL9: 38097467 | QM9: 38097467 | QN9: 38097467 | QO9: 24651302 | QQ9: 29941699 | QR9: 37457022 | QS9: 37107689 | QT9: 37107689 | QU9: 37107689 | QV9: 24010857 | QX9: 20077148 | QY9: 8155768.8 | QZ9: 8155768.8 | RA9: 8155768.8 | RB9: 8155768.8 | RC9: 5277262.2 | RE9: 8155768.8 | RF9: 8155768.8 | RG9: 8155768.8 | RH9: 8155768.8 | RI9: 8155768.8 | RJ9: 5277262.2 | RM9: 8155768.8 | RN9: 8155768.8 | RO9: 8155768.8 | RP9: 2876652.2 | RQ9: 810317.38 | RT9: 1252308.7 | RU9: 736652.17
D11: ACUMULADO $ | F11: =+F4 -> 3403018.9 | G11: =+F11+G4 -> 6806037.9 | H11: =+G11+H4 -> 6806037.9 | I11: =+H11+I4 -> 9007991.3 | J11: =+I11+J4 -> 9007991.3 | K11: =+J11+K4 -> 12411010 | L11: =+K11+L4 -> 15814029 | M11: =+L11+M4 -> 19217048 | N11: =+M11+N4 -> 22620067 | ... SL11: =+SK11+SL4 -> 5.3186647e+10
D12: % ACUMULADO | F12: =+F11/$D$4 -> 6.3982581e-05 | G12: =+G11/$D$4 -> 0.00012796516 | H12: =+H11/$D$4 -> 0.00012796516 | I12: =+I11/$D$4 -> 0.00016936565 | J12: =+J11/$D$4 -> 0.00016936565 | K12: =+K11/$D$4 -> 0.00023334824 | L12: =+L11/$D$4 -> 0.00029733082 | M12: =+M11/$D$4 -> 0.0003613134 | ... SL12: =+SL11/$D$4 -> 1
D14: =D15+380000000 -> 3.708144e+10 | F14: 43282 | T14: 43313 | AY14: 43344 | CC14: 43374 | DH14: 43405 | EL14: 43435 | FQ14: 43466 | GV14: 43497 | HX14: 43525 | JC14: 43556 | KG14: 43586 | LL14: 43617 | MP14: 43647 | NU14: 43678 | OZ14: 43709 | QD14: 43739 | RI14: 43770
C15: CONSTRUCCION DE TERMINAL | D15: =D5 -> 3.670144e+10 | E15: =D14/$D$23 -> 0.69224867 | F15: =SUM(F5:S5) -> 35031077 | T15: =SUM(T5:AX5) -> 6806037.9 | AY15: =SUM(AY5:CB5) -> 0 | CC15: =SUM(CC5:DG5) -> 1.1367973e+08 | DH15: =SUM(DH5:EK5) -> 76454856 | EL15: =SUM(EL5:FP5) -> 2018064.8 | FQ15: =SUM(FQ5:GU5) -> 4912264.4 | GV15: =SUM(GV5:HW5) -> 2.8742408e+08 | HX15: =SUM(HX5:JB5) -> 9.6630888e+08 | JC15: =SUM(JC5:KF5) -> 2010003197 | KG15: =SUM(KG5:LK5) -> 3.3695427e+09 | LL15: =SUM(LL5:MO5) -> 3.8225077e+09 | MP15: =SUM(MP5:NT5) -> 2.7696435e+09 | NU15: =SUM(NU5:OY5) -> 2.1900929e+09 | NW15: =SUM(NR5:NW5) -> 4.5630389e+08 | OD15: =SUM(NY5:OD5) -> 4.3254673e+08 | OK15: =SUM(OF5:OK5) -> 5.0796734e+08 | OR15: =SUM(OM5:OR5) -> 4.9842962e+08 | OX15: =SUM(OT5:OY5) -> 5.4574712e+08 | OZ15: =SUM(OZ5:QC5) -> 2.9427597e+09 | PF15: =SUM(PB5:PG5) -> 4.2702656e+08 | PM15: =SUM(PH5:PM5) -> 5.5995082e+08 | PT15: =SUM(PO5:PT5) -> 6.2974634e+08 | QA15: =SUM(PV5:QA5) -> 1.0092677e+09 | QD15: =SUM(QD5:RH5) -> 8.6345806e+09 | QH15: =SUM(QC5:QH5) -> 1.6175086e+09 | QO15: =SUM(QJ5:QO5) -> 1.8475807e+09 | QV15: =SUM(QQ5:QV5) -> 1.7509064e+09 | RC15: =SUM(QX5:RC5) -> 2.1137342e+09 | RI15: =SUM(RI5:SK5) -> 9.3993065e+09 | RJ15: =SUM(RE5:RJ5) -> 2.2019405e+09 | RQ15: =SUM(RL5:RQ5) -> 2.1621312e+09 | RX15: =SUM(RS5:RX5) -> 2.3130516e+09 | SE15: =SUM(RZ5:SE5) -> 2.7728591e+09 | SL15: =SUM(SG5:SL5) -> 1.5512623e+09
C16: MANTENIMIENTO DE TERMINAL | D16: =D6 -> 2.9350666e+08 | E16: =D16/$D$23 -> 0.0054792801 | F16: =SUM(F6:S6) -> 0 | T16: =SUM(T6:AX6) -> 0 | AY16: =SUM(AY6:CB6) -> 0 | CC16: =SUM(CC6:DG6) -> 0 | DH16: =SUM(DH6:EK6) -> 0 | EL16: =SUM(EL6:FP6) -> 0 | FQ16: =SUM(FQ6:GU6) -> 0 | GV16: =SUM(GV6:HW6) -> 0 | HX16: =SUM(HX6:JB6) -> 0 | JC16: =SUM(JC6:KF6) -> 0 | KG16: =SUM(KG6:LK6) -> 0 | LL16: =SUM(LL6:MO6) -> 0 | MP16: =SUM(MP6:NT6) -> 0 | NU16: =SUM(NU6:OY6) -> 8181374.2 | NW16: =SUM(NR6:NW6) -> 0 | NX16: =NW15+NW16 -> 4.5630389e+08 | OD16: =SUM(NY6:OD6) -> 0 | OE16: =OD15+OD16 -> 4.3254673e+08 | OF16: =OE16/$D22 -> 0.0081326189 | OK16: =SUM(OF6:OK6) -> 0 | OL16: =OK15+OK16 -> 5.0796734e+08 | OM16: =OL16/$D22 -> 0.0095506555 | OR16: =SUM(OM6:OR6) -> 771827.75 | OS16: =OR15+OR16 -> 4.9920145e+08 | OT16: =OS16/$D22 -> 0.0093858417 | OX16: =SUM(OT6:OY6) -> 7409546.4 | OY16: =OX15+OX16 -> 5.5315667e+08 | OZ16: =SUM(OZ6:QC6) -> 64584369 | PE16: lado tierra | PF16: =SUM(PB6:PG6) -> 6097439.2 | PG16: =PF15+PF16 -> 4.33124e+08 | PH16: =PG16/$D22 -> 0.0081434725 | PL16: lado tierra | PM16: =SUM(PH6:PM6) -> 13080614 | PN16: =PM15+PM16 -> 5.7303143e+08 | PO16: =PN16/$D22 -> 0.010773972 | PS16: lado tierra | PT16: =SUM(PO6:PT6) -> 16796141 | PU16: =PT15+PT16 -> 6.4654248e+08 | PV16: =PU16/$D22 -> 0.012156105 | PZ16: lado tierra | QA16: =SUM(PV6:QA6) -> 19584145 | QB16: =QA15+QA16 -> 1.0288518e+09 | QC16: =QB16/$D22 -> 0.019344175 | QD16: =SUM(QD6:RH6) -> 1.8011334e+08 | QG16: lado tierra | QH16: =SUM(QC6:QH6) -> 43618299 | QI16: =QH15+QH16 -> 1.6611269e+09 | QJ16: =QI16/$D22 -> 0.031232028 | QN16: lado tierra | QO16: =SUM(QJ6:QO6) -> 45213940 | QP16: =QO15+QO16 -> 1.8927947e+09 | QQ16: =QP16/$D22 -> 0.035587779 | QU16: lado tierra | QV16: =SUM(QQ6:QV6) -> 34723418 | QW16: =QV15+QV16 -> 1.7856299e+09 | QX16: =QW16/$D22 -> 0.033572898 | RB16: lado tierra | RC16: =SUM(QX6:RC6) -> 37680475 | RD16: =RC15+RC16 -> 2.1514146e+09 | RE16: =RD16/$D22 -> 0.040450278 | RI16: =SUM(RI6:SK6) -> 40627577 | RJ16: =SUM(RE6:RJ6) -> 37519543 | RK16: =RJ15+RJ16 -> 2.23946e+09 | RL16: =RK16/$D23 -> 0.041806986 | RQ16: =SUM(RL6:RQ6) -> 12884178 | RR16: =RQ15+RQ16 -> 2.1750154e+09 | RS16: =RR16/$D23 -> 0.040603912 | RX16: =SUM(RS6:RX6) -> 5768739.8 | RY16: =RX15+RX16 -> 2.3188203e+09 | RZ16: =RY16/$D23 -> 0.04328851 | SE16: =SUM(RZ6:SE6) -> 6274791.9 | SF16: =SE15+SE16 -> 2.7791339e+09 | SG16: =SF16/$D23 -> 0.051881797 | SL16: =SUM(SG6:SL6) -> 4771456.3 | SM16: =SL15+SL16 -> 1.5560337e+09 | SN16: =SM16/$D23 -> 0.029048555
C17: MANTENIMIENTO CALLES DE RODAJE | D17: =D7 -> 1.4925148e+09 | E17: =D17/$D$23 -> 0.027862763 | F17: =SUM(F7:S7) -> 0 | T17: =SUM(T7:AX7) -> 0 | AY17: =SUM(AY7:CB7) -> 0 | CC17: =SUM(CC7:DG7) -> 0 | DH17: =SUM(DH7:EK7) -> 0 | EL17: =SUM(EL7:FP7) -> 0 | FQ17: =SUM(FQ7:GU7) -> 0 | GV17: =SUM(GV7:HW7) -> 0 | HX17: =SUM(HX7:JB7) -> 74602961 | JC17: =SUM(JC7:KF7) -> 2.8483965e+08 | KG17: =SUM(KG7:LK7) -> 1.8006318e+08 | LL17: =SUM(LL7:MO7) -> 0 | MP17: =SUM(MP7:NT7) -> 0 | NU17: =SUM(NU7:OY7) -> 2.3344576e+08 | NW17: =SUM(NR7:NW7) -> 21222341 | OD17: =SUM(NY7:OD7) -> 47901856 | OK17: =SUM(OF7:OK7) -> 58209851 | OR17: =SUM(OM7:OR7) -> 47901856 | OX17: =SUM(OT7:OY7) -> 58209851 | OZ17: =SUM(OZ7:QC7) -> 4.7387322e+08 | PF17: =SUM(PB7:PG7) -> 47901856 | PM17: =SUM(PH7:PM7) -> 58209851 | PT17: =SUM(PO7:PT7) -> 1.1036021e+08 | QA17: =SUM(PV7:QA7) -> 2.0991998e+08 | QD17: =SUM(QD7:RH7) -> 2.3264344e+08 | QH17: =SUM(QC7:QH7) -> 2.0991998e+08 | QO17: =SUM(QJ7:QO7) -> 39574194 | QV17: =SUM(QQ7:QV7) -> 6606932.7 | RC17: =SUM(QX7:RC7) -> 8028677.8 | RI17: =SUM(RI7:SK7) -> 13046601 | RJ17: =SUM(RE7:RJ7) -> 8028677.8 | RQ17: =SUM(RL7:RQ7) -> 6606932.7 | RX17: =SUM(RS7:RX7) -> 4097970.9 | RY17: =RY25-RR25 -> 1.1844489e+09 | RZ17: =RY17/$D23 -> 0.022111686 | SE17: =SUM(RZ7:SE7) -> 0 | SL17: =SUM(SG7:SL7) -> 0
C18: MANTENIMIENTO DE PISTA | D18: =D8 -> 1.2245973e+10 | E18: =D18/$D$23 -> 0.2286119 | F18: =SUM(F8:S8) -> 0 | T18: =SUM(T8:AX8) -> 0 | AY18: =SUM(AY8:CB8) -> 0 | CC18: =SUM(CC8:DG8) -> 0 | DH18: =SUM(DH8:EK8) -> 5.4038058e+08 | EL18: =SUM(EL8:FP8) -> 1.5953264e+09 | FQ18: =SUM(FQ8:GU8) -> 1.785156e+09 | GV18: =SUM(GV8:HW8) -> 1.9442412e+09 | HX18: =SUM(HX8:JB8) -> 1.9979729e+09 | JC18: =SUM(JC8:KF8) -> 1.9388189e+09 | KG18: =SUM(KG8:LK8) -> 2.054252e+09 | LL18: =SUM(LL8:MO8) -> 3.6631774e+08 | MP18: =SUM(MP8:NT8) -> 23507368 | NU18: =SUM(NU8:OY8) -> 0 | NW18: =SUM(NR8:NW8) -> 0 | OD18: =SUM(NY8:OD8) -> 0 | OK18: =SUM(OF8:OK8) -> 0 | OR18: =SUM(OM8:OR8) -> 0 | OX18: =SUM(OT8:OY8) -> 0 | OZ18: =SUM(OZ8:QC8) -> 0 | PF18: =SUM(PB8:PG8) -> 0 | PM18: =SUM(PH8:PM8) -> 0 | PT18: =SUM(PO8:PT8) -> 0 | QA18: =SUM(PV8:QA8) -> 0 | QD18: =SUM(QD8:RH8) -> 0 | QH18: =SUM(QC8:QH8) -> 0 | QO18: =SUM(QJ8:QO8) -> 0 | QV18: =SUM(QQ8:QV8) -> 0 | RC18: =SUM(QX8:RC8) -> 0 | RI18: =SUM(RI8:SK8) -> 0 | RJ18: =SUM(RE8:RJ8) -> 0 | RQ18: =SUM(RL8:RQ8) -> 0 | RX18: =SUM(RS8:RX8) -> 0 | SE18: =SUM(RZ8:SE8) -> 0 | SL18: =SUM(SG8:SL8) -> 0
C19: MANTENIMIENTO DE PLATAFORMA | D19: =D9 -> 2.4532122e+09 | E19: =D19/$D$23 -> 0.045797383 | F19: =SUM(F9:S9) -> 0 | T19: =SUM(T9:AX9) -> 0 | AY19: =SUM(AY9:CB9) -> 0 | CC19: =SUM(CC9:DG9) -> 0 | DH19: =SUM(DH9:EK9) -> 0 | EL19: =SUM(EL9:FP9) -> 0 | FQ19: =SUM(FQ9:GU9) -> 0 | GV19: =SUM(GV9:HW9) -> 0 | HX19: =SUM(HX9:JB9) -> 33077174 | JC19: =SUM(JC9:KF9) -> 4.2347251e+08 | KG19: =SUM(KG9:LK9) -> 43833983 | LL19: =SUM(LL9:MO9) -> 0 | MP19: =SUM(MP9:NT9) -> 698667.28 | NU19: =SUM(NU9:OY9) -> 5.0393026e+08 | NW19: =SUM(NR9:NW9) -> 3318669.6 | NX19: =NW17+NW18+NW19 -> 24541011 | OD19: =SUM(NY9:OD9) -> 5589338.3 | OE19: =OD17+OD18+OD19 -> 53491195 | OF19: =OE19/$D22 -> 0.001005726 | OK19: =SUM(OF9:OK9) -> 1.5716116e+08 | OL19: =OK17+OK18+OK19 -> 2.1537101e+08 | OM19: =OL19/$D22 -> 0.0040493435 | OR19: =SUM(OM9:OR9) -> 1.6908253e+08 | OS19: =OR17+OR18+OR19 -> 2.1698439e+08 | OT19: =OS19/$D22 -> 0.0040796779 | OX19: =SUM(OT9:OY9) -> 1.6947723e+08 | OY19: =OX17+OX18+OX19 -> 2.2768708e+08 | OZ19: =SUM(OZ9:QC9) -> 7.2888231e+08 | PE19: lado aire | PF19: =SUM(PB9:PG9) -> 1.4359527e+08 | PG19: =PF17+PF18+PF19 -> 1.9149712e+08 | PH19: =PG19/$D22 -> 0.0036004737 | PL19: lado aire | PM19: =SUM(PH9:PM9) -> 1.7449552e+08 | PN19: =PM17+PM18+PM19 -> 2.3270537e+08 | PO19: =PN19/$D22 -> 0.0043752592 | PS19: lado aire | PT19: =SUM(PO9:PT9) -> 1.7449552e+08 | PU19: =PT17+PT18+PT19 -> 2.8485572e+08 | PV19: =PU19/$D22 -> 0.0053557752 | PZ19: lado aire | QA19: =SUM(PV9:QA9) -> 1.7449552e+08 | QB19: =QA17+QA18+QA19 -> 3.844155e+08 | QC19: =QB19/$D22 -> 0.0072276694 | QD19: =SUM(QD9:RH9) -> 6.7574105e+08 | QG19: lado aire | QH19: =SUM(QC9:QH9) -> 1.9816946e+08 | QI19: =QH17+QH18+QH19 -> 4.0808944e+08 | QJ19: =QI19/$D22 -> 0.00767278 | QN19: lado aire | QO19: =SUM(QJ9:QO9) -> 2.1513864e+08 | QP19: =QO17+QO18+QO19 -> 2.5471283e+08 | QQ19: =QP19/$D22 -> 0.0047890373 | QU19: lado aire | QV19: =SUM(QQ9:QV9) -> 2.0273265e+08 | QW19: =QV17+QV18+QV19 -> 2.0933958e+08 | QX19: =QW19/$D22 -> 0.0039359424 | RB19: lado aire | RC19: =SUM(QX9:RC9) -> 57977485 | RD19: =RC17+RC18+RC19 -> 66006163 | RE19: =RD19/$D22 -> 0.0012410288 | RI19: =SUM(RI9:SK9) -> 43576268 | RJ19: =SUM(RE9:RJ9) -> 46056106 | RK19: =RJ17+RJ18+RJ19 -> 54084784 | RL19: =RK19/$D23 -> 0.0010096728 | RQ19: =SUM(RL9:RQ9) -> 28154276 | RR19: =RQ17+RQ18+RQ19 -> 34761209 | RS19: =RR19/$D23 -> 0.00064893382 | RX19: =SUM(RS9:RX9) -> 1988960.9 | RY19: =RX17+RX18+RX19 -> 6086931.8 | RZ19: =RY19/$D$23 -> 0.00011363287 | SE19: =SUM(RZ9:SE9) -> 0 | SF19: =SE17+SE18+SE19 -> 0 | SG19: =SF19/$D23 -> 0 | SL19: =SUM(SG9:SL9) -> 0 | SM19: =SL17+SL18+SL19 -> 0 | SN19: =SM19/$D23 -> 0
E20: =SUM(E15:E19) -> 1 | OE20: =SUM(OE16:OE19) -> 4.8603792e+08 | OF20: =OE20/$D22 -> 0.0091383449 | OL20: =SUM(OL16:OL19) -> 7.2333835e+08 | OM20: =OL20/$D22 -> 0.013599999 | OS20: =SUM(OS16:OS19) -> 7.1618584e+08 | OT20: =OS20/$D22 -> 0.01346552 | OY20: =SUM(OY16:OY19) -> 7.8084375e+08 | PE20: Programado sem | PG20: =SUM(PG16:PG19) -> 6.2462112e+08 | PH20: =PG20/$D22 -> 0.011743946 | PL20: Programado sem | PN20: =SUM(PN16:PN19) -> 8.057368e+08 | PO20: =PN20/$D22 -> 0.015149231 | PS20: Programado sem | PU20: =SUM(PU16:PU19) -> 9.3139821e+08 | PV20: =PU20/$D22 -> 0.017511881 | PZ20: Programado sem | QB20: =SUM(QB16:QB19) -> 1.4132673e+09 | QC20: =QB20/$D22 -> 0.026571845 | QG20: Programado sem | QI20: =SUM(QI16:QI19) -> 2.0692163e+09 | QJ20: =QI20/$D22 -> 0.038904808 | QN20: Programado sem | QP20: =SUM(QP16:QP19) -> 2.1475075e+09 | QQ20: =QP20/$D22 -> 0.040376817 | QU20: Programado sem | QW20: =SUM(QW16:QW19) -> 1.9949694e+09 | QX20: =QW20/$D22 -> 0.03750884 | RB20: Programado sem | RD20: =SUM(RD16:RD19) -> 2.2174208e+09 | RE20: =RD20/$D22 -> 0.041691306 | RK20: =SUM(RK16:RK19) -> 2.2935448e+09 | RL20: =RK20/$D23 -> 0.042816658 | RR20: =SUM(RR16:RR19) -> 2.2097766e+09 | RS20: =RR20/$D23 -> 0.041252846 | RY20: =SUM(RY16:RY19) -> 3.5093562e+09 | RZ20: =RY20/$D23 -> 0.06551383 | SF20: =SUM(SF16:SF19) -> 2.7791339e+09 | SG20: =SF20/$D23 -> 0.051881797 | SM20: =SUM(SM16:SM19) -> 1.5560337e+09 | SN20: =SM20/$D23 -> 0.029048555
F21: =+F14 -> 43282 | T21: =+T14 -> 43313 | AY21: =+AY14 -> 43344 | CC21: =+CC14 -> 43374 | DH21: =+DH14 -> 43405 | EL21: =+EL14 -> 43435 | FQ21: =+FQ14 -> 43466 | GV21: =+GV14 -> 43497 | HX21: =+HX14 -> 43525 | JC21: =+JC14 -> 43556 | KG21: =+KG14 -> 43586 | LL21: =+LL14 -> 43617 | MP21: =+MP14 -> 43647 | NU21: =+NU14 -> 43678 | OZ21: =+OZ14 -> 43709 | QD21: =+QD14 -> 43739 | RI21: =+RI14 -> 43770 | RY21: =RY17+RY19 -> 1.1905358e+09 | RZ21: =RY21/$D$23 -> 0.022225319
C22: NOTA: TODOS LOS VALORES DE LOS RESPECTIVOS ANEXOS YA INCLUYEN AIU | D22: =SUM(D15:D21) -> 5.3186647e+10 | F22: =SUM(F15:F19) -> 35031077 | T22: =SUM(T15:T19) -> 6806037.9 | AY22: =SUM(AY15:AY19) -> 0 | CC22: =SUM(CC15:CC19) -> 1.1367973e+08 | DH22: =SUM(DH15:DH19) -> 6.1683544e+08 | EL22: =SUM(EL15:EL19) -> 1.5973445e+09 | FQ22: =SUM(FQ15:FQ19) -> 1.7900683e+09 | GV22: =SUM(GV15:GV19) -> 2.2316653e+09 | HX22: =SUM(HX15:HX19) -> 3.0719619e+09 | JC22: =SUM(JC15:JC19) -> 4.6571342e+09 | KG22: =SUM(KG15:KG19) -> 5.6476919e+09 | LL22: =SUM(LL15:LL19) -> 4.1888254e+09 | MP22: =SUM(MP15:MP19) -> 2.7938496e+09 | NU22: =SUM(NU15:NU19) -> 2.9356503e+09 | OZ22: =SUM(OZ15:OZ19) -> 4.2100996e+09 | QD22: =SUM(QD15:QD19) -> 9.7230785e+09 | RI22: =SUM(RI15:RI19) -> 9.4965569e+09
C23: Terminal Internacional | D23: =D22+380000000 -> 5.3566647e+10 | NW23: =SUM(F5:NW5) -> 1.3669734e+10 | OD23: =SUM(M5:OD5) -> 1.4086467e+10 | OK23: =SUM($M5:OK5) -> 1.4594434e+10 | OR23: =SUM($M5:OR5) -> 1.5092864e+10 | OX23: =SUM($M5:OY5) -> 1.5638611e+10 | PF23: =SUM($M5:PG5) -> 1.6155687e+10 | PM23: =SUM($F5:PN5) -> 1.6731452e+10 | PT23: =SUM($F5:PU5) -> 1.7361198e+10 | QA23: =SUM($F5:QB5) -> 1.8370466e+10 | QH23: =SUM($F5:QI5) -> 1.9987974e+10 | QO23: =SUM($F5:QP5) -> 2.1835555e+10 | QV23: =SUM($F5:QW5) -> 2.3586461e+10 | RC23: =SUM($F5:RD5) -> 2.5700195e+10 | RJ23: =SUM($F5:RK5) -> 2.7902136e+10 | RQ23: =SUM($F5:RR5) -> 3.0064267e+10 | RX23: =SUM($F5:RY5) -> 3.2377319e+10 | SE23: =SUM($F5:SF5) -> 3.5150178e+10 | SL23: =SUM($F5:SM5) -> 3.670144e+10
C24: Mto Terminal | NF24: 3070000000 | NW24: =SUM(F6:NW6) -> 0 | NX24: =NW23+NW24 -> 1.3669734e+10 | NY24: =NX24/$D$22 -> 0.2570144 | OD24: =SUM(M6:OD6) -> 0 | OE24: =OD23+OD24 -> 1.4086467e+10 | OF24: =OE24/$D$22 -> 0.26484969 | OK24: =SUM($M6:OK6) -> 0 | OL24: =OK23+OK24 -> 1.4594434e+10 | OM24: =OL24/$D$22 -> 0.27440035 | OR24: =SUM($M6:OR6) -> 771827.75 | OS24: =OR23+OR24 -> 1.5093636e+10 | OT24: =OS24/$D$22 -> 0.28378619 | OX24: =SUM($M6:OY6) -> 8181374.2 | OY24: =OX23+OX24 -> 1.5646792e+10 | OZ24: =OY24/$D$22 -> 0.29418648 | PE24: Acum lado tierra | PF24: =SUM($M6:PG6) -> 15590921 | PG24: =PF23+PF24 -> 1.6171278e+10 | PH24: =PG24/$D$22 -> 0.3040477 | PL24: Acum lado tierra | PM24: =SUM($F6:PN6) -> 28671534 | PN24: =PM23+PM24 -> 1.6760123e+10 | PO24: =PN24/$D$22 -> 0.315119 | PS24: Acum lado tierra | PT24: =SUM($F6:PU6) -> 45467675 | PU24: =PT23+PT24 -> 1.7406666e+10 | PV24: =PU24/$D$22 -> 0.32727511 | PZ24: Acum lado tierra | QA24: =SUM($F6:QB6) -> 65051820 | QB24: =QA23+QA24 -> 1.8435517e+10 | QC24: =QB24/$D$22 -> 0.34661928 | QG24: Acum lado tierra | QH24: =SUM($F6:QI6) -> 1.0867012e+08 | QI24: =QH23+QH24 -> 2.0096644e+10 | QJ24: =QI24/$D$22 -> 0.37785131 | QN24: Acum lado tierra | QO24: =SUM($F6:QP6) -> 1.5388406e+08 | QP24: =QO23+QO24 -> 2.1989439e+10 | QQ24: =QP24/$D$22 -> 0.41343909 | QU24: Acum lado tierra | QV24: =SUM($F6:QW6) -> 1.8860748e+08 | QW24: =QV23+QV24 -> 2.3775069e+10 | QX24: =QW24/$D$22 -> 0.44701199 | RB24: Acum lado tierra | RC24: =SUM($F6:RD6) -> 2.2628795e+08 | RD24: =RC23+RC24 -> 2.5926483e+10 | RE24: =RD24/$D$22 -> 0.48746227 | RJ24: =SUM($F6:RK6) -> 2.6380749e+08 | RK24: =RJ23+RJ24 -> 2.8165943e+10 | RL24: =RK24/$D$23 -> 0.52581121 | RQ24: =SUM($F6:RR6) -> 2.7669167e+08 | RR24: =RQ23+RQ24 -> 3.0340959e+10 | RS24: =RR24/$D$23 -> 0.56641512 | RX24: =SUM($F6:RY6) -> 2.8246041e+08 | RY24: =RX23+RX24 -> 3.2659779e+10 | RZ24: =RY24/$D$23 -> 0.60970363 | SE24: =SUM($F6:SF6) -> 2.887352e+08 | SF24: =SE23+SE24 -> 3.5438913e+10 | SG24: =SF24/$D$23 -> 0.66158543 | SL24: =SUM($F6:SM6) -> 2.9350666e+08 | SM24: =SL23+SL24 -> 3.6994947e+10 | SN24: =SM24/$D$23 -> 0.69063398
C25: Mto Calles de rodaje | MO25: ACUMULADO FACTURADO - ACTA 09 | NW25: =SUM(F7:NW7) -> 5.6072813e+08 | OD25: =SUM(M7:OD7) -> 6.0862998e+08 | OK25: =SUM($M7:OK7) -> 6.6683983e+08 | OR25: =SUM($M7:OR7) -> 7.1474169e+08 | OX25: =SUM($M7:OY7) -> 7.7295154e+08 | PE25: Acum lado aire | PF25: =SUM($M7:PG7) -> 8.3116139e+08 | PL25: Acum lado aire | PM25: =SUM($F7:PN7) -> 8.8937124e+08 | PS25: Acum lado aire | PT25: =SUM($F7:PU7) -> 9.9973145e+08 | PZ25: Acum lado aire | QA25: =SUM($F7:QB7) -> 1.2096514e+09 | QG25: Acum lado aire | QH25: =SUM($F7:QI7) -> 1.4195714e+09 | QN25: Acum lado aire | QO25: =SUM($F7:QP7) -> 1.4591456e+09 | QU25: Acum lado aire | QV25: =SUM($F7:QW7) -> 1.4657525e+09 | RB25: Acum lado aire | RC25: =SUM($F7:RD7) -> 1.4737812e+09 | RJ25: =SUM($F7:RK7) -> 1.4818099e+09 | RQ25: =SUM($F7:RR7) -> 1.4884168e+09 | RR25: =RR30-RR27 -> 2.9047283e+10 | RX25: =SUM($F7:RY7) -> 1.4925148e+09 | RY25: =RY30-RY27 -> 3.0231732e+10 | RZ25: =RY25/$D$23 -> 0.56437603 | SE25: =SUM($F7:SF7) -> 1.4925148e+09 | SL25: =SUM($F7:SM7) -> 1.4925148e+09
C26: Mto Pista | MO26: #REF! | NW26: =SUM(F8:NW8) -> 1.2245973e+10 | OD26: =SUM(M8:OD8) -> 1.2245973e+10 | OK26: =SUM($M8:OK8) -> 1.2245973e+10 | OR26: =SUM($M8:OR8) -> 1.2245973e+10 | OX26: =SUM($M8:OY8) -> 1.2245973e+10 | PF26: =SUM($M8:PG8) -> 1.2245973e+10 | PM26: =SUM($F8:PN8) -> 1.2245973e+10 | PT26: =SUM($F8:PU8) -> 1.2245973e+10 | QA26: =SUM($F8:QB8) -> 1.2245973e+10 | QH26: =SUM($F8:QI8) -> 1.2245973e+10 | QO26: =SUM($F8:QP8) -> 1.2245973e+10 | QV26: =SUM($F8:QW8) -> 1.2245973e+10 | RC26: =SUM($F8:RD8) -> 1.2245973e+10 | RJ26: =SUM($F8:RK8) -> 1.2245973e+10 | RQ26: =SUM($F8:RR8) -> 1.2245973e+10 | RX26: =SUM($F8:RY8) -> 1.2245973e+10 | SE26: =SUM($F8:SF8) -> 1.2245973e+10 | SL26: =SUM($F8:SM8) -> 1.2245973e+10
C27: Mto Plataforma | MO27: =+MO26/$D$22 -> #REF! | NW27: =SUM(F9:NW9) -> 5.0370234e+08 | NX27: =NW25+NW26+NW27 -> 1.3310404e+10 | NY27: =NX27/$D$22 -> 0.25025837 | OD27: =SUM(M9:OD9) -> 5.0929168e+08 | OE27: =OD25+OD26+OD27 -> 1.3363895e+10 | OF27: =OE27/$D$22 -> 0.2512641 | OK27: =SUM($M9:OK9) -> 6.6645283e+08 | OL27: =OK25+OK26+OK27 -> 1.3579266e+10 | OM27: =OL27/$D$22 -> 0.25531344 | OR27: =SUM($M9:OR9) -> 8.3553537e+08 | OS27: =OR25+OR26+OR27 -> 1.379625e+10 | OT27: =OS27/$D$22 -> 0.25939312 | OX27: =SUM($M9:OY9) -> 1.0050126e+09 | OY27: =OX25+OX26+OX27 -> 1.4023937e+10 | OZ27: =OY27/$D$22 -> 0.26367402 | PF27: =SUM($M9:PG9) -> 1.1795081e+09 | PG27: =PF25+PF26+PF27 -> 1.4256643e+10 | PH27: =PG27/$D$22 -> 0.26804928 | PM27: =SUM($F9:PN9) -> 1.3540036e+09 | PN27: =PM25+PM26+PM27 -> 1.4489348e+10 | PO27: =PN27/$D$22 -> 0.27242454 | PT27: =SUM($F9:PU9) -> 1.5284991e+09 | PU27: =PT25+PT26+PT27 -> 1.4774204e+10 | PV27: =PU27/$D$22 -> 0.27778032 | QA27: =SUM($F9:QB9) -> 1.7029947e+09 | QB27: =QA25+QA26+QA27 -> 1.5158619e+10 | QC27: =QB27/$D$22 -> 0.28500799 | QH27: =SUM($F9:QI9) -> 1.9011641e+09 | QI27: =QH25+QH26+QH27 -> 1.5566709e+10 | QJ27: =QI27/$D$22 -> 0.29268077 | QO27: =SUM($F9:QP9) -> 2.1163028e+09 | QP27: =QO25+QO26+QO27 -> 1.5821422e+10 | QQ27: =QP27/$D$22 -> 0.2974698 | QV27: =SUM($F9:QW9) -> 2.3190354e+09 | QW27: =QV25+QV26+QV27 -> 1.6030761e+10 | QX27: =QW27/$D$22 -> 0.30140575 | RC27: =SUM($F9:RD9) -> 2.3770129e+09 | RD27: =RC25+RC26+RC27 -> 1.6096767e+10 | RE27: =RD27/$D$22 -> 0.30264678 | RJ27: =SUM($F9:RK9) -> 2.423069e+09 | RK27: =RJ25+RJ26+RJ27 -> 1.6150852e+10 | RL27: =RK27/$D$23 -> 0.30150948 | RQ27: =SUM($F9:RR9) -> 2.4512233e+09 | RR27: =RQ25+RQ26+RQ27 -> 1.6185613e+10 | RS27: =RR27/$D$23 -> 0.30215842 | RX27: =SUM($F9:RY9) -> 2.4532122e+09 | RY27: =RX25+RX26+RX27 -> 1.61917e+10 | RZ27: =RY27/$D$23 -> 0.30227205 | SE27: =SUM($F9:SF9) -> 2.4532122e+09 | SF27: =SE25+SE26+SE27 -> 1.61917e+10 | SG27: =SF27/$D$23 -> 0.30227205 | SL27: =SUM($F9:SM9) -> 2.4532122e+09 | SM27: =SL25+SL26+SL27 -> 1.61917e+10 | SN27: =SM27/$D$23 -> 0.30227205
NX28: =SUM(NX24:NX27) -> 2.6980138e+10 | NY28: =NX28/$D$22 -> 0.50727277 | OE28: =SUM(OE24:OE27) -> 2.7450362e+10 | OF28: =OE28/$D$22 -> 0.51611379 | OL28: =SUM(OL24:OL27) -> 2.81737e+10 | OM28: =OL28/$D$22 -> 0.52971379 | OS28: =SUM(OS24:OS27) -> 2.8889886e+10 | OT28: =OS28/$D$22 -> 0.54317931 | OY28: =SUM(OY24:OY27) -> 2.967073e+10 | OZ28: =OY28/$D$22 -> 0.5578605 | PE28: Programado Acum | PG28: =SUM(PG24:PG27) -> 3.042792e+10 | PH28: =PG28/$D$22 -> 0.57209698 | PL28: Programado Acum | PN28: =SUM(PN24:PN27) -> 3.1249471e+10 | PO28: =PN28/$D$22 -> 0.58754354 | PS28: Programado Acum | PU28: =SUM(PU24:PU27) -> 3.2180869e+10 | PV28: =PU28/$D$22 -> 0.60505543 | PZ28: Programado Acum | QB28: =SUM(QB24:QB27) -> 3.3594137e+10 | QC28: =QB28/$D$22 -> 0.63162727 | QG28: Programado Acum | QI28: =SUM(QI24:QI27) -> 3.5663353e+10 | QJ28: =QI28/$D$22 -> 0.67053208 | QN28: Programado Acum | QP28: =SUM(QP24:QP27) -> 3.781086e+10 | QQ28: =QP28/$D$22 -> 0.71090889 | QU28: Programado Acum | QW28: =SUM(QW24:QW27) -> 3.980583e+10 | QX28: =QW28/$D$22 -> 0.74841773 | RB28: Programado Acum | RD28: =SUM(RD24:RD27) -> 4.2023251e+10 | RE28: =RD28/$D$22 -> 0.79010904 | RK28: =SUM(RK24:RK27) -> 4.4316795e+10 | RL28: =RK28/$D$23 -> 0.82732069 | RR28: =SUM(RR24:RR27) -> 7.5573855e+10 | RS28: =RR28/$D$23 -> 1.4108379 | RY28: =SUM(RY24:RY27) -> 7.9083211e+10 | RZ28: =RY28/$D$23 -> 1.4763517 | SF28: =SUM(SF24:SF27) -> 5.1630613e+10 | SG28: =SF28/$D$23 -> 0.96385748 | SM28: =SUM(SM24:SM27) -> 5.3186647e+10 | SN28: =SM28/$D$23 -> 0.99290603
MO29: DIF AVANCE | RQ29: =D23-44042360332 -> 9.5242867e+09 | RR29: =$RQ$29/8 -> 1.1905358e+09 | RY29: =$RQ$29/8 -> 1.1905358e+09 | SF29: =$RQ$29/8 -> 1.1905358e+09 | SM29: =$RQ$29/8 -> 1.1905358e+09 | ST29: =$RQ$29/8 -> 1.1905358e+09 | TA29: =$RQ$29/8 -> 1.1905358e+09 | TH29: =$RQ$29/8 -> 1.1905358e+09 | TO29: =$RQ$29/8 -> 1.1905358e+09
MO30: =+MO27-MO12 -> #REF! | RK30: 44042360332 | RL30: =RK30/$D$23 -> 0.82219745 | RR30: =RK30+RR29 -> 4.5232896e+10 | RS30: =RR30/$D$23 -> 0.84442276 | RY30: =RR30+RY29 -> 4.6423432e+10 | RZ30: =RY30/$D$23 -> 0.86664808 | SF30: =RY30+SF29 -> 4.7613968e+10 | SG30: =SF30/$D$23 -> 0.8888734 | SM30: =SF30+SM29 -> 4.8804504e+10 | SN30: =SM30/$D$23 -> 0.91109872 | ST30: =SM30+ST29 -> 4.999504e+10 | SU30: =ST30/$D$23 -> 0.93332404 | TA30: =ST30+TA29 -> 5.1185575e+10 | TB30: =TA30/$D$23 -> 0.95554936 | TH30: =TA30+TH29 -> 5.2376111e+10 | TI30: =TH30/$D$23 -> 0.97777468 | TO30: =TH30+TO29 -> 53566647015 | TP30: =TO30/$D$23 -> 1
MO31: =+MO26-MO11 -> #REF!

Sheet Semana 1
B1: FORMATO
B2: INFORME SEMANAL DE INTERVENTORÍA
A3: Principio de Procedencia: 4602.375 | B3: Clave: GSAP 1.0-12-028 | E3: Versión: 01 | F3: Fecha: 01/MARZO/2020 | I3: Página: 1 de 6
A5: UNIDAD EJECUTORA: | C5: UNIDAD ADMINISTRATIVA ESPECIAL AERONAUTICA CIVIL | G5: FECHA: | I5: 45108
A6: DIRECCIÓN TERRITORIAL:
A7: Semana No | B7: 1 | E7: Del : | F7: 45100 | H7: AL: | I7: 45108
A9: Plazo Total | E9: 548 | F9: días
A10: Tiempo transcurrido desde la iniciación del contrato: | E10: =B7*7 -> 7 | F10: días
A11: porcentaje del tiempo transcurrido(%) | E11: =E10/E9 -> 0.012773723
A12: Nombre del Supervisor : | C12: JAIRO EDUARDO GUARNIZO ESCOBAR
A13: OBJETO DE LOS CONTRATOS DE OBRA
A14: REALIZAR LA INTERVENTORIA PARA EL MANTENIMIENTO INTEGRAL DEL SAR,CGAC Y LA TWR DEL AEROPUERTO INTERNACIONAL EL DORADO
A15: CONTROL DE LA PROGRAMACIÓN
A16: AEROPUERTO INTERNACIONAL EL DORADO - BOGOTA D.C.
B17: Semanal | D17: Acumulado | F17: Semanal | H17: Acumulado
A18: (%) Programado | B18: 0.003 | D18: =0.9961+B18 -> 0.9991 | E18: (%) Ejecutado | F18: =+F19/B38 -> 0.27443953 | H18: =0.96+F18 -> 1.2344395
A19: Valor programado ($) | B19: 1.8174084e+08 | D19: 6.0373932e+10 | E19: Valor ejecutado ($) | F19: 859144102 | H19: =F19+58011603282 -> 58870747384
E21: Evaluación | F21: Porcentaje Adelanto | H21: =+H18-D18 -> 0.23533953
F22: Valor Adelanto | H22: =+H19-D19 -> -1.5031847e+09
A23: El seguimiento a la programación se realiza con la programación consolidada entre contratista e interventoría acorde a la ampliación del plazo del contrato de obra en 199 días desde el 19 de mayo al 03 de diciembre de 2018, mediante modificatorio No. 02 del contrato No. 17001099-H4-2017 que otorgó la Entidad Contratante el día 18 de mayo de 2018 al contratista para terminar el proyecto de acuerdo al escenario No. 03 presentado a través de la solicitud de prorroga. Para la presente semana se reporta un atraso del 2,48% debido principalmente en la demora en la entrega de los diseños y a la falta de ejecución en las actividades de la plataforma.
A24: DATOS CONTRACTUALES
A25: CONTRATO DE OBRA | E25: CONTRATO DE INTERVENTORÍA
A26: Contratista: | B26: VINCOL CONSTRUCCIONES SAS | E26: Contratista: | F26: CONSORCIO ING-CONSULTEC
A27: Contrato No: | B27: 22001408 H4 DE 2022 | E27: Contrato No: | F27: 22001433 H3 DE 2022
A28: Valor Inicial: | B28: 3130540609 | E28: Valor Inicial: | F28: 537129527
A29: Valor Actualizado al modificatorio No. 02: | B29: No aplica | E29: Valor Actualizado al modificatorio No. 02: | F29: No aplica
A30: Plazo inicial: | B30: 18 meses | E30: Plazo inicial: | F30: 18 meses
A31: Plazo actualizado: | B31: No aplica | E31: Plazo actualizado: | F31: 18 meses
A32: Fecha de iniciación: | B32: 45100 | E32: Fecha de iniciación: | F32: 45100
A33: Fecha de vencimiento: | B33: 45648 | E33: Fecha de vencimiento: | F33: 45648
A34: Suspensión No. | B34: No aplica | E34: Suspensión No. | F34: No aplica
A35: Periodo de Suspensión No. | B35: No aplica | E35: Periodo de Suspensión No. | F35: No aplica
A36: Levantamiento de la suspensión No. | B36: No aplica | E36: Levantamiento de la suspensión No. | F36: No aplica
A37: Nueva fecha de terminación | B37: 45648 | E37: Nueva fecha de terminación | F37: 45648
A38: Valor total actual del contrato | B38: =B28 -> 3130540609 | E38: Valor total actual del contrato | F38: =F28 -> 537129527
A39: ACTIVIDADES REALIZADAS EN LA SEMANA
A40: ACTIVIDADES ADMINISTRATIVAS
A41: 1. Se firma acta de inicio el día viernes 23 de Junio de 2023, se realiza acta donde se compromente a ingresar personal a partir del 26 de Junio de 2023. 2. El contratista a la fecha no ha ingresado personal.
A42: CGACV CENTRO GESTIÓN AERONÁUTICO DE COLOMBIA
A43: * No se ha realizado actividades
A44: TWR TORRE DE CONTRO AEREO
A45: * No se ha realizado actividades
A46: SAR SERVICIO DE BUSQUEDA Y SALVAMENTO
A47: * No se ha realizado actividades
A49: AVANCE DE OBRA: El contratista tiene 15 dias para realizar e diagnostico de las estructucturas para presentar el manual FINANCIERO: Se viene adelantando los tramites de anticipo de interventoria y contratista
A61: SEGURIDAD Y SALUD EN EL TRABAJO: Obra: Interventoría:
A62: Obra:
A63: ACIDENTES DE TRABAJO | C63: 0 | E63: ENFERMEDADES LABORALES | G63: 0
A64: ENFERMEDADES LABORALES | C64: 0 | E64: OTROS | G64: 0
A65: CONTIGENCIAS AMBIENTALES | C65: 0 | E65: CUAL? | G65: 0
A66: Observaciones: | C66: *demarcación y pintura en New jersey. *trabajos varios en tableros de mando subestación eléctrica 2, para iluminación deprimido y tanque de bombeo. *trabajos varios en ayudas visuales calle lima, ranurados, cableados, balizas. *trabajos varios en cerramiento perimetral k0+420/k0+455, costado oriental y occidental calle lima. *replanteo por topografía en calle de rodaje hotel y alfa, aún por confirmar hora de acceso. *levantamiento para récord, señalización vertical, cárcamos y cunetas *señalización/ demarcación de New Jersey. *corrección pintura en pintura en New jersey. *trabajos varios en tableros de mando subestación eléctrica 2, para iluminación deprimido y tanque de bombeo. *trabajos varios en cerramiento perimetral k0+420/k0+455, costado oriental calle lima. *levantamiento para récord, calle lima, deprimido, cunetas y zonas de seguridad. *se está realizando los ajuste al plano de señalización y ayudas visuales i décadas por la entidad. •Instalación de señalización vertical ayudas visuales K0+280 costado Sur oriental •Limpieza cunetas y corte de cespedon K0+250 K0+300 •Riego de emulsión asfáltica a fresado compactado costado Sur occidental K0+250 a K0+320 •Ampliación pintura color ámbar a New Jersey K0+455 a K0+483 •Riego de agua a cespedon zonas 1, 2, 3 •Se adelantan trabajos en subestación 2 tableros de mando para deprimido y tanque de bombeo •Reparación malla eslabonada K0+640 costado nor occidental
A67: Interventoría:
A68: ACIDENTES DE TRABAJO | C68: 0 | E68: ENFERMEDADES LABORALES | G68: 0
A69: ENFERMEDADES LABORALES | C69: 0 | E69: OTROS | G69: 0
A70: CONTIGENCIAS AMBIENTALES | C70: 0 | E70: CUAL? | G70: 0
A71: Observaciones: | C71: Interventoría técnica, topográfica, eléctrica, ambiental, SISOMA y administrativa sigue su gestión de acompañamiento en zonas 1, 2, 3 4, zona aire y deprimido para supervisión y verificación de actividades programadas y ejecutadas. El total de trabajadores de INTERVENTORIA con especialista es de 22.
A72: PERSONAL OBRA E INTERVENTORIA
D74: Personal de Interventoría | F74: 1
D75: Personal del Contratista | F75: 4
D76: Total Personal en Obra | F76: =F74+F75 -> 5
A106: RELACION MAQUINARIA
B108: TIPO | C108: CONTRACTUAL | E108: ACTUAL | F108: OBSERVACIONES
C109: 0 | E109: 0
C110: 0 | E110: 0
C111: 0 | E111: 0
C112: 0 | E112: 0
C113: 0 | E113: 0
C114: 0 | E114: 0
C115: 0 | E115: 0
C116: 0 | E116: 0
C117: 0 | E117: 0
C118: 0 | E118: 0
C119: 0 | E119: 0
C120: 0 | E120: 0
C121: 0 | E121: 0
B123: Total Maquinaría | C123: =SUM(C109:D122) -> 0 | E123: =SUM(E109:E121) -> 0
A125: AVANCE FINANCIERO DE OBRA
A126: Acta Parcial de Obra No. | B126: Periodo | D126: Costo Total | E126: AVANCE FINANCIERO
A127: 1 | F127: Valor Total Contrato Obra
A128: 2 | F128: =B38 -> 3130540609
A129: 3 | F129: Valor facturado Contrato Obra
A130: 4 | F130: =+B135 -> 0
A131: 5 | F131: % Avance facturado Acumulado
A132: 6 | F132: =+F130/F128 -> 0
A133: 7
A134: 9
A135: Total Acumulado | B135: =SUM(D127:D134) -> 0
A136: AVANCE FINANCIERO DE INTERVENTORÍA
A137: Acta Parcial de interventoría No. | B137: Periodo | D137: Costo Total
A138: 1 | F138: Valor Total Contrato interventoría | K138: =I138
A139: 2 | F139: =F38 -> 537129527
A140: 3 | F140: Valor facturado Contrato Interventoría
A141: 4 | F141: =+B145 -> 0
A142: 5 | F142: % Avance facturado Acumulado
A143: 6 | F143: =+F141/F139 -> 0
A144: 7
A145: Total Acumulado | B145: =SUM(D138:D144) -> 0
A146: OBSERVACIONES | F146: DIRECTOR DE INTERVENTORÍA

Sheet Semana 2
B1: FORMATO
B2: INFORME SEMANAL DE INTERVENTORÍA
A3: Principio de Procedencia: 4602.375 | B3: Clave: GSAP 1.0-12-028 | E3: Versión: 01 | F3: Fecha: 01/MARZO/2020 | I3: Página: 1 de 6
A5: UNIDAD EJECUTORA: | C5: UNIDAD ADMINISTRATIVA ESPECIAL AERONAUTICA CIVIL | G5: FECHA: | I5: 45108
A6: DIRECCIÓN TERRITORIAL:
A7: Semana No | B7: 2 | E7: Del : | F7: 45109 | H7: AL: | I7: 45115
A9: Plazo Total | E9: 548 | F9: días
A10: Tiempo transcurrido desde la iniciación del contrato: | E10: =B7*7 -> 14 | F10: días
A11: porcentaje del tiempo transcurrido(%) | E11: =E10/E9 -> 0.025547445
A12: Nombre del Supervisor : | C12: JAIRO EDUARDO GUARNIZO ESCOBAR
A13: OBJETO DE LOS CONTRATOS DE OBRA
A14: REALIZAR LA INTERVENTORIA PARA EL MANTENIMIENTO INTEGRAL DEL SAR,CGAC Y LA TWR DEL AEROPUERTO INTERNACIONAL EL DORADO
A15: CONTROL DE LA PROGRAMACIÓN
A16: AEROPUERTO INTERNACIONAL EL DORADO - BOGOTA D.C.
B17: Semanal | D17: Acumulado | F17: Semanal | H17: Acumulado
A18: (%) Programado | B18: 0 | D18: 0 | E18: (%) Ejecutado | F18: 0 | H18: 0
A19: Valor programado ($) | B19: 0 | D19: 0 | E19: Valor ejecutado ($) | F19: 0 | H19: 0
E21: Evaluación | F21: Porcentaje Adelanto | H21: =+H18-D18 -> 0
F22: Valor Adelanto | H22: =+H19-D19 -> 0
A23: El seguimiento a la programación se realiza con la programación consolidada entre contratista e interventoría acorde a la ampliación del plazo del contrato de obra en 199 días desde el 19 de mayo al 03 de diciembre de 2018, mediante modificatorio No. 02 del contrato No. 17001099-H4-2017 que otorgó la Entidad Contratante el día 18 de mayo de 2018 al contratista para terminar el proyecto de acuerdo al escenario No. 03 presentado a través de la solicitud de prorroga. Para la presente semana se reporta un atraso del 2,48% debido principalmente en la demora en la entrega de los diseños y a la falta de ejecución en las actividades de la plataforma.
A24: DATOS CONTRACTUALES
A25: CONTRATO DE OBRA | E25: CONTRATO DE INTERVENTORÍA
A26: Contratista: | B26: VINCOL CONSTRUCCIONES SAS | E26: Contratista: | F26: CONSORCIO ING-CONSULTEC
A27: Contrato No: | B27: 22001408 H4 DE 2022 | E27: Contrato No: | F27: 22001433 H3 DE 2022
A28: Valor Inicial: | B28: 3130540609 | E28: Valor Inicial: | F28: 537129527
A29: Valor Actualizado al modificatorio No. 02: | B29: No aplica | E29: Valor Actualizado al modificatorio No. 02: | F29: No aplica
A30: Plazo inicial: | B30: 18 meses | E30: Plazo inicial: | F30: 18 meses
A31: Plazo actualizado: | B31: No aplica | E31: Plazo actualizado: | F31: 18 meses
A32: Fecha de iniciación: | B32: 45100 | E32: Fecha de iniciación: | F32: 45100
A33: Fecha de vencimiento: | B33: 45648 | E33: Fecha de vencimiento: | F33: 45648
A34: Suspensión No. | B34: No aplica | E34: Suspensión No. | F34: No aplica
A35: Periodo de Suspensión No. | B35: No aplica | E35: Periodo de Suspensión No. | F35: No aplica
A36: Levantamiento de la suspensión No. | B36: No aplica | E36: Levantamiento de la suspensión No. | F36: No aplica
A37: Nueva fecha de terminación | B37: 45648 | E37: Nueva fecha de terminación | F37: 45648
A38: Valor total actual del contrato | B38: =B28 -> 3130540609 | E38: Valor total actual del contrato | F38: =F28 -> 537129527
A39: ACTIVIDADES REALIZADAS EN LA SEMANA
A40: ACTIVIDADES ADMINISTRATIVAS
A41: 1. Se firma acta de inicio el día viernes 23 de Junio de 2023, se realiza acta donde se compromente a ingresar personal a partir del 26 de Junio de 2023. 2. El contratista remite hojas de vida a interventoria para aprobación . 3. La interventoria remite hojas de vida de los profesionales propuestos por contratista para aprobación oficial por parte de la supervisión.
A42: CGACV CENTRO GESTIÓN AERONÁUTICO DE COLOMBIA
A43: * El día 08 de Julio se inicia con el diagnostico inicial, la administración del CGAC informa de los daños prioritarios que se deben intervenir, se identifican los criticos los cuales son: 1. Goteras y flujo continuo de agua en el techo del restaurante del primer piso del CGAC. 2. Goteras y flujo continuo de agua en los techos de los pasillos de ingreso de la habitaciones de los controladores del segundo piso. 3. Se observa acumulación de agua en terrazas del segundo piso y poca eficiciencia de los desagues de la terrazas. 4. Fuga en baños en la habitaciones de los controladores aereos masculinos y femeninos del segundo piso.
A44: TWR TORRE DE CONTRO AEREO
A45: * No se ha realizado actividades
A46: SAR SERVICIO DE BUSQUEDA Y SALVAMENTO
A47: * No se ha realizado actividades
A49: AVANCE DE OBRA: El contratista tiene 15 dias para realizar e diagnostico de las estructucturas para presentar el manual FINANCIERO: Se viene adelantando los tramites de anticipo de interventoria y contratista
A61: SEGURIDAD Y SALUD EN EL TRABAJO: Obra: Interventoría:
A62: Obra:
A63: ACIDENTES DE TRABAJO | C63: 0 | E63: ENFERMEDADES LABORALES | G63: 0
A64: ENFERMEDADES LABORALES | C64: 0 | E64: OTROS | G64: 0
A65: CONTIGENCIAS AMBIENTALES | C65: 0 | E65: CUAL? | G65: 0
A66: Observaciones:
A67: Interventoría:
A68: ACIDENTES DE TRABAJO | C68: 0 | E68: ENFERMEDADES LABORALES | G68: 0
A69: ENFERMEDADES LABORALES | C69: 0 | E69: OTROS | G69: 0
A70: CONTIGENCIAS AMBIENTALES | C70: 0 | E70: CUAL? | G70: 0
A71: Observaciones: | C71: Interventoría técnica, topográfica, eléctrica, ambiental, SISOMA y administrativa sigue su gestión de acompañamiento en zonas 1, 2, 3 4, zona aire y deprimido para supervisión y verificación de actividades programadas y ejecutadas. El total de trabajadores de INTERVENTORIA con especialista es de 22.
A72: PERSONAL OBRA E INTERVENTORIA
D74: Personal de Interventoría | F74: 1
D75: Personal del Contratista | F75: 4
D76: Total Personal en Obra | F76: =F74+F75 -> 5
A106: RELACION MAQUINARIA
B108: TIPO | C108: CONTRACTUAL | E108: ACTUAL | F108: OBSERVACIONES
C109: 0 | E109: 0
C110: 0 | E110: 0
C111: 0 | E111: 0
C112: 0 | E112: 0
C113: 0 | E113: 0
C114: 0 | E114: 0
C115: 0 | E115: 0
C116: 0 | E116: 0
C117: 0 | E117: 0
C118: 0 | E118: 0
C119: 0 | E119: 0
C120: 0 | E120: 0
C121: 0 | E121: 0
B123: Total Maquinaría | C123: =SUM(C109:D122) -> 0 | E123: =SUM(E109:E121) -> 0
A125: AVANCE FINANCIERO DE OBRA
A126: Acta Parcial de Obra No. | B126: Periodo | D126: Costo Total | E126: AVANCE FINANCIERO
A127: 1 | F127: Valor Total Contrato Obra
A128: 2 | F128: =B38 -> 3130540609
A129: 3 | F129: Valor facturado Contrato Obra
A130: 4 | F130: =+B135 -> 0
A131: 5 | F131: % Avance facturado Acumulado
A132: 6 | F132: =+F130/F128 -> 0
A133: 7
A134: 9
A135: Total Acumulado | B135: =SUM(D127:D134) -> 0
A136: AVANCE FINANCIERO DE INTERVENTORÍA
A137: Acta Parcial de interventoría No. | B137: Periodo | D137: Costo Total
A138: 1 | F138: Valor Total Contrato interventoría | K138: =I138
A139: 2 | F139: =F38 -> 537129527
A140: 3 | F140: Valor facturado Contrato Interventoría
A141: 4 | F141: =+B145 -> 0
A142: 5 | F142: % Avance facturado Acumulado
A143: 6 | F143: =+F141/F139 -> 0
A144: 7
A145: Total Acumulado | B145: =SUM(D138:D144) -> 0
A146: OBSERVACIONES | F146: DIRECTOR DE INTERVENTORÍA

Sheet Prog. Sem.
D2: Semana 1 | E2: Semana 2 | F2: Semana 3 | G2: Semana 4 | H2: Semana 5 | I2: Semana 6 | J2: Semana 7 | K2: Semana 8 | L2: Semana 9 | M2: Semana 10 | N2: Semana 11 | O2: Semana 12 | P2: Semana 13 | Q2: Semana 14 | R2: Semana 15 | S2: Semana 16 | T2: Semana 17 | U2: Semana 18 | V2: Semana 19 | W2: Semana 20 | X2: Semana 21 | Y2: Semana 22 | Z2: Semana 23 | AA2: Semana 24 | AB2: Semana 25 | AC2: Semana 26 | AD2: Semana 27 | AE2: Semana 28 | AF2: Semana 29 | AG2: Semana 30 | AH2: Semana 31 | AI2: Semana 32 | AJ2: Semana 33 | AK2: Semana 34 | AL2: Semana 35 | AM2: Semana 36 | AN2: Semana 37 | AO2: Semana 38 | AP2: Semana 39 | AQ2: Semana 40 | AR2: Semana 41 | AS2: Semana 42 | AT2: Semana 43 | AU2: Semana 44 | AV2: Semana 45 | AW2: Semana 46 | AX2: Semana 47 | AY2: Semana 48 | AZ2: Semana 49 | BA2: Semana 50 | BB2: Semana 51 | BC2: Semana 52 | BD2: Semana 53 | BE2: Semana 54 | BF2: Semana 55 | BG2: Semana 56 | BH2: Semana 57 | BI2: Semana 58 | BJ2: Semana 59 | BK2: Semana 60 | BL2: Semana 61 | BM2: Semana 62
B3: AEROPUERTO DE ARMENIA | C3: PONDERACION | D3: 43310 | E3: =+D3+7-3 -> 43314 | F3: =+E3+66 -> 43380 | G3: =+F3+7 -> 43387 | H3: =+G3+7 -> 43394 | I3: =+H3+7 -> 43401 | J3: =+I3+7 -> 43408 | K3: =+J3+7 -> 43415 | L3: =+K3+7 -> 43422 | M3: =+L3+7 -> 43429 | N3: =+M3+7 -> 43436 | ... Q3: =+P3+7 -> 43457 | R3: =+Q3+14 -> 43471 | S3: =+R3+7 -> 43478 | T3: =+S3+7 -> 43485 | U3: =+T3+7 -> 43492 | V3: =+U3+7 -> 43499 | W3: =+V3+7 -> 43506 | X3: =+W3+7 -> 43513 | Y3: =+X3+7 -> 43520 | Z3: =+Y3+7 -> 43527 | ... BL3: =+BK3+7 -> 43793 | BM3: =+BL3+7-1 -> 43799 | BN3: Suma Total
B4: Construcción de Terminal Internacional. | C4: 0.58592793 | D4: 0.00062010366 | E4: 0.0004136858 | F4: 0.0037661153 | G4: 0.0021738374 | H4: 0.0031109166 | I4: 0.0075541771 | J4: 0.0080244301 | K4: 0.0067083823 | L4: 0.0073017404 | M4: 0.0096001019 | N4: 0.010306831 | O4: 0.0085147498 | P4: 0.010810565 | Q4: 0.014102772 | R4: 0.01410649 | S4: 0.014005352 | T4: 0.014919913 | U4: 0.020263672 | V4: 0.023164085 | W4: 0.026085916 | X4: 0.025979847 | Y4: -0.20193614 | Z4: 0.01390826 | AA4: =Z4 -> 0.01390826 | AB4: =AA4 -> 0.01390826 | AC4: =AB4 -> 0.01390826 | AD4: =AC4 -> 0.01390826 | AE4: =AD4 -> 0.01390826 | AF4: 0.011423053 | AG4: =AF4 -> 0.011423053 | AH4: =AG4 -> 0.011423053 | AI4: 0.018 | AJ4: 0.018 | AK4: =AJ4 -> 0.018 | AL4: =AK4 -> 0.018 | AM4: =AL4 -> 0.018 | AN4: =AM4 -> 0.018 | AO4: =AN4 -> 0.018 | AP4: =AO4 -> 0.018 | AQ4: =AP4 -> 0.018 | AR4: =AQ4 -> 0.018 | ... BM4: =BL4 -> 0.018 | BN4: =SUM(D4:BM4) -> 0.70531626 | BR4: =C4 -> 0.58592793 | BS4: =BN4-BR4 -> 0.11938833
B5: Mantenimento Terminal Nacional | C5: 0.11090545 | D5: 0 | E5: 0 | F5: 0 | G5: 0 | H5: 0 | I5: 0 | J5: 0 | K5: 0 | L5: 0 | M5: 0 | N5: 0 | O5: 0 | P5: 0 | Q5: 7.6306695e-05 | R5: 0.00013396064 | S5: 0.00013396064 | T5: 0.00021812561 | U5: 0.00035516468 | V5: 0.00035516468 | W5: 0.0081152248 | X5: 0.012014613 | Y5: -0.02140252 | Z5: 0.0027726362 | AA5: =Z5 -> 0.0027726362 | AB5: =AA5 -> 0.0027726362 | AC5: =AB5 -> 0.0027726362 | AD5: =AC5 -> 0.0027726362 | AE5: =AD5 -> 0.0027726362 | AG5: =AF5 -> 0 | AH5: =AG5 -> 0 | AI5: =AH5 -> 0 | AJ5: 0 | AK5: =AJ5 -> 0 | AL5: =AK5 -> 0 | AM5: =AL5 -> 0 | AN5: =AM5 -> 0 | AO5: =AN5 -> 0 | AP5: =AO5 -> 0 | AQ5: =AP5 -> 0 | AR5: =AQ5 -> 0 | ... BM5: =BL5 -> 0 | BN5: =SUM(D5:BM5) -> 0.016635817 | BR5: =C5 -> 0.11090545 | BS5: =BN5-BR5 -> -0.094269631
B6: Mantenimiento de Calles de Rodaje | C6: 0.020237044 | D6: 0 | E6: 0 | F6: 0 | G6: 0 | H6: 0 | I6: 0 | J6: 0 | K6: 0 | L6: 0 | M6: 0 | N6: 0 | O6: 0 | P6: 0 | Q6: 1.0264253e-05 | R6: 0.0011832533 | S6: 0.0021101439 | T6: 0.0023990019 | U6: 0.0032244723 | V6: 0.0032244723 | W6: 0.0029391179 | X6: 0.00066024675 | Y6: -0.015750973 | Z6: 0.0022485605 | AA6: 0.0022485605 | AB6: 0.0022485605 | AC6: 0.0022485605 | AD6: 0.0022485605 | AE6: 0.0022485605 | AF6: 0.0028140366 | AG6: 0.0018006008 | AH6: 0.0022485605 | AI6: 0.002275 | AJ6: 0.002275 | AK6: 0.0023 | AL6: 0.0023 | BN6: =SUM(D6:BM6) -> 0.029504561 | BO6: =SUM(D6:Y6) -> 0 | BP6: =BN6-BO6 -> 0.029504561 | BQ6: 0.0022485605 | BR6: =C6 -> 0.020237044 | BS6: =BN6-BR6 -> 0.0092675164
B7: Mantenimiento de Zonas de Seguridad. | C7: 0.020027707 | D7: 0 | E7: 0 | F7: 0 | G7: 0 | H7: 0 | I7: 0 | J7: 0 | K7: 0 | L7: 0 | M7: 0 | N7: 0 | O7: 0 | P7: 0 | Q7: 4.4547899e-05 | R7: 7.8206311e-05 | S7: 7.8206311e-05 | T7: 7.8206311e-05 | U7: 0.00010893755 | V7: 0.002568212 | W7: 0.0033521206 | X7: 0.0033605003 | Y7: -0.0096689373 | Z7: 0.0022253008 | AA7: 0.0022253008 | AB7: 0.0022253008 | AC7: 0.0022253008 | AD7: 0.0022253008 | AE7: 0.0022253008 | AF7: 0 | BN7: =SUM(D7:BM7) -> 0.013351805 | BO7: =SUM(D7:Y7) -> 0 | BP7: =BN7-BO7 -> 0.013351805 | BQ7: 0.0022253008 | BR7: =C7 -> 0.020027707 | BS7: =BN7-BR7 -> -0.0066759025
B8: Mantenimiento de Pista | C8: 0.23710042 | D8: 0 | E8: 0 | F8: 0 | G8: 0.00011629346 | H8: 0.00034026605 | I8: 0.00041348786 | J8: 0.00041348786 | K8: 0.00034026605 | L8: 0.00034026605 | M8: 0.010934224 | N8: 0.014441136 | O8: 0.012730429 | P8: 0.014027648 | Q8: 0.014027648 | R8: 0.011543585 | S8: 0.011543585 | T8: 0.011543585 | U8: 0.014039088 | V8: 0.014046583 | W8: 0.014046583 | X8: 0.014046583 | Y8: 0.023143942 | Z8: 0.006113526 | AA8: 0.006113526 | AB8: 0.006113526 | AC8: 0.006113526 | AD8: 0.006113526 | AE8: 0.006113526 | AF8: 0.011 | AG8: 0.0070842509 | AH8: 0.006113526 | AI8: 0.01175 | AJ8: 0.01175 | AK8: 0.0118 | AL8: 0.0118 | BN8: =SUM(D8:BM8) -> 0.29005762 | BO8: =SUM(D8:Y8) -> 0.18207869 | BP8: =BN8-BO8 -> 0.10797893 | BQ8: =BP8/9 -> 0.011997659 | BR8: =C8 -> 0.23710042 | BS8: =BN8-BR8 -> 0.052957199 | BT8: =BQ8*9 -> 0.10797893 | BU8: =BS8/9 -> 0.0058841332 | BV8: 0.006113526
B9: Mantenimiento de Plataforma | C9: 0.025801453 | D9: 0 | E9: 0 | F9: 0 | G9: 0 | H9: 0 | I9: 0 | J9: 0 | K9: 0 | L9: 0 | M9: 0 | N9: 0 | O9: 0 | P9: 0 | Q9: 0 | R9: 0 | S9: 0 | T9: 0 | U9: 0 | V9: 0 | W9: 7.7528974e-05 | X9: 8.2697573e-05 | Y9: -0.00016022655 | Z9: 0.0028668282 | AA9: 0.0028668282 | AB9: 0.0028668282 | AC9: 0.0028668282 | AD9: 0.0028668282 | AE9: 0.0028668282 | AF9: 0.0022 | AG9: 0.0014045682 | AH9: 0.0028668282 | AI9: 0.002425 | AJ9: 0.002425 | AK9: 0.0024 | AL9: 0.0024 | BN9: =SUM(D9:BM9) -> 0.033322365 | BO9: =SUM(D9:Y9) -> 0 | BP9: =BN9-BO9 -> 0.033322365 | BQ9: 0.0028668282 | BR9: =C9 -> 0.025801453 | BS9: =BN9-BR9 -> 0.0075209119
B10: TOTAL | C10: =SUM(C4:C9) -> 1 | D10: =+SUM(D4:D9) -> 0.00062010366 | E10: =+SUM(E4:E9) -> 0.0004136858 | F10: =+SUM(F4:F9) -> 0.0037661153 | G10: =+SUM(G4:G9) -> 0.0022901309 | H10: =+SUM(H4:H9) -> 0.0034511826 | I10: =+SUM(I4:I9) -> 0.007967665 | J10: =+SUM(J4:J9) -> 0.008437918 | K10: =+SUM(K4:K9) -> 0.0070486483 | ... AE10: =+SUM(AE4:AE9) -> 0.030135111 | AF10: =SUM(AF4:AF9) -> 0.027437089 | AG10: =+SUM(AG4:AG9) -> 0.021712472 | AH10: =+SUM(AH4:AH9) -> 0.022651967 | AI10: =SUM(AI4:AI9) -> 0.03445 | AJ10: =SUM(AJ4:AJ9) -> 0.03445 | AK10: =+SUM(AK4:AK9) -> 0.0345 | AL10: =+SUM(AL4:AL9) -> 0.0345 | AM10: =+SUM(AM4:AM9) -> 0.018 | AN10: =+SUM(AN4:AN9) -> 0.018 | AO10: =+SUM(AO4:AO9) -> 0.018 | AP10: =+SUM(AP4:AP9) -> 0.018 | AQ10: =+SUM(AQ4:AQ9) -> 0.018 | AR10: =+SUM(AR4:AR9) -> 0.018 | ... BN10: =+SUM(BN4:BN9) -> 1.0881884
E11: =D10+E10 -> 0.0010337895 | F11: =F10+E11 -> 0.0047999047 | G11: =G10+F11 -> 0.0070900356 | H11: =H10+G11 -> 0.010541218 | I11: =I10+H11 -> 0.018508883 | J11: =J10+I11 -> 0.026946801 | K11: =K10+J11 -> 0.033995449 | L11: =L10+K11 -> 0.041637456 | M11: =M10+L11 -> 0.062171782 | N11: =N10+M11 -> 0.086919748
B12: Lado Tierra | C12: =+C4+C5 -> 0.69683338 | D12: =+D4+D5 -> 0.00062010366 | E12: =+E4+E5 -> 0.0004136858 | F12: =+F4+F5 -> 0.0037661153 | G12: =+G4+G5 -> 0.0021738374 | H12: =+H4+H5 -> 0.0031109166 | I12: =+I4+I5 -> 0.0075541771 | J12: =+J4+J5 -> 0.0080244301 | ... AH12: =+AH4+AH5 -> 0.011423053 | AI12: 0.018 | AJ12: 0.018 | AK12: =+AK4+AK5 -> 0.018 | AL12: =+AL4+AL5 -> 0.018 | AM12: =+AM4+AM5 -> 0.018 | AN12: =+AN4+AN5 -> 0.018 | AO12: =+AO4+AO5 -> 0.018 | AP12: =+AP4+AP5 -> 0.018 | AQ12: =+AQ4+AQ5 -> 0.018 | AR12: =+AR4+AR5 -> 0.018 | ... BM12: =+BM4+BM5 -> 0.018
B13: Lado Aire | C13: =+C6+C7+C8+C9 -> 0.30316662 | D13: =+D6+D7+D8+D9 -> 0 | E13: =+E6+E7+E8+E9 -> 0 | F13: =+F6+F7+F8+F9 -> 0 | G13: =+G6+G7+G8+G9 -> 0.00011629346 | H13: =+H6+H7+H8+H9 -> 0.00034026605 | I13: =+I6+I7+I8+I9 -> 0.00041348786 | J13: =+J6+J7+J8+J9 -> 0.00041348786 | ... AH13: =+AH6+AH7+AH8+AH9 -> 0.011228915 | AI13: 0.0165 | AJ13: 0.0165 | AK13: 0.0165 | AL13: =+AL6+AL7+AL8+AL9 -> 0.0165 | AM13: =+AM6+AM7+AM8+AM9 -> 0 | AN13: =+AN6+AN7+AN8+AN9 -> 0 | AO13: =+AO6+AO7+AO8+AO9 -> 0 | AP13: =+AP6+AP7+AP8+AP9 -> 0 | AQ13: =+AQ6+AQ7+AQ8+AQ9 -> 0 | AR13: =+AR6+AR7+AR8+AR9 -> 0 | AS13: =+AS6+AS7+AS8+AS9 -> 0 | ... BM13: =+BM6+BM7+BM8+BM9 -> 0
B15: Acumulado Lado Tierra | C15: =C12 -> 0.69683338 | D15: =D12 -> 0.00062010366 | E15: =E12+D15 -> 0.0010337895 | F15: =F12+E15 -> 0.0047999047 | G15: =G12+F15 -> 0.0069737421 | H15: =H12+G15 -> 0.010084659 | I15: =I12+H15 -> 0.017638836 | J15: =J12+I15 -> 0.025663266 | K15: =K12+J15 -> 0.032371648 | L15: =L12+K15 -> 0.039673389 | ... AE15: =AE12+AD15 -> 0.12968292 | AF15: 0.0375 | AG15: =AG12+AF15 -> 0.048923053 | AH15: 0.0941 | AI15: =ROUND((AI12+AH15),4) -> 0.1121 | AJ15: =AJ12+AI15 -> 0.1301 | AK15: =AK12+AJ15 -> 0.1481 | AL15: =AL12+AK15 -> 0.1661 | AM15: =AM12+AL15 -> 0.1841 | AN15: =AN12+AM15 -> 0.2021 | AO15: =AO12+AN15 -> 0.2201 | AP15: =AP12+AO15 -> 0.2381 | AQ15: =AQ12+AP15 -> 0.2561 | ... BM15: =BM12+BL15 -> 0.6521
B16: Acumulado Lado Aire | C16: =C13 -> 0.30316662 | D16: =D13 -> 0 | E16: =E13+D16 -> 0 | F16: =F13+E16 -> 0 | G16: =G13+F16 -> 0.00011629346 | H16: =H13+G16 -> 0.00045655952 | I16: =I13+H16 -> 0.00087004738 | J16: =J13+I16 -> 0.0012835352 | K16: =K13+J16 -> 0.0016238013 | L16: =L13+K16 -> 0.0019640674 | ... AE16: =AE13+AD16 -> 0.26280398 | AF16: 0.2628 | AG16: =AG13+AF16 -> 0.27308942 | AH16: 0.2805 | AI16: =ROUND((AI13+AH16),4) -> 0.297 | AJ16: =AJ13+AI16 -> 0.3135 | AK16: =AK13+AJ16 -> 0.33 | AL16: =AL13+AK16 -> 0.3465 | AM16: =AM13+AL16 -> 0.3465 | AN16: =AN13+AM16 -> 0.3465 | AO16: =AO13+AN16 -> 0.3465 | AP16: =AP13+AO16 -> 0.3465 | AQ16: 0.2396 | AR16: =AR13+AQ16 -> 0.2396 | AS16: =AS13+AR16 -> 0.2396 | AT16: =AT13+AS16 -> 0.2396 | AU16: =AU13+AT16 -> 0.2396 | AV16: =AV13+AU16 -> 0.2396 | AW16: =AW13+AV16 -> 0.2396 | AX16: =AX13+AW16 -> 0.2396 | AY16: =AY13+AX16 -> 0.2396 | ... BM16: =BM13+BL16 -> 0.2396
O17: =SUM(O15:O16) -> 0.10816493 | P17: =SUM(P15:P16) -> 0.13300314 | Q17: =SUM(Q15:Q16) -> 0.16126468 | R17: =SUM(R15:R16) -> 0.18831017 | S17: =SUM(S15:S16) -> 0.21618142 | T17: =SUM(T15:T16) -> 0.24534025 | U17: =SUM(U15:U16) -> 0.28333159 | V17: =SUM(V15:V16) -> 0.32669011 | ... AG17: =SUM(AG15:AG16) -> 0.32201247 | AH17: 0.3746 | AI17: =SUM(AI15:AI16) -> 0.4091 | AJ17: =AJ16+AJ15 -> 0.4436 | AK17: =SUM(AK15:AK16) -> 0.4781 | AL17: =SUM(AL15:AL16) -> 0.5126 | AM17: =SUM(AM15:AM16) -> 0.5306 | AN17: =SUM(AN15:AN16) -> 0.5486 | AO17: =SUM(AO15:AO16) -> 0.5666 | AP17: =SUM(AP15:AP16) -> 0.5846 | AQ17: =SUM(AQ15:AQ16) -> 0.4957 | AR17: =SUM(AR15:AR16) -> 0.5137 | ... BM17: =SUM(BM15:BM16) -> 0.8917
P20: =P12+P13 -> 0.024838213 | Q20: =Q12+Q13 -> 0.028261539 | R20: =R12+R13 -> 0.027045495 | S20: =S12+S13 -> 0.027871248 | T20: =T12+T13 -> 0.029158832 | U20: =U12+U13 -> 0.037991334 | V20: =V12+V13 -> 0.043358517 | W20: =W12+W13 -> 0.054616491 | ... BM20: =BM12+BM13 -> 0.018
B22: 4.5516647e+10 | AB22: =+AB12*$B$22 -> 7.5925845e+08 | AC22: =+AC12*$B$22 -> 7.5925845e+08 | AD22: =+AD12*$B$22 -> 7.5925845e+08 | AE22: =+AE12*$B$22 -> 7.5925845e+08 | AF22: =+AF12*$B$22 -> 5.1993905e+08 | AG22: =+AG12*$B$22 -> 5.1993905e+08 | AH22: =+AH12*$B$22 -> 5.1993905e+08 | AI22: =+AI12*$B$22 -> 8.1929965e+08 | AJ22: =+AJ12*$B$22 -> 8.1929965e+08 | AK22: =AK12*B22 -> 8.1929965e+08 | AL22: =AL12*$B$22 -> 8.1929965e+08 | AM22: =AM12*$B$22 -> 8.1929965e+08 | AN22: =AN12*$B$22 -> 8.1929965e+08 | AO22: =AO12*$B$22 -> 8.1929965e+08 | AP22: =AP12*$B$22 -> 8.1929965e+08 | AQ22: =AQ12*$B$22 -> 8.1929965e+08 | AR22: =AR12*$B$22 -> 8.1929965e+08
AB23: =+AB13*$B$22 -> 6.1239077e+08 | AC23: =+AC13*$B$22 -> 6.1239077e+08 | AD23: =+AD13*$B$22 -> 6.1239077e+08 | AE23: =+AE13*$B$22 -> 6.1239077e+08 | AF23: =+AF13*$B$22 -> 7.2890525e+08 | AG23: =+AG13*$B$22 -> 4.683399e+08 | AH23: =+AH13*$B$22 -> 5.1110254e+08 | AI23: =+AI13*$B$22 -> 7.5102468e+08 | AJ23: =+AJ13*$B$22 -> 7.5102468e+08 | AK23: =AK13*B22 -> 7.5102468e+08 | AL23: =AL13*$B$22 -> 7.5102468e+08 | AM23: =AM13*$B$22 -> 0 | AN23: =AN13*$B$22 -> 0 | AO23: =AO13*$B$22 -> 0 | AP23: =AP13*$B$22 -> 0 | AQ23: =AQ13*$B$22 -> 0 | AR23: =AR13*$B$22 -> 0
AB24: =+AB15*$B$22 -> 3.6249561e+09 | AC24: =+AC15*$B$22 -> 4.3842146e+09 | AD24: =+AD15*$B$22 -> 5.143473e+09 | AE24: =+AE15*$B$22 -> 5.9027315e+09 | AF24: =+AF15*$B$22 -> 1.7068743e+09 | AG24: =+AG15*$B$22 -> 2.2268133e+09 | AH24: =+AH15*$B$22 -> 4.2831165e+09 | AI24: =+AI15*$B$22 -> 5.1024161e+09 | AJ24: =AJ15*$B$22 -> 5.9217158e+09 | AK24: =AK15*B22 -> 6.7410154e+09 | AL24: =AL15*$B$22 -> 7.5603151e+09 | AM24: =AM15*$B$22 -> 8.3796147e+09 | AN24: =AN15*$B$22 -> 9.1989144e+09 | AO24: =AO15*$B$22 -> 1.0018214e+10 | AP24: =AP15*$B$22 -> 1.0837514e+10 | AQ24: =AQ15*$B$22 -> 1.1656813e+10 | AR24: =AR15*$B$22 -> 1.2476113e+10
AB25: =+AB16*$B$22 -> 1.0124784e+10 | AC25: =+AC16*$B$22 -> 1.0737174e+10 | AD25: =+AD16*$B$22 -> 1.1349565e+10 | AE25: =+AE16*$B$22 -> 1.1961956e+10 | AF25: =+AF16*$B$22 -> 1.1961775e+10 | AG25: =+AG16*$B$22 -> 1.2430115e+10 | AH25: =+AH16*$B$22 -> 1.2767419e+10 | AI25: =+AI16*$B$22 -> 1.3518444e+10 | AJ25: =AJ16*$B$22 -> 1.4269469e+10 | AK25: =AK16*B22 -> 1.5020494e+10 | AL25: =AL16*$B$22 -> 1.5771518e+10 | AM25: =AM16*$B$22 -> 1.5771518e+10 | AN25: =AN16*$B$22 -> 1.5771518e+10 | AO25: =AO16*$B$22 -> 1.5771518e+10 | AP25: =AP16*$B$22 -> 1.5771518e+10 | AQ25: =AQ16*$B$22 -> 1.0905789e+10 | AR25: =AR16*$B$22 -> 1.0905789e+10
B27: Programado semanal | AD27: =SUM(AD22:AD23) -> 1.3716492e+09 | AE27: =SUM(AE22:AE23) -> 1.3716492e+09 | AF27: =SUM(AF22:AF23) -> 1.2488443e+09 | AG27: =SUM(AG22:AG23) -> 9.8827895e+08 | AH27: =SUM(AH22:AH23) -> 1.0310416e+09 | AI27: =SUM(AI22:AI23) -> 1.5703243e+09 | AJ27: =SUM(AJ22:AJ23) -> 1.5703243e+09 | AK27: =AK22+AK23 -> 1.5703243e+09 | AL27: =AL22+AL23 -> 1.5703243e+09 | AM27: =AM22+AM23 -> 8.1929965e+08 | AN27: =AN22+AN23 -> 8.1929965e+08 | AO27: =AO22+AO23 -> 8.1929965e+08 | AP27: =AP22+AP23 -> 8.1929965e+08 | AQ27: =AQ22+AQ23 -> 8.1929965e+08 | AR27: =AR22+AR23 -> 8.1929965e+08
B28: Programado acumulado | AD28: =SUM(AD24:AD25) -> 1.6493038e+10 | AE28: =SUM(AE24:AE25) -> 1.7864687e+10 | AF28: =SUM(AF24:AF25) -> 1.3668649e+10 | AG28: =SUM(AG24:AG25) -> 1.4656928e+10 | AH28: =SUM(AH24:AH25) -> 1.7050536e+10 | AI28: =SUM(AI24:AI25) -> 1.862086e+10 | AJ28: =SUM(AJ24:AJ25) -> 2.0191185e+10 | AK28: =AK24+AK25 -> 2.1761509e+10 | AL28: =AL24+AL25 -> 2.3331833e+10 | AM28: =AM24+AM25 -> 2.4151133e+10 | AN28: =AN24+AN25 -> 2.4970433e+10 | AO28: =AO24+AO25 -> 2.5789732e+10 | AP28: =AP24+AP25 -> 2.6609032e+10 | AQ28: =AQ24+AQ25 -> 2.2562602e+10 | AR28: =AR24+AR25 -> 2.3381902e+10

Sheet CANTIDADES
A2: CONTRATAR LA CONSTRUCCIÓN DE TERMINAL (INTERNACIONAL) Y EL MANTENIMIENTO DE PISTA, CALLES DE RODAJE, PLATAFORMA, TERMINAL Y ZONAS DE SEGURIDAD. DEL AEROPUERTO EL EDÉN DE ARMENIA.
A3: PRESUPUESTO OFICIAL | D3: CANTIDADES DE OBRA | G3: SEMANA No 01 (Julio 18 - Julio 29) | I3: SEMANA No 02 (Julio 29 - Agosto 3) | K3: SEMANA No 03 (Octubre 03 - Octubre 07) | M3: SEMANA No 04 (Octubre 08 - Octubre 14) | O3: SEMANA No 05 (Octubre 15 - Octubre 21) | Q3: SEMANA No 06 (Octubre 22 - Octubre 28) | S3: SEMANA No 07 (Octubre 29 - Noviembre 04) | U3: SEMANA No 08 (Nov. 05 - Nov. 11) | W3: SEMANA No 09 (Nov. 12 - Nov. 18) | Y3: SEMANA No 10 (Nov. 19 - Nov. 25) | AA3: SEMANA No 11 (Nov. 26 - Dic. 02) | AC3: SEMANA No 12 (Dic. 03 - Dic. 09) | AE3: SEMANA No 13 (Dic. 10 - Dic. 16) | AG3: SEMANA No 14 (Dic. 17 - Dic. 23) | AI3: SEMANA No 15 (Dic. 24 - Ene. 06) | AK3: SEMANA No 16 (Ene. 07 - Ene. 13) | AM3: SEMANA No 17 (Ene. 14 - Ene. 20) | AO3: SEMANA No 18 (Ene. 21 - Ene. 27) | AQ3: SEMANA No 19 (Ene. 28 - Feb. 03) | AS3: SEMANA No 20 (Feb. 04 - Feb. 10) | AU3: SEMANA No 21 (Feb. 11 - Feb. 17) | AW3: SEMANA No. 22 (Feb. 18 - Feb. 24) | AY3: SEMANA No. 23 (Feb. 25 - Mar. 03) | BA3: SEMANA No. 24 (Mar. 04 - Mar. 10) | BC3: SEMANA No. 25 (Mar. 11 - Mar. 17) | BE3: SEMANA No. 26 (Mar. 18 - Mar. 24) | BG3: SEMANA No. 27 (Mar. 25 - Mar. 31) | BI3: SEMANA No. 28 (Abril 01 - Abril 07) | BK3: SEMANA No. 29 (Abril 08 - Abril 14) | BM3: SEMANA No. 30 (Abril 15 - Abril 21) | BO3: SEMANA No. 31 (Abril 22 - Abril 28) | BQ3: SEMANA No. 32 (Abril 29 - Mayo 5) | BS3: SEMANA No. 33 (Mayo 6 - Mayo 12) | BU3: SEMANA No. 34 (Mayo 13 - Mayo 19) | BW3: SEMANA No. 35 (Mayo 20 - Mayo 26) | BY3: SEMANA No. 36 | CA3: SEMANA No. 37 | CC3: SEMANA No. 38 | CE3: SEMANA No. 39 | CG3: SEMANA No. 40 | CI3: SEMANA No. 41 | CK3: SEMANA No. 42 | CM3: SEMANA No. 43 | CO3: SEMANA No. 44 | CQ3: SEMANA No. 45 | CS3: SEMANA No. 46 | CU3: SEMANA No. 47 | CW3: SEMANA No. 48 | CY3: SEMANA No. 49 | DA3: SEMANA No. 50 | DC3: SEMANA No. 51 | DE3: SEMANA No. 52 | DG3: SEMANA No. 53 | DI3: SEMANA No. 54 | DK3: SEMANA No. 55 | DM3: SEMANA No. 56 | DO3: SEMANA No. 57 | DQ3: SEMANA No. 58 | DS3: SEMANA No. 59 | DU3: SEMANA No. 60 | DW3: SEMANA No. 61 | DY3: SEMANA No. 62 | EA3: ACUMULADO | ED3: Avance | EE3: Verificación
A4: Tipo | B4: ACTUACIONES | C4: Und | D4: Cant | E4: Valor Unitario | F4: Valor Parcial
B5: =EH5 -> CONSTRUCCION DE TERMINAL | C5: =EI5 -> 0 | D5: =EJ5 -> 0 | E5: =EK5 -> 0 | F5: =+F6+F16+F22+F27+F35+F40+F44+F52+F137+F220+F295+F303+F409+F411+F425+F435+F441+F454+F468+F473+F480+F486 -> 2.0882003e+10 | EH5: CONSTRUCCION DE TERMINAL
A6: =EG6 -> 1.0 | B6: =EH6 -> PRELIMINARES | C6: =EI6 -> 0 | D6: =EJ6 -> 0 | E6: =EK6 -> 0 | F6: =SUM(F7:F15) -> 3.1687013e+08 | H6: =+E6*G6 -> 0 | J6: =I6*E6 -> 0 | L6: =K6*E6 -> 0 | N6: =M6*E6 -> 0 | BN6: =+BM6*E6 -> 0 | EA6: =+G6+I6+K6+M6+O6+Q6+S6+U6+W6+Y6+AA6+AC6+AE6+AG6+AI6+AK6+AM6+AO6+AQ6+AW6+AS6+AU6+AY6+BA6+BC6+BE6+BG6+BI6+BK6+BM6+BO6+BQ6+BS6+BU6+BW6+BY6+CA6+CC6+CE6+CG6+CI6+CK6+CM6+CO6+CQ6+CS6+CU6+CW6+CY6+DA6+DC6+DE6+DG6+DI6+DK6+DM6+DO6+DQ6+DS6+DU6+DW6+DY6 -> 0 | EB6: =+EA6*E6 -> 0 | EC6: =+EB6/$EB$745 -> #REF! | ED6: =+EB6/$F$745 -> 0 | EE6: =D6-EA6 -> 0 | EG6: 1.0 | EH6: PRELIMINARES
A7: =EG7 -> 1.1.1 | B7: =EH7 -> CAMPAMENTO 18 M2 | C7: =EI7 -> UN | D7: =EJ7 -> 3 | E7: =EK7 -> 1741858.5 | F7: =+D7*E7 -> 5225575.4 | G7: 1 | H7: =+E7*G7 -> 1741858.5 | I7: 1 | J7: =I7*E7 -> 1741858.5 | K7: 1 | L7: =K7*E7 -> 1741858.5 | N7: =M7*E7 -> 0 | BK7: 0 | BL7: =BK7*E7 -> 0 | BN7: =+BM7*E7 -> 0 | BP7: =BO7*E7 -> 0 | BX7: =BW7*E7 -> 0 | BZ7: =BX7/E17 -> 0 | EA7: =+G7+I7+K7+M7+O7+Q7+S7+U7+W7+Y7+AA7+AC7+AE7+AG7+AI7+AK7+AM7+AO7+AQ7+AW7+AS7+AU7+AY7+BA7+BC7+BE7+BG7+BI7+BK7+BM7+BO7+BQ7+BS7+BU7+BW7+BY7+CA7+CC7+CE7+CG7+CI7+CK7+CM7+CO7+CQ7+CS7+CU7+CW7+CY7+DA7+DC7+DE7+DG7+DI7+DK7+DM7+DO7+DQ7+DS7+DU7+DW7+DY7 -> 3 | EB7: =+EA7*E7 -> 5225575.4 | EC7: =+EB7/$EB$745 -> #REF! | ED7: =+EB7/$F$745 -> 0.00014662929 | EE7: =D7-EA7 -> 0 | EG7: 1.1.1 | EH7: CAMPAMENTO 18 M2 | EI7: UN | EJ7: 3 | EK7: 1741858.5
A8: =EG8 -> 1.1.2 | B8: =EH8 -> CERCA EN TEJA DE ZINC H=1.80 M | C8: =EI8 -> ML | D8: =EJ8 -> 700 | E8: =EK8 -> 40084.11 | F8: =+D8*E8 -> 28058877 | G8: 40 | H8: =+E8*G8 -> 1603364.4 | I8: 50 | J8: =I8*E8 -> 2004205.5 | K8: 30 | L8: =K8*E8 -> 1202523.3 | M8: 10 | N8: =M8*E8 -> 400841.1 | O8: 0.24 | P8: =O8*E8 -> 9620.1864 | BK8: 0 | BL8: =BK8*E8 -> 0 | BN8: =+BM8*E8 -> 0 | BP8: =BO8*E8 -> 0 | BX8: =BW8*E8 -> 0 | EA8: =+G8+I8+K8+M8+O8+Q8+S8+U8+W8+Y8+AA8+AC8+AE8+AG8+AI8+AK8+AM8+AO8+AQ8+AW8+AS8+AU8+AY8+BA8+BC8+BE8+BG8+BI8+BK8+BM8+BO8+BQ8+BS8+BU8+BW8+BY8+CA8+CC8+CE8+CG8+CI8+CK8+CM8+CO8+CQ8+CS8+CU8+CW8+CY8+DA8+DC8+DE8+DG8+DI8+DK8+DM8+DO8+DQ8+DS8+DU8+DW8+DY8 -> 130.24 | EB8: =+EA8*E8 -> 5220554.5 | EC8: =+EB8/$EB$745 -> #REF! | ED8: =+EB8/$F$745 -> 0.0001464884 | EE8: =D8-EA8 -> 569.76 | EG8: 1.1.2 | EH8: CERCA EN TEJA DE ZINC H=1.80 M | EI8: ML | EJ8: 700 | EK8: 40084.11
A9: =EG9 -> 1.1.3 | B9: =EH9 -> CERCA EN TELA VERDE H = 2.10 M | C9: =EI9 -> ML | D9: =EJ9 -> 221 | E9: =EK9 -> 17855.64 | F9: =+D9*E9 -> 3946096.4 | H9: =+E9*G9 -> 0 | J9: =I9*E9 -> 0 | L9: =K9*E9 -> 0 | M9: 39.37 | N9: =M9*E9 -> 702976.55 | AY9: -39.37 | AZ9: =+AY9*E9 -> -702976.55 | BK9: 0 | BL9: =BK9*E9 -> 0 | BN9: =+BM9*E9 -> 0 | BP9: =BO9*E9 -> 0 | BW9: 0 | EA9: =+G9+I9+K9+M9+O9+Q9+S9+U9+W9+Y9+AA9+AC9+AE9+AG9+AI9+AK9+AM9+AO9+AQ9+AW9+AS9+AU9+AY9+BA9+BC9+BE9+BG9+BI9+BK9+BM9+BO9+BQ9+BS9+BU9+BW9+BY9+CA9+CC9+CE9+CG9+CI9+CK9+CM9+CO9+CQ9+CS9+CU9+CW9+CY9+DA9+DC9+DE9+DG9+DI9+DK9+DM9+DO9+DQ9+DS9+DU9+DW9+DY9 -> 0 | EB9: =+EA9*E9 -> 0 | EC9: =+EB9/$EB$745 -> #REF! | ED9: =+EB9/$F$745 -> 0 | EE9: =D9-EA9 -> 221 | EG9: 1.1.3 | EH9: CERCA EN TELA VERDE H = 2.10 M | EI9: ML | EJ9: 221 | EK9: 17855.64
A10: =EG10 -> 1.1.4 | B10: =EH10 -> DESCAPOTE A MAQUINA E=0.20 M | C10: =EI10 -> M2 | D10: =EJ10 -> 1492.08 | E10: =EK10 -> 5868.72 | F10: =+D10*E10 -> 8756599.7 | H10: =+E10*G10 -> 0 | J10: =I10*E10 -> 0 | L10: =K10*E10 -> 0 | M10: 242 | N10: =M10*E10 -> 1420230.2 | O10: 1250.08 | P10: =O10*E10 -> 7336369.5 | BK10: 20 | BL10: =BK10*E10 -> 117374.4 | BN10: =+BM10*E10 -> 0 | BP10: =BO10*E10 -> 0 | BW10: 1500.4 | BX10: =BW10*E10 -> 8805427.5 | EA10: =+G10+I10+K10+M10+O10+Q10+S10+U10+W10+Y10+AA10+AC10+AE10+AG10+AI10+AK10+AM10+AO10+AQ10+AW10+AS10+AU10+AY10+BA10+BC10+BE10+BG10+BI10+BK10+BM10+BO10+BQ10+BS10+BU10+BW10+BY10+CA10+CC10+CE10+CG10+CI10+CK10+CM10+CO10+CQ10+CS10+CU10+CW10+CY10+DA10+DC10+DE10+DG10+DI10+DK10+DM10+DO10+DQ10+DS10+DU10+DW10+DY10 -> 3012.48 | EB10: =+EA10*E10 -> 17679402 | EC10: =+EB10/$EB$745 -> #REF! | ED10: =+EB10/$F$745 -> 0.00049608279 | EE10: =D10-EA10 -> -1520.4 | EG10: 1.1.4 | EH10: DESCAPOTE A MAQUINA E=0.20 M | EI10: M2 | EJ10: =242+1250.08 -> 1492.08 | EK10: 5868.72
A11: =EG11 -> 1.1.5 | B11: =EH11 -> LOCALIZACIÓN Y REPLANTEO DE CIMIENTOS CON ELEMENTOS DE PRECISIÓN | C11: =EI11 -> M2 | D11: =EJ11 -> 3937 | E11: =EK11 -> 797.94 | F11: =+D11*E11 -> 3141489.8 | H11: =+E11*G11 -> 0 | I11: 100 | J11: =I11*E11 -> 79794 | K11: 100 | L11: =K11*E11 -> 79794 | M11: 600 | N11: =M11*E11 -> 478764 | O11: 1747.22 | P11: =O11*E11 -> 1394176.7 | BK11: 0 | BL11: =BK11*E11 -> 0 | BN11: =+BM11*E11 -> 0 | BP11: =BO11*E11 -> 0 | BW11: 2547.31 | BX11: =BW11*E11 -> 2032600.5 | EA11: =+G11+I11+K11+M11+O11+Q11+S11+U11+W11+Y11+AA11+AC11+AE11+AG11+AI11+AK11+AM11+AO11+AQ11+AW11+AS11+AU11+AY11+BA11+BC11+BE11+BG11+BI11+BK11+BM11+BO11+BQ11+BS11+BU11+BW11+BY11+CA11+CC11+CE11+CG11+CI11+CK11+CM11+CO11+CQ11+CS11+CU11+CW11+CY11+DA11+DC11+DE11+DG11+DI11+DK11+DM11+DO11+DQ11+DS11+DU11+DW11+DY11 -> 5094.53 | EB11: =+EA11*E11 -> 4065129.3 | EC11: =+EB11/$EB$745 -> #REF! | ED11: =+EB11/$F$745 -> 0.00011406725 | EE11: =D11-EA11 -> -1157.53 | EG11: 1.1.5 | EH11: LOCALIZACIÓN Y REPLANTEO DE CIMIENTOS CON ELEMENTOS DE PRECISIÓN | EI11: M2 | EJ11: 3937 | EK11: 797.94
A12: =EG12 -> 1.1.6 | B12: =EH12 -> RED PROVISIONAL ELECTRICA DE 500 M CON TRANSFORMADOR DE 75 KVA | C12: =EI12 -> UN | D12: =EJ12 -> 2 | E12: =EK12 -> 1.0568437e+08 | F12: =+D12*E12 -> 2.1136873e+08 | H12: =+E12*G12 -> 0 | J12: =I12*E12 -> 0 | K12: 0.2 | L12: =K12*E12 -> 21136873 | M12: 0.2 | N12: =M12*E12 -> 21136873 | O12: 0.32 | P12: =O12*E12 -> 33818997 | AY12: -0.72 | AZ12: =+AY12*E12 -> -76092744 | BK12: 0 | BL12: =BK12*E12 -> 0 | BN12: =+BM12*E12 -> 0 | BP12: =BO12*E12 -> 0 | BW12: 0 | BX12: =BW12*E12 -> 0 | EA12: =+G12+I12+K12+M12+O12+Q12+S12+U12+W12+Y12+AA12+AC12+AE12+AG12+AI12+AK12+AM12+AO12+AQ12+AW12+AS12+AU12+AY12+BA12+BC12+BE12+BG12+BI12+BK12+BM12+BO12+BQ12+BS12+BU12+BW12+BY12+CA12+CC12+CE12+CG12+CI12+CK12+CM12+CO12+CQ12+CS12+CU12+CW12+CY12+DA12+DC12+DE12+DG12+DI12+DK12+DM12+DO12+DQ12+DS12+DU12+DW12+DY12 -> 0 | EB12: =+EA12*E12 -> 0 | EC12: =+EB12/$EB$745 -> #REF! | ED12: =+EB12/$F$745 -> 0 | EE12: =D12-EA12 -> 2 | EG12: 1.1.6 | EH12: RED PROVISIONAL ELECTRICA DE 500 M CON TRANSFORMADOR DE 75 KVA | EI12: UN | EJ12: 2 | EK12: 1.0568437e+08
A13: =EG13 -> 1.1.7 | B13: =EH13 -> RETIRO DE SOBRANTES A UNA DISTANCIA DE 8 KM (INCLUYE CARGUE) | C13: =EI13 -> M3 | D13: =EJ13 -> 3000 | E13: =EK13 -> 14380.74 | F13: =+D13*E13 -> 43142220 | H13: =+E13*G13 -> 0 | J13: =I13*E13 -> 0 | L13: =K13*E13 -> 0 | N13: =M13*E13 -> 0 | BK13: 0 | BL13: =BK13*E13 -> 0 | BN13: =+BM13*E13 -> 0 | BP13: =BO13*E13 -> 0 | BW13: 0 | BX13: =BW13*E13 -> 0 | EA13: =+G13+I13+K13+M13+O13+Q13+S13+U13+W13+Y13+AA13+AC13+AE13+AG13+AI13+AK13+AM13+AO13+AQ13+AW13+AS13+AU13+AY13+BA13+BC13+BE13+BG13+BI13+BK13+BM13+BO13+BQ13+BS13+BU13+BW13+BY13+CA13+CC13+CE13+CG13+CI13+CK13+CM13+CO13+CQ13+CS13+CU13+CW13+CY13+DA13+DC13+DE13+DG13+DI13+DK13+DM13+DO13+DQ13+DS13+DU13+DW13+DY13 -> 0 | EB13: =+EA13*E13 -> 0 | EC13: =+EB13/$EB$745 -> #REF! | ED13: =+EB13/$F$745 -> 0 | EE13: =D13-EA13 -> 3000 | EG13: 1.1.7 | EH13: RETIRO DE SOBRANTES A UNA DISTANCIA DE 8 KM (INCLUYE CARGUE) | EI13: M3 | EJ13: 3000 | EK13: 14380.74
A14: =EG14 -> 1.1.8 | B14: =EH14 -> RED DE ACUEDUCTO PROVISIONAL | C14: =EI14 -> UN | D14: =EJ14 -> 2 | E14: =EK14 -> 1665269.1 | F14: =+D14*E14 -> 3330538.2 | H14: =+E14*G14 -> 0 | J14: =I14*E14 -> 0 | K14: 1 | L14: =K14*E14 -> 1665269.1 | N14: =M14*E14 -> 0 | BK14: 0 | BL14: =BK14*E14 -> 0 | BN14: =+BM14*E14 -> 0 | BP14: =BO14*E14 -> 0 | BW14: 1 | BX14: =BW14*E14 -> 1665269.1 | EA14: =+G14+I14+K14+M14+O14+Q14+S14+U14+W14+Y14+AA14+AC14+AE14+AG14+AI14+AK14+AM14+AO14+AQ14+AW14+AS14+AU14+AY14+BA14+BC14+BE14+BG14+BI14+BK14+BM14+BO14+BQ14+BS14+BU14+BW14+BY14+CA14+CC14+CE14+CG14+CI14+CK14+CM14+CO14+CQ14+CS14+CU14+CW14+CY14+DA14+DC14+DE14+DG14+DI14+DK14+DM14+DO14+DQ14+DS14+DU14+DW14+DY14 -> 2 | EB14: =+EA14*E14 -> 3330538.2 | EC14: =+EB14/$EB$745 -> #REF! | ED14: =+EB14/$F$745 -> 9.3454672e-05 | EE14: =D14-EA14 -> 0 | EG14: 1.1.8 | EH14: RED DE ACUEDUCTO PROVISIONAL | EI14: UN | EJ14: 2 | EK14: 1665269.1
A15: =EG15 -> 1.1.9 | B15: =EH15 -> SUBESTACION MOVIL | C15: =EI15 -> MES | D15: =EJ15 -> 1 | E15: =EK15 -> 9900000 | F15: =+D15*E15 -> 9900000 | H15: =+E15*G15 -> 0 | J15: =I15*E15 -> 0 | L15: =K15*E15 -> 0 | N15: =M15*E15 -> 0 | BK15: 0 | BL15: =BK15*E15 -> 0 | BN15: =+BM15*E15 -> 0 | BP15: =BO15*E15 -> 0 | BX15: =BW15*E15 -> 0 | EA15: =+G15+I15+K15+M15+O15+Q15+S15+U15+W15+Y15+AA15+AC15+AE15+AG15+AI15+AK15+AM15+AO15+AQ15+AW15+AS15+AU15+AY15+BA15+BC15+BE15+BG15+BI15+BK15+BM15+BO15+BQ15+BS15+BU15+BW15+BY15+CA15+CC15+CE15+CG15+CI15+CK15+CM15+CO15+CQ15+CS15+CU15+CW15+CY15+DA15+DC15+DE15+DG15+DI15+DK15+DM15+DO15+DQ15+DS15+DU15+DW15+DY15 -> 0 | EB15: =+EA15*E15 -> 0 | EC15: =+EB15/$EB$745 -> #REF! | ED15: =+EB15/$F$745 -> 0 | EE15: =D15-EA15 -> 1 | EG15: 1.1.9 | EH15: SUBESTACION MOVIL | EI15: MES | EJ15: 1 | EK15: 9900000
A16: =EG16 -> 2.0 | B16: =EH16 -> EXCAVACIONES Y RELLENOS | C16: =EI16 -> 0 | D16: =EJ16 -> 0 | E16: =EK16 -> 0 | F16: =SUM(F17:F21) -> 2.759611e+08 | H16: =+E16*G16 -> 0 | J16: =I16*E16 -> 0 | L16: =K16*E16 -> 0 | N16: =M16*E16 -> 0 | BK16: 0 | BL16: =BK16*E16 -> 0 | BN16: =+BM16*E16 -> 0 | BP16: =BO16*E16 -> 0 | EA16: =+G16+I16+K16+M16+O16+Q16+S16+U16+W16+Y16+AA16+AC16+AE16+AG16+AI16+AK16+AM16+AO16+AQ16+AW16+AS16+AU16+AY16+BA16+BC16+BE16+BG16+BI16+BK16+BM16+BO16+BQ16+BS16+BU16+BW16+BY16+CA16+CC16+CE16+CG16+CI16+CK16+CM16+CO16+CQ16+CS16+CU16+CW16+CY16+DA16+DC16+DE16+DG16+DI16+DK16+DM16+DO16+DQ16+DS16+DU16+DW16+DY16 -> 0 | EB16: =+EA16*E16 -> 0 | EC16: =+EB16/$EB$745 -> #REF! | ED16: =+EB16/$F$745 -> 0 | EE16: =D16-EA16 -> 0 | EG16: 2.0 | EH16: EXCAVACIONES Y RELLENOS
A17: =EG17 -> 2.1.1 | B17: =EH17 -> EXCAVACIONES VARIAS A MÁQUINA SIN CLASIFICAR (INCLUYE RETIRO DE SOBRANTES A UNA DISTANCIA MENOR DE 8 KM) | C17: =EI17 -> M3 | D17: =EJ17 -> 4666 | E17: =EK17 -> 23143.23 | F17: =+D17*E17 -> 1.0798631e+08 | H17: =+E17*G17 -> 0 | J17: =I17*E17 -> 0 | L17: =K17*E17 -> 0 | M17: 56 | N17: =M17*E17 -> 1296020.9 | O17: 35.91 | P17: =O17*E17 -> 831073.39 | Q17: 1106.23 | R17: =Q17*E17 -> 25601735 | U17: 1279.51 | V17: =+U17*E17 -> 29611994 | AY17: =-2477.65+2101.49 -> -376.16 | AZ17: =+AY17*E17 -> -8705557.4 | BA17: 208.13 | BB17: =+BA17*E17 -> 4816800.5 | BC17: 125.4 | BD17: =+BC17*$E$17 -> 2902161 | BE17: 102.4 | BF17: =+BE17*$E$17 -> 2369866.8 | BG17: 81.6 | BH17: =+BG17*$E$17 -> 1888487.6 | BK17: 192 | BL17: =BK17*E17 -> 4443500.2 | BN17: =+BM17*E17 -> 0 | BP17: =BO17*E17 -> 0 | BQ17: =150+190.99+136.39+59.34+31.88 -> 568.6 | BR17: =BQ17*E17 -> 13159241 | BS17: 50.2 | BT17: =BS17*E17 -> 1161790.1 | BW17: 3072.11 | BX17: =BW17*E17 -> 71098548 | CE17: 20.16 | CF17: =+CE17*$E17 -> 466567.52 | EA17: =+G17+I17+K17+M17+O17+Q17+S17+U17+W17+Y17+AA17+AC17+AE17+AG17+AI17+AK17+AM17+AO17+AQ17+AW17+AS17+AU17+AY17+BA17+BC17+BE17+BG17+BI17+BK17+BM17+BO17+BQ17+BS17+BU17+BW17+BY17+CA17+CC17+CE17+CG17+CI17+CK17+CM17+CO17+CQ17+CS17+CU17+CW17+CY17+DA17+DC17+DE17+DG17+DI17+DK17+DM17+DO17+DQ17+DS17+DU17+DW17+DY17 -> 6522.09 | EB17: =+EA17*E17 -> 1.5094223e+08 | EC17: =+EB17/$EB$745 -> #REF! | ED17: =+EB17/$F$745 -> 0.0042354285 | EE17: =D17-EA17 -> -1856.09 | EG17: 2.1.1 | EH17: EXCAVACIONES VARIAS A MÁQUINA SIN CLASIFICAR (INCLUYE RETIRO DE SOBRANTES A UNA DISTANCIA MENOR DE 8 KM) | EI17: M3 | EJ17: 4666 | EK17: 23143.23
A18: =EG18 -> 2.2.2 | B18: =EH18 -> EXCAVACIÓN MANUAL EN MATERIAL COMÚN H=0.0-2.0 M (INCLUYE RETIRO DE SOBRANTES A UNA DISTANCIA MENOR DE 8 KM) | C18: =EI18 -> M3 | D18: =EJ18 -> 1400 | E18: =EK18 -> 41802.75 | F18: =+D18*E18 -> 58523850 | H18: =+E18*G18 -> 0 | J18: =I18*E18 -> 0 | L18: =K18*E18 -> 0 | N18: =M18*E18 -> 0 | AY18: 94.89 | AZ18: =+AY18*E18 -> 3966662.9 | BA18: 19.87 | BB18: =+BA18*E18 -> 830620.64 | BI18: =89.3+64.52+207.28 -> 361.1 | BJ18: =+BI18*$E17 -> 8357020.4 | BL18: =BK18*E18 -> 0 | BM18: 87.85 | BN18: =+BM18*E18 -> 3672371.6 | BP18: =BO18*E18 -> 0 | BU18: 62.34 | BV18: =BU18*E18 -> 2605983.4 | BW18: 387.37 | BX18: =BW18*E18 -> 16193131 | EA18: =+G18+I18+K18+M18+O18+Q18+S18+U18+W18+Y18+AA18+AC18+AE18+AG18+AI18+AK18+AM18+AO18+AQ18+AW18+AS18+AU18+AY18+BA18+BC18+BE18+BG18+BI18+BK18+BM18+BO18+BQ18+BS18+BU18+BW18+BY18+CA18+CC18+CE18+CG18+CI18+CK18+CM18+CO18+CQ18+CS18+CU18+CW18+CY18+DA18+DC18+DE18+DG18+DI18+DK18+DM18+DO18+DQ18+DS18+DU18+DW18+DY18 -> 1013.42 | EB18: =+EA18*E18 -> 42363743 | EC18: =+EB18/$EB$745 -> #REF! | ED18: =+EB18/$F$745 -> 0.0011887237 | EE18: =D18-EA18 -> 386.58 | EG18: 2.2.2 | EH18: EXCAVACIÓN MANUAL EN MATERIAL COMÚN H=0.0-2.0 M (INCLUYE RETIRO DE SOBRANTES A UNA DISTANCIA MENOR DE 8 KM) | EI18: M3 | EJ18: 1400 | EK18: 41802.75
A19: =EG19 -> 2.2.3 | B19: =EH19 -> RELLENO CON MATERIAL DEL SITIO COMPACTADO MECÁNICAMENTE | C19: =EI19 -> M3 | D19: =EJ19 -> 3000 | E19: =EK19 -> 13027.41 | F19: =+D19*E19 -> 39082230 | H19: =+E19*G19 -> 0 | J19: =I19*E19 -> 0 | L19: =K19*E19 -> 0 | N19: =M19*E19 -> 0 | O19: 5.67 | P19: =O19*E19 -> 73865.415 | BK19: 5.67 | BL19: =BK19*E19 -> 73865.415 | BN19: =+BM19*E19 -> 0 | BP19: =BO19*E19 -> 0 | BW19: 5.67 | BX19: =BW19*E19 -> 73865.415 | EA19: =+G19+I19+K19+M19+O19+Q19+S19+U19+W19+Y19+AA19+AC19+AE19+AG19+AI19+AK19+AM19+AO19+AQ19+AW19+AS19+AU19+AY19+BA19+BC19+BE19+BG19+BI19+BK19+BM19+BO19+BQ19+BS19+BU19+BW19+BY19+CA19+CC19+CE19+CG19+CI19+CK19+CM19+CO19+CQ19+CS19+CU19+CW19+CY19+DA19+DC19+DE19+DG19+DI19+DK19+DM19+DO19+DQ19+DS19+DU19+DW19+DY19 -> 17.01 | EB19: =+EA19*E19 -> 221596.24 | EC19: =+EB19/$EB$745 -> #REF! | ED19: =+EB19/$F$745 -> 6.2179753e-06 | EE19: =D19-EA19 -> 2982.99 | EG19: 2.2.3 | EH19: RELLENO CON MATERIAL DEL SITIO COMPACTADO MECÁNICAMENTE | EI19: M3 | EJ19: 3000 | EK19: 13027.41
A20: =EG20 -> 2.2.4 | B20: =EH20 -> RELLENO EN RECEBO COMÚN COMPACTADO MECÁNICAMENTE | C20: =EI20 -> M3 | D20: =EJ20 -> 500 | E20: =EK20 -> 52049.25 | F20: =+D20*E20 -> 26024625 | H20: =+E20*G20 -> 0 | J20: =I20*E20 -> 0 | L20: =K20*E20 -> 0 | N20: =M20*E20 -> 0 | O20: 9.66 | P20: =O20*E20 -> 502795.76 | AW20: 444.98 | AX20: =+AW20*E20 -> 23160875 | AY20: =-454.64+9.66 -> -444.98 | AZ20: =+AY20*E20 -> -23160875 | BK20: 9.66 | BL20: =BK20*E20 -> 502795.76 | BN20: =+BM20*E20 -> 0 | BP20: =BO20*E20 -> 0 | BW20: 9.66 | BX20: =BW20*E20 -> 502795.76 | EA20: =+G20+I20+K20+M20+O20+Q20+S20+U20+W20+Y20+AA20+AC20+AE20+AG20+AI20+AK20+AM20+AO20+AQ20+AW20+AS20+AU20+AY20+BA20+BC20+BE20+BG20+BI20+BK20+BM20+BO20+BQ20+BS20+BU20+BW20+BY20+CA20+CC20+CE20+CG20+CI20+CK20+CM20+CO20+CQ20+CS20+CU20+CW20+CY20+DA20+DC20+DE20+DG20+DI20+DK20+DM20+DO20+DQ20+DS20+DU20+DW20+DY20 -> 28.98 | EB20: =+EA20*E20 -> 1508387.3 | EC20: =+EB20/$EB$745 -> #REF! | ED20: =+EB20/$F$745 -> 4.2325243e-05 | EE20: =D20-EA20 -> 471.02 | EG20: 2.2.4 | EH20: RELLENO EN RECEBO COMÚN COMPACTADO MECÁNICAMENTE | EI20: M3 | EJ20: 500 | EK20: 52049.25 | EO20: 9.66 | EQ20: 464.3 | ER20: -454.64
A21: =EG21 -> 2.2.5 | B21: =EH21 -> RELLENO EN AFIRMADO PARA MEJORAMIENTO | C21: =EI21 -> M3 | D21: =EJ21 -> 800 | E21: =EK21 -> 55430.1 | F21: =+D21*E21 -> 44344080 | H21: =+E21*G21 -> 0 | J21: =I21*E21 -> 0 | L21: =K21*E21 -> 0 | N21: =M21*E21 -> 0 | BK21: 0 | BL21: =BK21*E21 -> 0 | BN21: =+BM21*E21 -> 0 | BP21: =BO21*E21 -> 0 | BW21: 0 | BX21: =BW21*E21 -> 0 | EA21: =+G21+I21+K21+M21+O21+Q21+S21+U21+W21+Y21+AA21+AC21+AE21+AG21+AI21+AK21+AM21+AO21+AQ21+AW21+AS21+AU21+AY21+BA21+BC21+BE21+BG21+BI21+BK21+BM21+BO21+BQ21+BS21+BU21+BW21+BY21+CA21+CC21+CE21+CG21+CI21+CK21+CM21+CO21+CQ21+CS21+CU21+CW21+CY21+DA21+DC21+DE21+DG21+DI21+DK21+DM21+DO21+DQ21+DS21+DU21+DW21+DY21 -> 0 | EB21: =+EA21*E21 -> 0 | EC21: =+EB21/$EB$745 -> #REF! | ED21: =+EB21/$F$745 -> 0 | EE21: =D21-EA21 -> 800 | EG21: 2.2.5 | EH21: RELLENO EN AFIRMADO PARA MEJORAMIENTO | EI21: M3 | EJ21: 800 | EK21: 55430.1
A22: =EG22 -> 3.0 | B22: =EH22 -> CIMENTACION | C22: =EI22 -> 0 | D22: =EJ22 -> 0 | E22: =EK22 -> 0 | F22: =SUM(F23:F26) -> 6.452055e+08 | H22: =+E22*G22 -> 0 | J22: =I22*E22 -> 0 | L22: =K22*E22 -> 0 | N22: =M22*E22 -> 0 | BK22: 0 | BL22: =BK22*E22 -> 0 | BN22: =+BM22*E22 -> 0 | BP22: =BO22*E22 -> 0 | BX22: =BW22*E22 -> 0 | EA22: =+G22+I22+K22+M22+O22+Q22+S22+U22+W22+Y22+AA22+AC22+AE22+AG22+AI22+AK22+AM22+AO22+AQ22+AW22+AS22+AU22+AY22+BA22+BC22+BE22+BG22+BI22+BK22+BM22+BO22+BQ22+BS22+BU22+BW22+BY22+CA22+CC22+CE22+CG22+CI22+CK22+CM22+CO22+CQ22+CS22+CU22+CW22+CY22+DA22+DC22+DE22+DG22+DI22+DK22+DM22+DO22+DQ22+DS22+DU22+DW22+DY22 -> 0 | EB22: =+EA22*E22 -> 0 | EC22: =+EB22/$EB$745 -> #REF! | ED22: =+EB22/$F$745 -> 0 | EE22: =D22-EA22 -> 0 | EG22: 3.0 | EH22: CIMENTACION
A23: =EG23 -> 3.1.1 | B23: =EH23 -> BASE EN CONCRETO POBRE 1500 PSI | C23: =EI23 -> M3 | D23: =EJ23 -> 1 | E23: =EK23 -> 328530.51 | F23: =+D23*E23 -> 328530.51 | H23: =+E23*G23 -> 0 | J23: =I23*E23 -> 0 | L23: =K23*E23 -> 0 | N23: =M23*E23 -> 0 | AY23: 8.14 | AZ23: =+AY23*E23 -> 2674238.4 | BI23: 2.76 | BJ23: =+BI23*$E23 -> 906744.21 | BK23: 4.91 | BL23: =BK23*E23 -> 1613084.8 | BN23: =+BM23*E23 -> 0 | BP23: =BO23*E23 -> 0 | BX23: =BW23*E23 -> 0 | CG23: 0.17 | CH23: =+CG23*$E23 -> 55850.187 | CK23: 0 | CL23: =+CK23*$E23 -> 0 | EA23: =+G23+I23+K23+M23+O23+Q23+S23+U23+W23+Y23+AA23+AC23+AE23+AG23+AI23+AK23+AM23+AO23+AQ23+AW23+AS23+AU23+AY23+BA23+BC23+BE23+BG23+BI23+BK23+BM23+BO23+BQ23+BS23+BU23+BW23+BY23+CA23+CC23+CE23+CG23+CI23+CK23+CM23+CO23+CQ23+CS23+CU23+CW23+CY23+DA23+DC23+DE23+DG23+DI23+DK23+DM23+DO23+DQ23+DS23+DU23+DW23+DY23 -> 15.98 | EB23: =+EA23*E23 -> 5249917.5 | EC23: =+EB23/$EB$745 -> #REF! | ED23: =+EB23/$F$745 -> 0.00014731232 | EE23: =D23-EA23 -> -14.98 | EG23: 3.1.1 | EH23: BASE EN CONCRETO POBRE 1500 PSI | EI23: M3 | EJ23: 1 | EK23: 328530.51
A24: =EG24 -> 3.1.2 | B24: =EH24 -> VIGA DE AMARRE EN CONCRETO 3000 PSI | C24: =EI24 -> M3 | D24: =EJ24 -> 48 | E24: =EK24 -> 600552.81 | F24: =+D24*E24 -> 28826535 | H24: =+E24*G24 -> 0 | J24: =I24*E24 -> 0 | L24: =K24*E24 -> 0 | N24: =M24*E24 -> 0 | BE24: 10.8 | BF24: =+BE24*$E$17 -> 249946.88 | BG24: 16.54 | BH24: =+BG24*$E$17 -> 382789.02 | BK24: =19.93+30.1 -> 50.03 | BL24: =BK24*E24 -> 30045657 | BM24: 6.85 | BN24: =+BM24*E24 -> 4113786.7 | BP24: =BO24*E24 -> 0 | BQ24: 16.95 | BR24: =BQ24*E24 -> 10179370 | BS24: 28.45 | BT24: =BS24*E24 -> 17085727 | BX24: =BW24*E24 -> 0 | CA24: 6.03 | CB24: =+CA24*E24 -> 3621333.4 | CC24: 19.76 | CD24: =+CC24*$E24 -> 11866924 | CE24: 25.79 | CF24: =+CE24*$E24 -> 15488257 | CK24: 2.53 | CL24: =+CK24*$E24 -> 1519398.6 | EA24: =+G24+I24+K24+M24+O24+Q24+S24+U24+W24+Y24+AA24+AC24+AE24+AG24+AI24+AK24+AM24+AO24+AQ24+AW24+AS24+AU24+AY24+BA24+BC24+BE24+BG24+BI24+BK24+BM24+BO24+BQ24+BS24+BU24+BW24+BY24+CA24+CC24+CE24+CG24+CI24+CK24+CM24+CO24+CQ24+CS24+CU24+CW24+CY24+DA24+DC24+DE24+DG24+DI24+DK24+DM24+DO24+DQ24+DS24+DU24+DW24+DY24 -> 183.73 | EB24: =+EA24*E24 -> 1.1033957e+08 | EC24: =+EB24/$EB$745 -> #REF! | ED24: =+EB24/$F$745 -> 0.0030961207 | EE24: =D24-EA24 -> -135.73 | EG24: 3.1.2 | EH24: VIGA DE AMARRE EN CONCRETO 3000 PSI | EI24: M3 | EJ24: 48 | EK24: 600552.81
A25: =EG25 -> 3.1.3 | B25: =EH25 -> PILOTES EN CONCRETO 3000 PSI | C25: =EI25 -> M3 | D25: =EJ25 -> 675 | E25: =EK25 -> 556541.37 | F25: =+D25*E25 -> 3.7566542e+08 | H25: =+E25*G25 -> 0 | J25: =I25*E25 -> 0 | L25: =K25*E25 -> 0 | N25: =M25*E25 -> 0 | BH25: =+BG25*$E$17 -> 0 | BK25: 0 | BL25: =BK25*E25 -> 0 | BN25: =+BM25*E25 -> 0 | BP25: =BO25*E25 -> 0 | BW25: 0 | BX25: =BW25*E25 -> 0 | EA25: =+G25+I25+K25+M25+O25+Q25+S25+U25+W25+Y25+AA25+AC25+AE25+AG25+AI25+AK25+AM25+AO25+AQ25+AW25+AS25+AU25+AY25+BA25+BC25+BE25+BG25+BI25+BK25+BM25+BO25+BQ25+BS25+BU25+BW25+BY25+CA25+CC25+CE25+CG25+CI25+CK25+CM25+CO25+CQ25+CS25+CU25+CW25+CY25+DA25+DC25+DE25+DG25+DI25+DK25+DM25+DO25+DQ25+DS25+DU25+DW25+DY25 -> 0 | EB25: =+EA25*E25 -> 0 | EC25: =+EB25/$EB$745 -> #REF! | ED25: =+EB25/$F$745 -> 0 | EE25: =D25-EA25 -> 675 | EG25: 3.1.3 | EH25: PILOTES EN CONCRETO 3000 PSI | EI25: M3 | EJ25: 675 | EK25: 556541.37
A26: =EG26 -> 3.1.4 | B26: =EH26 -> DADOS EN CONCRETO 3000PSI | C26: =EI26 -> M3 | D26: =EJ26 -> 442 | E26: =EK26 -> 543857.49 | F26: =+D26*E26 -> 2.4038501e+08 | H26: =+E26*G26 -> 0 | J26: =I26*E26 -> 0 | L26: =K26*E26 -> 0 | N26: =M26*E26 -> 0 | BE26: 9 | BF26: =+BE26*$E$17 -> 208289.07 | BG26: 4.5 | BH26: =+BG26*$E$17 -> 104144.54 | BJ26: =+(BG26*E26)-BH26 -> 2343214.2 | BL26: =BK26*E26 -> 0 | BM26: 4.5 | BN26: =+BM26*E26 -> 2447358.7 | BP26: =BO26*E26 -> 0 | BX26: =BW26*E26 -> 0 | CA26: 4.5 | CB26: =+CA26*E26 -> 2447358.7 | CD26: =+CC26*E26 -> 0 | EA26: =+G26+I26+K26+M26+O26+Q26+S26+U26+W26+Y26+AA26+AC26+AE26+AG26+AI26+AK26+AM26+AO26+AQ26+AW26+AS26+AU26+AY26+BA26+BC26+BE26+BG26+BI26+BK26+BM26+BO26+BQ26+BS26+BU26+BW26+BY26+CA26+CC26+CE26+CG26+CI26+CK26+CM26+CO26+CQ26+CS26+CU26+CW26+CY26+DA26+DC26+DE26+DG26+DI26+DK26+DM26+DO26+DQ26+DS26+DU26+DW26+DY26 -> 22.5 | EB26: =+EA26*E26 -> 12236794 | EC26: =+EB26/$EB$745 -> #REF! | ED26: =+EB26/$F$745 -> 0.00034336358 | EE26: =D26-EA26 -> 419.5 | EG26: 3.1.4 | EH26: DADOS EN CONCRETO 3000PSI | EI26: M3 | EJ26: 442 | EK26: 543857.49
A27: =EG27 -> 4.0 | B27: =EH27 -> ESTRUCTURAS EN CONCRETO | C27: =EI27 -> 0 | D27: =EJ27 -> 0 | E27: =EK27 -> 0 | F27: =SUM(F28:F34) -> 7.2375026e+08 | H27: =+E27*G27 -> 0 | J27: =I27*E27 -> 0 | L27: =K27*E27 -> 0 | N27: =M27*E27 -> 0 | BK27: 0 | BL27: =BK27*E27 -> 0 | BN27: =+BM27*E27 -> 0 | BP27: =BO27*E27 -> 0 | BW27: 0 | BX27: =BW27*E27 -> 0 | EA27: =+G27+I27+K27+M27+O27+Q27+S27+U27+W27+Y27+AA27+AC27+AE27+AG27+AI27+AK27+AM27+AO27+AQ27+AW27+AS27+AU27+AY27+BA27+BC27+BE27+BG27+BI27+BK27+BM27+BO27+BQ27+BS27+BU27+BW27+BY27+CA27+CC27+CE27+CG27+CI27+CK27+CM27+CO27+CQ27+CS27+CU27+CW27+CY27+DA27+DC27+DE27+DG27+DI27+DK27+DM27+DO27+DQ27+DS27+DU27+DW27+DY27 -> 0 | EB27: =+EA27*E27 -> 0 | EC27: =+EB27/$EB$745 -> #REF! | ED27: =+EB27/$F$745 -> 0 | EE27: =D27-EA27 -> 0 | EG27: 4.0 | EH27: ESTRUCTURAS EN CONCRETO
A28: =EG28 -> 4.1.1 | B28: =EH28 -> COLUMNAS 4000 PSI | C28: =EI28 -> M3 | D28: =EJ28 -> 140 | E28: =EK28 -> 774150.3 | F28: =+D28*E28 -> 108381042 | H28: =+E28*G28 -> 0 | J28: =I28*E28 -> 0 | L28: =K28*E28 -> 0 | N28: =M28*E28 -> 0 | BK28: 0 | BL28: =BK28*E28 -> 0 | BN28: =+BM28*E28 -> 0 | BP28: =BO28*E28 -> 0 | BQ28: 9 | BR28: =BQ28*E28 -> 6967352.7 | BW28: 47.25 | BX28: =BW28*E28 -> 36578602 | CC28: 5.13 | CD28: =+CC28*E28 -> 3971391 | CE28: 24.73 | CF28: =+CE28*$E28 -> 19144737 | EA28: =+G28+I28+K28+M28+O28+Q28+S28+U28+W28+Y28+AA28+AC28+AE28+AG28+AI28+AK28+AM28+AO28+AQ28+AW28+AS28+AU28+AY28+BA28+BC28+BE28+BG28+BI28+BK28+BM28+BO28+BQ28+BS28+BU28+BW28+BY28+CA28+CC28+CE28+CG28+CI28+CK28+CM28+CO28+CQ28+CS28+CU28+CW28+CY28+DA28+DC28+DE28+DG28+DI28+DK28+DM28+DO28+DQ28+DS28+DU28+DW28+DY28 -> 86.11 | EB28: =+EA28*E28 -> 66662082 | EC28: =+EB28/$EB$745 -> #REF! | ED28: =+EB28/$F$745 -> 0.0018705334 | EE28: =D28-EA28 -> 53.89 | EG28: 4.1.1 | EH28: COLUMNAS 4000 PSI | EI28: M3 | EJ28: 140 | EK28: 774150.3
A29: =EG29 -> 4.1.2 | B29: =EH29 -> ESCALERA MACIZA 4000 PSI | C29: =EI29 -> M3 | D29: =EJ29 -> 11 | E29: =EK29 -> 1028701.1 | F29: =+D29*E29 -> 11315712 | H29: =+E29*G29 -> 0 | J29: =I29*E29 -> 0 | L29: =K29*E29 -> 0 | N29: =M29*E29 -> 0 | BK29: 0 | BL29: =BK29*E29 -> 0 | BN29: =+BM29*E29 -> 0 | BP29: =BO29*E29 -> 0 | BW29: 0 | EA29: =+G29+I29+K29+M29+O29+Q29+S29+U29+W29+Y29+AA29+AC29+AE29+AG29+AI29+AK29+AM29+AO29+AQ29+AW29+AS29+AU29+AY29+BA29+BC29+BE29+BG29+BI29+BK29+BM29+BO29+BQ29+BS29+BU29+BW29+BY29+CA29+CC29+CE29+CG29+CI29+CK29+CM29+CO29+CQ29+CS29+CU29+CW29+CY29+DA29+DC29+DE29+DG29+DI29+DK29+DM29+DO29+DQ29+DS29+DU29+DW29+DY29 -> 0 | EB29: =+EA29*E29 -> 0 | EC29: =+EB29/$EB$745 -> #REF! | ED29: =+EB29/$F$745 -> 0 | EE29: =D29-EA29 -> 11 | EG29: 4.1.2 | EH29: ESCALERA MACIZA 4000 PSI | EI29: M3 | EJ29: 11 | EK29: 1028701.1
A30: =EG30 -> 4.1.3 | B30: =EH30 -> REFUERZO MALLA ELECTROSOLDADA | C30: =EI30 -> KG | D30: =EJ30 -> 150 | E30: =EK30 -> 5325.21 | F30: =+D30*E30 -> 798781.5 | H30: =+E30*G30 -> 0 | J30: =I30*E30 -> 0 | L30: =K30*E30 -> 0 | N30: =M30*E30 -> 0 | AY30: 148.21 | AZ30: =+AY30*E30 -> 789249.37 | BK30: 0 | BL30: =BK30*E30 -> 0 | BN30: =+BM30*E30 -> 0 | BP30: =BO30*E30 -> 0 | BW30: 0 | EA30: =+G30+I30+K30+M30+O30+Q30+S30+U30+W30+Y30+AA30+AC30+AE30+AG30+AI30+AK30+AM30+AO30+AQ30+AW30+AS30+AU30+AY30+BA30+BC30+BE30+BG30+BI30+BK30+BM30+BO30+BQ30+BS30+BU30+BW30+BY30+CA30+CC30+CE30+CG30+CI30+CK30+CM30+CO30+CQ30+CS30+CU30+CW30+CY30+DA30+DC30+DE30+DG30+DI30+DK30+DM30+DO30+DQ30+DS30+DU30+DW30+DY30 -> 148.21 | EB30: =+EA30*E30 -> 789249.37 | EC30: =+EB30/$EB$745 -> #REF! | ED30: =+EB30/$F$745 -> 2.2146283e-05 | EE30: =D30-EA30 -> 1.79 | EG30: 4.1.3 | EH30: REFUERZO MALLA ELECTROSOLDADA | EI30: KG | EJ30: 150 | EK30: 5325.21
A31: =EG31 -> 4.1.4 | B31: =EH31 -> TANQUE EN CONCRETO BAJA PERMEABILIDAD DE 4000 PSI | C31: =EI31 -> M3 | D31: =EJ31 -> 160 | E31: =EK31 -> 821712.87 | F31: =+D31*E31 -> 1.3147406e+08 | H31: =+E31*G31 -> 0 | J31: =I31*E31 -> 0 | L31: =K31*E31 -> 0 | N31: =M31*E31 -> 0 | BK31: 0 | BL31: =BK31*E31 -> 0 | BN31: =+BM31*E31 -> 0 | BP31: =BO31*E31 -> 0 | BW31: 0 | CG31: 128 | CH31: =+CG31*$E31 -> 1.0517925e+08 | CK31: 19.96 | CL31: =+CK31*$E31 -> 16401389 | EA31: =+G31+I31+K31+M31+O31+Q31+S31+U31+W31+Y31+AA31+AC31+AE31+AG31+AI31+AK31+AM31+AO31+AQ31+AW31+AS31+AU31+AY31+BA31+BC31+BE31+BG31+BI31+BK31+BM31+BO31+BQ31+BS31+BU31+BW31+BY31+CA31+CC31+CE31+CG31+CI31+CK31+CM31+CO31+CQ31+CS31+CU31+CW31+CY31+DA31+DC31+DE31+DG31+DI31+DK31+DM31+DO31+DQ31+DS31+DU31+DW31+DY31 -> 147.96 | EB31: =+EA31*E31 -> 1.2158064e+08 | EC31: =+EB31/$EB$745 -> #REF! | ED31: =+EB31/$F$745 -> 0.0034115443 | EE31: =D31-EA31 -> 12.04 | EG31: 4.1.4 | EH31: TANQUE EN CONCRETO BAJA PERMEABILIDAD DE 4000 PSI | EI31: M3 | EJ31: 160 | EK31: 821712.87
A32: =EG32 -> 4.1.5 | B32: =EH32 -> VIGA AÉREA 4000 PSI | C32: =EI32 -> M3 | D32: =EJ32 -> 227 | E32: =EK32 -> 785145.24 | F32: =+D32*E32 -> 1.7822797e+08 | H32: =+E32*G32 -> 0 | J32: =I32*E32 -> 0 | L32: =K32*E32 -> 0 | N32: =M32*E32 -> 0 | BK32: 0 | BL32: =BK32*E32 -> 0 | BN32: =+BM32*E32 -> 0 | BP32: =BO32*E32 -> 0 | BW32: 0 | CK32: 28.39 | CL32: =+CK32*$E32 -> 22290273 | EA32: =+G32+I32+K32+M32+O32+Q32+S32+U32+W32+Y32+AA32+AC32+AE32+AG32+AI32+AK32+AM32+AO32+AQ32+AW32+AS32+AU32+AY32+BA32+BC32+BE32+BG32+BI32+BK32+BM32+BO32+BQ32+BS32+BU32+BW32+BY32+CA32+CC32+CE32+CG32+CI32+CK32+CM32+CO32+CQ32+CS32+CU32+CW32+CY32+DA32+DC32+DE32+DG32+DI32+DK32+DM32+DO32+DQ32+DS32+DU32+DW32+DY32 -> 28.39 | EB32: =+EA32*E32 -> 22290273 | EC32: =+EB32/$EB$745 -> #REF! | ED32: =+EB32/$F$745 -> 0.00062546353 | EE32: =D32-EA32 -> 198.61 | EG32: 4.1.5 | EH32: VIGA AÉREA 4000 PSI | EI32: M3 | EJ32: 227 | EK32: 785145.24
A33: =EG33 -> 4.1.6 | B33: =EH33 -> ENTREPISO PLACA MACIZA 4000PSI E=0.11 M | C33: =EI33 -> M2 | D33: =EJ33 -> 2245 | E33: =EK33 -> 92194.74 | F33: =+D33*E33 -> 2.0697719e+08 | H33: =+E33*G33 -> 0 | J33: =I33*E33 -> 0 | L33: =K33*E33 -> 0 | N33: =M33*E33 -> 0 | BK33: 0 | BL33: =BK33*E33 -> 0 | BN33: =+BM33*E33 -> 0 | BP33: =BO33*E33 -> 0 | BW33: 0 | EA33: =+G33+I33+K33+M33+O33+Q33+S33+U33+W33+Y33+AA33+AC33+AE33+AG33+AI33+AK33+AM33+AO33+AQ33+AW33+AS33+AU33+AY33+BA33+BC33+BE33+BG33+BI33+BK33+BM33+BO33+BQ33+BS33+BU33+BW33+BY33+CA33+CC33+CE33+CG33+CI33+CK33+CM33+CO33+CQ33+CS33+CU33+CW33+CY33+DA33+DC33+DE33+DG33+DI33+DK33+DM33+DO33+DQ33+DS33+DU33+DW33+DY33 -> 0 | EB33: =+EA33*E33 -> 0 | EC33: =+EB33/$EB$745 -> #REF! | ED33: =+EB33/$F$745 -> 0 | EE33: =D33-EA33 -> 2245 | EG33: 4.1.6 | EH33: ENTREPISO PLACA MACIZA 4000PSI E=0.11 M | EI33: M2 | EJ33: 2245 | EK33: 92194.74
A34: =EG34 -> 4.1.7 | B34: =EH34 -> CONTRAPISO PLACA MACIZA | C34: =EI34 -> M2 | D34: =EJ34 -> 1166 | E34: =EK34 -> 74250 | F34: =+D34*E34 -> 86575500 | H34: =+E34*G34 -> 0 | J34: =I34*E34 -> 0 | L34: =K34*E34 -> 0 | N34: =M34*E34 -> 0 | BK34: 0 | BL34: =BK34*E34 -> 0 | BN34: =+BM34*E34 -> 0 | BP34: =BO34*E34 -> 0 | BW34: 83.95 | BX34: =BW34*E34 -> 6233287.5 | EA34: =+G34+I34+K34+M34+O34+Q34+S34+U34+W34+Y34+AA34+AC34+AE34+AG34+AI34+AK34+AM34+AO34+AQ34+AW34+AS34+AU34+AY34+BA34+BC34+BE34+BG34+BI34+BK34+BM34+BO34+BQ34+BS34+BU34+BW34+BY34+CA34+CC34+CE34+CG34+CI34+CK34+CM34+CO34+CQ34+CS34+CU34+CW34+CY34+DA34+DC34+DE34+DG34+DI34+DK34+DM34+DO34+DQ34+DS34+DU34+DW34+DY34 -> 83.95 | EB34: =+EA34*E34 -> 6233287.5 | EC34: =+EB34/$EB$745 -> #REF! | ED34: =+EB34/$F$745 -> 0.00017490562 | EE34: =D34-EA34 -> 1082.05 | EG34: 4.1.7 | EH34: CONTRAPISO PLACA MACIZA | EI34: M2 | EJ34: 1166 | EK34: 74250
A35: =EG35 -> 5.0 | B35: =EH35 -> ESTRUCTURAS METALICAS | C35: =EI35 -> 0 | D35: =EJ35 -> 0 | E35: =EK35 -> 0 | F35: =SUM(F36:F39) -> 5097456540 | H35: =+E35*G35 -> 0 | J35: =I35*E35 -> 0 | L35: =K35*E35 -> 0 | N35: =M35*E35 -> 0 | BK35: 0 | BL35: =BK35*E35 -> 0 | BN35: =+BM35*E35 -> 0 | BP35: =BO35*E35 -> 0 | EA35: =+G35+I35+K35+M35+O35+Q35+S35+U35+W35+Y35+AA35+AC35+AE35+AG35+AI35+AK35+AM35+AO35+AQ35+AW35+AS35+AU35+AY35+BA35+BC35+BE35+BG35+BI35+BK35+BM35+BO35+BQ35+BS35+BU35+BW35+BY35+CA35+CC35+CE35+CG35+CI35+CK35+CM35+CO35+CQ35+CS35+CU35+CW35+CY35+DA35+DC35+DE35+DG35+DI35+DK35+DM35+DO35+DQ35+DS35+DU35+DW35+DY35 -> 0 | EB35: =+EA35*E35 -> 0 | EC35: =+EB35/$EB$745 -> #REF! | ED35: =+EB35/$F$745 -> 0 | EE35: =D35-EA35 -> 0 | EG35: 5.0 | EH35: ESTRUCTURAS METALICAS | EO35: =F35 -> 5097456540 | EP35: =1.2776 -> 1.2776 | EQ35: =EO35*EP35 -> 6.5125105e+09
A36: =EG36 -> 5.1.1 | B36: =EH36 -> ESTRUCTURA METALICA CUBIERTAS MODULOS 1,2 y 3 INCLUYE: CORREAS, CONTRAVIENTOS, TENSORES, COLUMNAS, VIGAS DE AMARRE, ANCLAJES, TORNILLERÍA, SOLDADURAS, PLATINERÍA, ANTICORROSIVO Y PINTURA . CONTEMPLA TAMBIÉN:FABRICACIÓN, TRANSPORTE, SUMINISTRO Y MONTAJE | C36: =EI36 -> KG | D36: =EJ36 -> 87500 | E36: =EK36 -> 14355 | F36: =+D36*E36 -> 1256062500 | H36: =+E36*G36 -> 0 | J36: =I36*E36 -> 0 | L36: =K36*E36 -> 0 | N36: =M36*E36 -> 0 | BK36: 0 | BL36: =BK36*E36 -> 0 | BN36: =+BM36*E36 -> 0 | BP36: =BO36*E36 -> 0 | BW36: 2657.3 | BX36: =BW36*E36 -> 38145542 | CC36: 18390.3 | CD36: =+CC36*E36 -> 2.6399276e+08 | CG36: 11484.66 | CH36: =+CG36*$E36 -> 1.6486229e+08 | CI36: 6026.8 | CJ36: =+CI36*$E36 -> 86514714 | CK36: 8500.56 | CL36: =+CK36*$E36 -> 1.2202554e+08 | EA36: =+G36+I36+K36+M36+O36+Q36+S36+U36+W36+Y36+AA36+AC36+AE36+AG36+AI36+AK36+AM36+AO36+AQ36+AW36+AS36+AU36+AY36+BA36+BC36+BE36+BG36+BI36+BK36+BM36+BO36+BQ36+BS36+BU36+BW36+BY36+CA36+CC36+CE36+CG36+CI36+CK36+CM36+CO36+CQ36+CS36+CU36+CW36+CY36+DA36+DC36+DE36+DG36+DI36+DK36+DM36+DO36+DQ36+DS36+DU36+DW36+DY36 -> 47059.62 | EB36: =+EA36*E36 -> 6.7554085e+08 | EC36: =+EB36/$EB$745 -> #REF! | ED36: =+EB36/$F$745 -> 0.018955629 | EE36: =D36-EA36 -> 40440.38 | EG36: 5.1.1 | EH36: ESTRUCTURA METALICA CUBIERTAS MODULOS 1,2 y 3 INCLUYE: CORREAS, CONTRAVIENTOS, TENSORES, COLUMNAS, VIGAS DE AMARRE, ANCLAJES, TORNILLERÍA, SOLDADURAS, PLATINERÍA, ANTICORROSIVO Y PINTURA . CONTEMPLA TAMBIÉN:FABRICACIÓN, TRANSPORTE, SUMINISTRO Y MONTAJE | EI36: KG | EJ36: 87500 | EK36: 14355 | EQ36: =EQ35/F755 -> 0.14307975
A37: =EG37 -> 5.1.2 | B37: =EH37 -> ESTRUCTURA METALICA PARA MEZANINES Y PUENTE PEATONAL INCLUYE: COLUMNAS, VIGAS DE AMARRE, ANCLAJES, TORNILLERÍA, PLATINERÍA. CONTEMPLA TAMBIÉN:FABRICACIÓN, TRANSPORTE, SUMINISTRO Y MONTAJE | C37: =EI37 -> KG | D37: =EJ37 -> 175000 | E37: =EK37 -> 14355 | F37: =+D37*E37 -> 2512125000 | H37: =+E37*G37 -> 0 | J37: =I37*E37 -> 0 | L37: =K37*E37 -> 0 | N37: =M37*E37 -> 0 | AY37: 3301.09 | AZ37: =+AY37*E37 -> 47387147 | BC37: 3301.09 | BD37: =+BC37*E37 -> 47387147 | BG37: 7530.53 | BH37: =+BG37*$E$17 -> 1.7428079e+08 | BI37: =-9432848.51/14355 -> -657.1124 | BJ37: -9432848.5 | BK37: =33002.1-13475.6 -> 19526.5 | BL37: =BK37*E37 -> 2.8030291e+08 | BM37: =22830.83 -> 22830.83 | BN37: =+BM37*E37 -> 3.2773656e+08 | BP37: =BO37*E37 -> 0 | BQ37: =6702.09+5245.61+7069.14 -> 19016.84 | BR37: =BQ37*E37 -> 2.7298674e+08 | BS37: 1546.2 | BT37: =BS37*E37 -> 22195701 | BU37: 18195.28 | BV37: =BU37*E37 -> 2.6119324e+08 | BW37: 4261.0224 | BX37: =BW37*E37 -> 61166977 | CA37: 397.01 | CB37: =+CA37*E37 -> 5699078.5 | CC37: 17663.46 | CD37: =+CC37*E37 -> 2.5355897e+08 | CE37: =19894.94-17663.46 -> 2231.48 | CF37: =+CE37*$E37 -> 32032895 | CG37: 12696.53 | CH37: =+CG37*$E37 -> 1.8225869e+08 | CI37: 9013.1 | CJ37: =+CI37*$E37 -> 1.2938305e+08 | CK37: 23067.25 | CL37: =+CK37*$E37 -> 3.3113037e+08 | EA37: =+G37+I37+K37+M37+O37+Q37+S37+U37+W37+Y37+AA37+AC37+AE37+AG37+AI37+AK37+AM37+AO37+AQ37+AW37+AS37+AU37+AY37+BA37+BC37+BE37+BG37+BI37+BK37+BM37+BO37+BQ37+BS37+BU37+BW37+BY37+CA37+CC37+CE37+CG37+CI37+CK37+CM37+CO37+CQ37+CS37+CU37+CW37+CY37+DA37+DC37+DE37+DG37+DI37+DK37+DM37+DO37+DQ37+DS37+DU37+DW37+DY37 -> 163921.1 | EB37: =+EA37*E37 -> 2.3530874e+09 | EC37: =+EB37/$EB$745 -> #REF! | ED37: =+EB37/$F$745 -> 0.06602747 | EE37: =D37-EA37 -> 11078.9 | EG37: 5.1.2 | EH37: ESTRUCTURA METALICA PARA MEZANINES Y PUENTE PEATONAL INCLUYE: COLUMNAS, VIGAS DE AMARRE, ANCLAJES, TORNILLERÍA, PLATINERÍA. CONTEMPLA TAMBIÉN:FABRICACIÓN, TRANSPORTE, SUMINISTRO Y MONTAJE | EI37: KG | EJ37: 175000 | EK37: 14355
A38: =EG38 -> 5.1.3 | B38: =EH38 -> ESTRUCTURA METALICA PARA PERGOLAS DE PATIOS INCLUYE: COLUMNAS, VIGAS DE AMARRE, PERFILES, ANCLAJES, TORNILLERÍA, PLATINERÍA. CONTEMPLA TAMBIÉN:FABRICACIÓN, TRANSPORTE, SUMINISTRO Y MONTAJE | C38: =EI38 -> KG | D38: =EJ38 -> 8000 | E38: =EK38 -> 13365 | F38: =+D38*E38 -> 106920000 | H38: =+E38*G38 -> 0 | J38: =I38*E38 -> 0 | L38: =K38*E38 -> 0 | N38: =M38*E38 -> 0 | BK38: 0 | BL38: =BK38*E38 -> 0 | BN38: =+BM38*E38 -> 0 | BP38: =BO38*E38 -> 0 | BW38: 0 | EA38: =+G38+I38+K38+M38+O38+Q38+S38+U38+W38+Y38+AA38+AC38+AE38+AG38+AI38+AK38+AM38+AO38+AQ38+AW38+AS38+AU38+AY38+BA38+BC38+BE38+BG38+BI38+BK38+BM38+BO38+BQ38+BS38+BU38+BW38+BY38+CA38+CC38+CE38+CG38+CI38+CK38+CM38+CO38+CQ38+CS38+CU38+CW38+CY38+DA38+DC38+DE38+DG38+DI38+DK38+DM38+DO38+DQ38+DS38+DU38+DW38+DY38 -> 0 | EB38: =+EA38*E38 -> 0 | EC38: =+EB38/$EB$745 -> #REF! | ED38: =+EB38/$F$745 -> 0 | EE38: =D38-EA38 -> 8000 | EG38: 5.1.3 | EH38: ESTRUCTURA METALICA PARA PERGOLAS DE PATIOS INCLUYE: COLUMNAS, VIGAS DE AMARRE, PERFILES, ANCLAJES, TORNILLERÍA, PLATINERÍA. CONTEMPLA TAMBIÉN:FABRICACIÓN, TRANSPORTE, SUMINISTRO Y MONTAJE | EI38: KG | EJ38: 8000 | EK38: 13365
A39: =EG39 -> 5.1.4 | B39: =EH39 -> SUMINISTRO Y APLICACIÓN DE PINTURA PROTECCION CONTRA FUEGO 1 HORA PARA ESTRUCTURAS METALICAS | C39: =EI39 -> M2 | D39: =EJ39 -> 8000 | E39: =EK39 -> 152793.63 | F39: =+D39*E39 -> 1222349040 | H39: =+E39*G39 -> 0 | J39: =I39*E39 -> 0 | L39: =K39*E39 -> 0 | N39: =M39*E39 -> 0 | BK39: 0 | BL39: =BK39*E39 -> 0 | BN39: =+BM39*E39 -> 0 | BP39: =BO39*E39 -> 0 | BW39: 0 | EA39: =+G39+I39+K39+M39+O39+Q39+S39+U39+W39+Y39+AA39+AC39+AE39+AG39+AI39+AK39+AM39+AO39+AQ39+AW39+AS39+AU39+AY39+BA39+BC39+BE39+BG39+BI39+BK39+BM39+BO39+BQ39+BS39+BU39+BW39+BY39+CA39+CC39+CE39+CG39+CI39+CK39+CM39+CO39+CQ39+CS39+CU39+CW39+CY39+DA39+DC39+DE39+DG39+DI39+DK39+DM39+DO39+DQ39+DS39+DU39+DW39+DY39 -> 0 | EB39: =+EA39*E39 -> 0 | EC39: =+EB39/$EB$745 -> #REF! | ED39: =+EB39/$F$745 -> 0 | EE39: =D39-EA39 -> 8000 | EG39: 5.1.4 | EH39: SUMINISTRO Y APLICACIÓN DE PINTURA PROTECCION CONTRA FUEGO 1 HORA PARA ESTRUCTURAS METALICAS | EI39: M2 | EJ39: 8000 | EK39: 152793.63
A40: =EG40 -> 6.0 | B40: =EH40 -> MAMPOSTERÍA Y MUROS | C40: =EI40 -> 0 | D40: =EJ40 -> 0 | E40: =EK40 -> 0 | F40: =SUM(F41:F43) -> 74021968 | H40: =+E40*G40 -> 0 | J40: =I40*E40 -> 0 | L40: =K40*E40 -> 0 | N40: =M40*E40 -> 0 | BK40: 0 | BL40: =BK40*E40 -> 0 | BN40: =+BM40*E40 -> 0 | BP40: =BO40*E40 -> 0 | EA40: =+G40+I40+K40+M40+O40+Q40+S40+U40+W40+Y40+AA40+AC40+AE40+AG40+AI40+AK40+AM40+AO40+AQ40+AW40+AS40+AU40+AY40+BA40+BC40+BE40+BG40+BI40+BK40+BM40+BO40+BQ40+BS40+BU40+BW40+BY40+CA40+CC40+CE40+CG40+CI40+CK40+CM40+CO40+CQ40+CS40+CU40+CW40+CY40+DA40+DC40+DE40+DG40+DI40+DK40+DM40+DO40+DQ40+DS40+DU40+DW40+DY40 -> 0 | EB40: =+EA40*E40 -> 0 | EC40: =+EB40/$EB$745 -> #REF! | ED40: =+EB40/$F$745 -> 0 | EE40: =D40-EA40 -> 0 | EG40: 6.0 | EH40: MAMPOSTERÍA Y MUROS
A41: =EG41 -> 6.1.1 | B41: =EH41 -> MURO DRYWALL DOBLE CARA 0.09 M | C41: =EI41 -> M2 | D41: =EJ41 -> 77 | E41: =EK41 -> 71136.45 | F41: =+D41*E41 -> 5477506.6 | H41: =+E41*G41 -> 0 | J41: =I41*E41 -> 0 | L41: =K41*E41 -> 0 | N41: =M41*E41 -> 0 | BK41: 0 | BL41: =BK41*E41 -> 0 | BN41: =+BM41*E41 -> 0 | BO41: =27.84+36.84+35.41 -> 100.09 | BP41: =BO41*E41 -> 7120047.3 | BX41: =BW41*E41 -> 0 | EA41: =+G41+I41+K41+M41+O41+Q41+S41+U41+W41+Y41+AA41+AC41+AE41+AG41+AI41+AK41+AM41+AO41+AQ41+AW41+AS41+AU41+AY41+BA41+BC41+BE41+BG41+BI41+BK41+BM41+BO41+BQ41+BS41+BU41+BW41+BY41+CA41+CC41+CE41+CG41+CI41+CK41+CM41+CO41+CQ41+CS41+CU41+CW41+CY41+DA41+DC41+DE41+DG41+DI41+DK41+DM41+DO41+DQ41+DS41+DU41+DW41+DY41 -> 100.09 | EB41: =+EA41*E41 -> 7120047.3 | EC41: =+EB41/$EB$745 -> #REF! | ED41: =+EB41/$F$745 -> 0.00019978804 | EE41: =D41-EA41 -> -23.09 | EG41: 6.1.1 | EH41: MURO DRYWALL DOBLE CARA 0.09 M | EI41: M2 | EJ41: 77 | EK41: 71136.45
A42: =EG42 -> 6.1.2 | B42: =EH42 -> MURO EN BLOQUE Nº 4 E=0.15M | C42: =EI42 -> M2 | D42: =EJ42 -> 1000 | E42: =EK42 -> 32656.14 | F42: =+D42*E42 -> 32656140 | H42: =+E42*G42 -> 0 | J42: =I42*E42 -> 0 | L42: =K42*E42 -> 0 | N42: =M42*E42 -> 0 | BK42: 0 | BL42: =BK42*E42 -> 0 | BN42: =+BM42*E42 -> 0 | BP42: =BO42*E42 -> 0 | BW42: 0 | BX42: =BW42*E42 -> 0 | EA42: =+G42+I42+K42+M42+O42+Q42+S42+U42+W42+Y42+AA42+AC42+AE42+AG42+AI42+AK42+AM42+AO42+AQ42+AW42+AS42+AU42+AY42+BA42+BC42+BE42+BG42+BI42+BK42+BM42+BO42+BQ42+BS42+BU42+BW42+BY42+CA42+CC42+CE42+CG42+CI42+CK42+CM42+CO42+CQ42+CS42+CU42+CW42+CY42+DA42+DC42+DE42+DG42+DI42+DK42+DM42+DO42+DQ42+DS42+DU42+DW42+DY42 -> 0 | EB42: =+EA42*E42 -> 0 | EC42: =+EB42/$EB$745 -> #REF! | ED42: =+EB42/$F$745 -> 0 | EE42: =D42-EA42 -> 1000 | EG42: 6.1.2 | EH42: MURO EN BLOQUE Nº 4 E=0.15M | EI42: M2 | EJ42: 1000 | EK42: 32656.14
A43: =EG43 -> 6.1.3 | B43: =EH43 -> MURO CORTAFUEGO MAMPOSTERIA LADRILLO MACIZO 0.2 M | C43: =EI43 -> M2 | D43: =EJ43 -> 495 | E43: =EK43 -> 72501.66 | F43: =+D43*E43 -> 35888322 | H43: =+E43*G43 -> 0 | J43: =I43*E43 -> 0 | L43: =K43*E43 -> 0 | N43: =M43*E43 -> 0 | BK43: 0 | BL43: =BK43*E43 -> 0 | BN43: =+BM43*E43 -> 0 | BP43: =BO43*E43 -> 0 | BW43: 0 | BX43: =BW43*E43 -> 0 | EA43: =+G43+I43+K43+M43+O43+Q43+S43+U43+W43+Y43+AA43+AC43+AE43+AG43+AI43+AK43+AM43+AO43+AQ43+AW43+AS43+AU43+AY43+BA43+BC43+BE43+BG43+BI43+BK43+BM43+BO43+BQ43+BS43+BU43+BW43+BY43+CA43+CC43+CE43+CG43+CI43+CK43+CM43+CO43+CQ43+CS43+CU43+CW43+CY43+DA43+DC43+DE43+DG43+DI43+DK43+DM43+DO43+DQ43+DS43+DU43+DW43+DY43 -> 0 | EB43: =+EA43*E43 -> 0 | EC43: =+EB43/$EB$745 -> #REF! | ED43: =+EB43/$F$745 -> 0 | EE43: =D43-EA43 -> 495 | EG43: 6.1.3 | EH43: MURO CORTAFUEGO MAMPOSTERIA LADRILLO MACIZO 0.2 M | EI43: M2 | EJ43: 495 | EK43: 72501.66
A44: =EG44 -> 7.0 | B44: =EH44 -> FACHADA | C44: =EI44 -> 0 | D44: =EJ44 -> 0 | E44: =EK44 -> 0 | F44: =SUM(F45:F51) -> 2.0299733e+08 | H44: =+E44*G44 -> 0 | J44: =I44*E44 -> 0 | L44: =K44*E44 -> 0 | N44: =M44*E44 -> 0 | BK44: 0 | BL44: =BK44*E44 -> 0 | BN44: =+BM44*E44 -> 0 | BP44: =BO44*E44 -> 0 | BX44: =BW44*E44 -> 0 | EA44: =+G44+I44+K44+M44+O44+Q44+S44+U44+W44+Y44+AA44+AC44+AE44+AG44+AI44+AK44+AM44+AO44+AQ44+AW44+AS44+AU44+AY44+BA44+BC44+BE44+BG44+BI44+BK44+BM44+BO44+BQ44+BS44+BU44+BW44+BY44+CA44+CC44+CE44+CG44+CI44+CK44+CM44+CO44+CQ44+CS44+CU44+CW44+CY44+DA44+DC44+DE44+DG44+DI44+DK44+DM44+DO44+DQ44+DS44+DU44+DW44+DY44 -> 0 | EB44: =+EA44*E44 -> 0 | EC44: =+EB44/$EB$745 -> #REF! | ED44: =+EB44/$F$745 -> 0 | EE44: =D44-EA44 -> 0 | EG44: 7.0 | EH44: FACHADA
A45: =EG45 -> 7.1 | B45: =EH45 -> PREFABRICADOS EN CONCRETO ARQUITECTONICO INCLUYE ANCLAJES Y ESTRUCTURAS DE SOPORTE | C45: =EI45 -> M2 | D45: =EJ45 -> 127 | E45: =EK45 -> 314476.47 | F45: =+D45*E45 -> 39938512 | H45: =+E45*G45 -> 0 | J45: =I45*E45 -> 0 | L45: =K45*E45 -> 0 | N45: =M45*E45 -> 0 | BK45: 0 | BL45: =BK45*E45 -> 0 | BN45: =+BM45*E45 -> 0 | BP45: =BO45*E45 -> 0 | BX45: =BW45*E45 -> 0 | EA45: =+G45+I45+K45+M45+O45+Q45+S45+U45+W45+Y45+AA45+AC45+AE45+AG45+AI45+AK45+AM45+AO45+AQ45+AW45+AS45+AU45+AY45+BA45+BC45+BE45+BG45+BI45+BK45+BM45+BO45+BQ45+BS45+BU45+BW45+BY45+CA45+CC45+CE45+CG45+CI45+CK45+CM45+CO45+CQ45+CS45+CU45+CW45+CY45+DA45+DC45+DE45+DG45+DI45+DK45+DM45+DO45+DQ45+DS45+DU45+DW45+DY45 -> 0 | EB45: =+EA45*E45 -> 0 | EC45: =+EB45/$EB$745 -> #REF! | ED45: =+EB45/$F$745 -> 0 | EE45: =D45-EA45 -> 127 | EG45: 7.1 | EH45: PREFABRICADOS EN CONCRETO ARQUITECTONICO INCLUYE ANCLAJES Y ESTRUCTURAS DE SOPORTE | EI45: M2 | EJ45: 127 | EK45: 314476.47
A46: =EG46 -> 7.2 | B46: =EH46 -> ALFAJIA FUNDIDA EN CONCRETO EN "L" | C46: =EI46 -> ML | D46: =EJ46 -> 80 | E46: =EK46 -> 39268.35 | F46: =+D46*E46 -> 3141468 | H46: =+E46*G46 -> 0 | J46: =I46*E46 -> 0 | L46: =K46*E46 -> 0 | N46: =M46*E46 -> 0 | BK46: 0 | BL46: =BK46*E46 -> 0 | BN46: =+BM46*E46 -> 0 | BP46: =BO46*E46 -> 0 | BX46: =BW46*E46 -> 0 | EA46: =+G46+I46+K46+M46+O46+Q46+S46+U46+W46+Y46+AA46+AC46+AE46+AG46+AI46+AK46+AM46+AO46+AQ46+AW46+AS46+AU46+AY46+BA46+BC46+BE46+BG46+BI46+BK46+BM46+BO46+BQ46+BS46+BU46+BW46+BY46+CA46+CC46+CE46+CG46+CI46+CK46+CM46+CO46+CQ46+CS46+CU46+CW46+CY46+DA46+DC46+DE46+DG46+DI46+DK46+DM46+DO46+DQ46+DS46+DU46+DW46+DY46 -> 0 | EB46: =+EA46*E46 -> 0 | EC46: =+EB46/$EB$745 -> #REF! | ED46: =+EB46/$F$745 -> 0 | EE46: =D46-EA46 -> 80 | EG46: 7.2 | EH46: ALFAJIA FUNDIDA EN CONCRETO EN "L" | EI46: ML | EJ46: 80 | EK46: 39268.35
A47: =EG47 -> 7.3 | B47: =EH47 -> LAMINA MICROPERFORADA 6mm CAL.18 GALVANIZADA PARA FACHADAS LATERALES (INCLUYE ANTICORROSIVO, PINTURA Y ELEMENTOS DE FIJACIÓN) | C47: =EI47 -> M2 | D47: =EJ47 -> 249 | E47: =EK47 -> 133465.86 | F47: =+D47*E47 -> 33232999 | H47: =+E47*G47 -> 0 | J47: =I47*E47 -> 0 | L47: =K47*E47 -> 0 | N47: =M47*E47 -> 0 | BK47: 0 | BL47: =BK47*E47 -> 0 | BN47: =+BM47*E47 -> 0 | BP47: =BO47*E47 -> 0 | BX47: =BW47*E47 -> 0 | EA47: =+G47+I47+K47+M47+O47+Q47+S47+U47+W47+Y47+AA47+AC47+AE47+AG47+AI47+AK47+AM47+AO47+AQ47+AW47+AS47+AU47+AY47+BA47+BC47+BE47+BG47+BI47+BK47+BM47+BO47+BQ47+BS47+BU47+BW47+BY47+CA47+CC47+CE47+CG47+CI47+CK47+CM47+CO47+CQ47+CS47+CU47+CW47+CY47+DA47+DC47+DE47+DG47+DI47+DK47+DM47+DO47+DQ47+DS47+DU47+DW47+DY47 -> 0 | EB47: =+EA47*E47 -> 0 | EC47: =+EB47/$EB$745 -> #REF! | ED47: =+EB47/$F$745 -> 0 | EE47: =D47-EA47 -> 249 | EG47: 7.3 | EH47: LAMINA MICROPERFORADA 6mm CAL.18 GALVANIZADA PARA FACHADAS LATERALES (INCLUYE ANTICORROSIVO, PINTURA Y ELEMENTOS DE FIJACIÓN) | EI47: M2 | EJ47: 249 | EK47: 133465.86
A48: =EG48 -> 7.4 | B48: =EH48 -> LAMINA MICROPERFORADA 3mm CAL.18 GALVANIZADA PARA FACHADAS (INCLUYE ANTICORROSIVO, PINTURA Y ELEMENTOS DE FIJACIÓN) | C48: =EI48 -> M2 | D48: =EJ48 -> 319 | E48: =EK48 -> 125516.16 | F48: =+D48*E48 -> 40039655 | H48: =+E48*G48 -> 0 | J48: =I48*E48 -> 0 | L48: =K48*E48 -> 0 | N48: =M48*E48 -> 0 | BK48: 0 | BL48: =BK48*E48 -> 0 | BN48: =+BM48*E48 -> 0 | BP48: =BO48*E48 -> 0 | BX48: =BW48*E48 -> 0 | EA48: =+G48+I48+K48+M48+O48+Q48+S48+U48+W48+Y48+AA48+AC48+AE48+AG48+AI48+AK48+AM48+AO48+AQ48+AW48+AS48+AU48+AY48+BA48+BC48+BE48+BG48+BI48+BK48+BM48+BO48+BQ48+BS48+BU48+BW48+BY48+CA48+CC48+CE48+CG48+CI48+CK48+CM48+CO48+CQ48+CS48+CU48+CW48+CY48+DA48+DC48+DE48+DG48+DI48+DK48+DM48+DO48+DQ48+DS48+DU48+DW48+DY48 -> 0 | EB48: =+EA48*E48 -> 0 | EC48: =+EB48/$EB$745 -> #REF! | ED48: =+EB48/$F$745 -> 0 | EE48: =D48-EA48 -> 319 | EG48: 7.4 | EH48: LAMINA MICROPERFORADA 3mm CAL.18 GALVANIZADA PARA FACHADAS (INCLUYE ANTICORROSIVO, PINTURA Y ELEMENTOS DE FIJACIÓN) | EI48: M2 | EJ48: 319 | EK48: 125516.16
A49: =EG49 -> 7.5 | B49: =EH49 -> ENTRAMADO DE MADERA | C49: =EI49 -> M2 | D49: =EJ49 -> 309.75 | E49: =EK49 -> 207900 | F49: =+D49*E49 -> 64397025 | H49: =+E49*G49 -> 0 | J49: =I49*E49 -> 0 | L49: =K49*E49 -> 0 | N49: =M49*E49 -> 0 | BK49: 0 | BL49: =BK49*E49 -> 0 | BN49: =+BM49*E49 -> 0 | BP49: =BO49*E49 -> 0 | BX49: =BW49*E49 -> 0 | EA49: =+G49+I49+K49+M49+O49+Q49+S49+U49+W49+Y49+AA49+AC49+AE49+AG49+AI49+AK49+AM49+AO49+AQ49+AW49+AS49+AU49+AY49+BA49+BC49+BE49+BG49+BI49+BK49+BM49+BO49+BQ49+BS49+BU49+BW49+BY49+CA49+CC49+CE49+CG49+CI49+CK49+CM49+CO49+CQ49+CS49+CU49+CW49+CY49+DA49+DC49+DE49+DG49+DI49+DK49+DM49+DO49+DQ49+DS49+DU49+DW49+DY49 -> 0 | EB49: =+EA49*E49 -> 0 | EC49: =+EB49/$EB$745 -> #REF! | ED49: =+EB49/$F$745 -> 0 | EE49: =D49-EA49 -> 309.75 | EG49: 7.5 | EH49: ENTRAMADO DE MADERA | EI49: M2 | EJ49: 309.75 | EK49: 207900
A50: =EG50 -> 7.6 | B50: =EH50 -> BANCA PREFABRICADA EN CONCRETO (INCLUYE SUMINISTRO PREFABRICADO MORTERO DE PEGA MANO DE OBRAINSTALACION ASEO Y DEMAS ACTIVIDADES ) | C50: =EI50 -> ML | D50: =EJ50 -> 30 | E50: =EK50 -> 158637.6 | F50: =+D50*E50 -> 4759128 | H50: =+E50*G50 -> 0 | J50: =I50*E50 -> 0 | L50: =K50*E50 -> 0 | N50: =M50*E50 -> 0 | BK50: 0 | BL50: =BK50*E50 -> 0 | BN50: =+BM50*E50 -> 0 | BP50: =BO50*E50 -> 0 | BX50: =BW50*E50 -> 0 | EA50: =+G50+I50+K50+M50+O50+Q50+S50+U50+W50+Y50+AA50+AC50+AE50+AG50+AI50+AK50+AM50+AO50+AQ50+AW50+AS50+AU50+AY50+BA50+BC50+BE50+BG50+BI50+BK50+BM50+BO50+BQ50+BS50+BU50+BW50+BY50+CA50+CC50+CE50+CG50+CI50+CK50+CM50+CO50+CQ50+CS50+CU50+CW50+CY50+DA50+DC50+DE50+DG50+DI50+DK50+DM50+DO50+DQ50+DS50+DU50+DW50+DY50 -> 0 | EB50: =+EA50*E50 -> 0 | EC50: =+EB50/$EB$745 -> #REF! | ED50: =+EB50/$F$745 -> 0 | EE50: =D50-EA50 -> 30 | EG50: 7.6 | EH50: BANCA PREFABRICADA EN CONCRETO (INCLUYE SUMINISTRO PREFABRICADO MORTERO DE PEGA MANO DE OBRAINSTALACION ASEO Y DEMAS ACTIVIDADES ) | EI50: ML | EJ50: 30 | EK50: 158637.6
A51: =EG51 -> 7.7 | B51: =EH51 -> ENCHAPE PIEDRA EN BOLA PATIDA | C51: =EI51 -> M2 | D51: =EJ51 -> 200 | E51: =EK51 -> 87442.74 | F51: =+D51*E51 -> 17488548 | H51: =+E51*G51 -> 0 | J51: =I51*E51 -> 0 | L51: =K51*E51 -> 0 | N51: =M51*E51 -> 0 | BK51: 0 | BL51: =BK51*E51 -> 0 | BN51: =+BM51*E51 -> 0 | BP51: =BO51*E51 -> 0 | BX51: =BW51*E51 -> 0 | EA51: =+G51+I51+K51+M51+O51+Q51+S51+U51+W51+Y51+AA51+AC51+AE51+AG51+AI51+AK51+AM51+AO51+AQ51+AW51+AS51+AU51+AY51+BA51+BC51+BE51+BG51+BI51+BK51+BM51+BO51+BQ51+BS51+BU51+BW51+BY51+CA51+CC51+CE51+CG51+CI51+CK51+CM51+CO51+CQ51+CS51+CU51+CW51+CY51+DA51+DC51+DE51+DG51+DI51+DK51+DM51+DO51+DQ51+DS51+DU51+DW51+DY51 -> 0 | EB51: =+EA51*E51 -> 0 | EC51: =+EB51/$EB$745 -> #REF! | ED51: =+EB51/$F$745 -> 0 | EE51: =D51-EA51 -> 200 | EG51: 7.7 | EH51: ENCHAPE PIEDRA EN BOLA PATIDA | EI51: M2 | EJ51: 200 | EK51: 87442.74
A52: =EG52 -> 8.0 | B52: =EH52 -> INSTALACIONES ELECTRICAS | C52: =EI52 -> 0 | D52: =EJ52 -> 0 | E52: =EK52 -> 0 | F52: =SUM(F53:F136) -> 1.31291e+09 | H52: =+E52*G52 -> 0 | J52: =I52*E52 -> 0 | L52: =K52*E52 -> 0 | N52: =M52*E52 -> 0 | BK52: 0 | BL52: =BK52*E52 -> 0 | BN52: =+BM52*E52 -> 0 | BP52: =BO52*E52 -> 0 | BX52: =BW52*E52 -> 0 | EA52: =+G52+I52+K52+M52+O52+Q52+S52+U52+W52+Y52+AA52+AC52+AE52+AG52+AI52+AK52+AM52+AO52+AQ52+AW52+AS52+AU52+AY52+BA52+BC52+BE52+BG52+BI52+BK52+BM52+BO52+BQ52+BS52+BU52+BW52+BY52+CA52+CC52+CE52+CG52+CI52+CK52+CM52+CO52+CQ52+CS52+CU52+CW52+CY52+DA52+DC52+DE52+DG52+DI52+DK52+DM52+DO52+DQ52+DS52+DU52+DW52+DY52 -> 0 | EB52: =+EA52*E52 -> 0 | EC52: =+EB52/$EB$745 -> #REF! | ED52: =+EB52/$F$745 -> 0 | EE52: =D52-EA52 -> 0 | EG52: 8.0 | EH52: INSTALACIONES ELECTRICAS
B53: =EH53 -> INSTALACIONES ELECTRICAS | C53: =EI53 -> 0 | D53: =EJ53 -> 0 | E53: =EK53 -> 0 | F53: =+D53*E53 -> 0 | H53: =+E53*G53 -> 0 | J53: =I53*E53 -> 0 | L53: =K53*E53 -> 0 | N53: =M53*E53 -> 0 | BK53: 0 | BL53: =BK53*E53 -> 0 | BN53: =+BM53*E53 -> 0 | BP53: =BO53*E53 -> 0 | BX53: =BW53*E53 -> 0 | EA53: =+G53+I53+K53+M53+O53+Q53+S53+U53+W53+Y53+AA53+AC53+AE53+AG53+AI53+AK53+AM53+AO53+AQ53+AW53+AS53+AU53+AY53+BA53+BC53+BE53+BG53+BI53+BK53+BM53+BO53+BQ53+BS53+BU53+BW53+BY53+CA53+CC53+CE53+CG53+CI53+CK53+CM53+CO53+CQ53+CS53+CU53+CW53+CY53+DA53+DC53+DE53+DG53+DI53+DK53+DM53+DO53+DQ53+DS53+DU53+DW53+DY53 -> 0 | EB53: =+EA53*E53 -> 0 | EC53: =+EB53/$EB$745 -> #REF! | ED53: =+EB53/$F$745 -> 0 | EE53: =D53-EA53 -> 0 | EH53: INSTALACIONES ELECTRICAS
A54: =EG54 -> 8.1 | B54: =EH54 -> Tablero de automáticos de 12 circuitos trifásico con puerta, chapeta de cierre y espacio para totalizador industrial TWC-MB-12 | C54: =EI54 -> UN | D54: =EJ54 -> 2 | E54: =EK54 -> 564587.1 | F54: =+D54*E54 -> 1129174.2 | H54: =+E54*G54 -> 0 | J54: =I54*E54 -> 0 | L54: =K54*E54 -> 0 | N54: =M54*E54 -> 0 | BK54: 0 | BL54: =BK54*E54 -> 0 | BN54: =+BM54*E54 -> 0 | BP54: =BO54*E54 -> 0 | BX54: =BW54*E54 -> 0 | EA54: =+G54+I54+K54+M54+O54+Q54+S54+U54+W54+Y54+AA54+AC54+AE54+AG54+AI54+AK54+AM54+AO54+AQ54+AW54+AS54+AU54+AY54+BA54+BC54+BE54+BG54+BI54+BK54+BM54+BO54+BQ54+BS54+BU54+BW54+BY54+CA54+CC54+CE54+CG54+CI54+CK54+CM54+CO54+CQ54+CS54+CU54+CW54+CY54+DA54+DC54+DE54+DG54+DI54+DK54+DM54+DO54+DQ54+DS54+DU54+DW54+DY54 -> 0 | EB54: =+EA54*E54 -> 0 | EC54: =+EB54/$EB$745 -> #REF! | ED54: =+EB54/$F$745 -> 0 | EE54: =D54-EA54 -> 2 | EG54: 8.1 | EH54: Tablero de automáticos de 12 circuitos trifásico con puerta, chapeta de cierre y espacio para totalizador industrial TWC-MB-12 | EI54: UN | EJ54: 2 | EK54: 564587.1
A55: =EG55 -> 8.2 | B55: =EH55 -> Tablero de automáticos de 18 circuitos trifásico con puerta, chapeta de cierre y espacio para totalizador industrial TWC-MB-18 | C55: =EI55 -> UN | D55: =EJ55 -> 3 | E55: =EK55 -> 676867.95 | F55: =+D55*E55 -> 2030603.8 | H55: =+E55*G55 -> 0 | J55: =I55*E55 -> 0 | L55: =K55*E55 -> 0 | N55: =M55*E55 -> 0 | BK55: 0 | BL55: =BK55*E55 -> 0 | BN55: =+BM55*E55 -> 0 | BP55: =BO55*E55 -> 0 | BX55: =BW55*E55 -> 0 | EA55: =+G55+I55+K55+M55+O55+Q55+S55+U55+W55+Y55+AA55+AC55+AE55+AG55+AI55+AK55+AM55+AO55+AQ55+AW55+AS55+AU55+AY55+BA55+BC55+BE55+BG55+BI55+BK55+BM55+BO55+BQ55+BS55+BU55+BW55+BY55+CA55+CC55+CE55+CG55+CI55+CK55+CM55+CO55+CQ55+CS55+CU55+CW55+CY55+DA55+DC55+DE55+DG55+DI55+DK55+DM55+DO55+DQ55+DS55+DU55+DW55+DY55 -> 0 | EB55: =+EA55*E55 -> 0 | EC55: =+EB55/$EB$745 -> #REF! | ED55: =+EB55/$F$745 -> 0 | EE55: =D55-EA55 -> 3 | EG55: 8.2 | EH55: Tablero de automáticos de 18 circuitos trifásico con puerta, chapeta de cierre y espacio para totalizador industrial TWC-MB-18 | EI55: UN | EJ55: 3 | EK55: 676867.95
A56: =EG56 -> 8.3 | B56: =EH56 -> Tablero de automáticos de 42 circuitos trifásico con puerta, chapeta de cierre y espacio para totalizador industrial TWC-MB-42 | C56: =EI56 -> UN | D56: =EJ56 -> 2 | E56: =EK56 -> 964293.66 | F56: =+D56*E56 -> 1928587.3 | H56: =+E56*G56 -> 0 | J56: =I56*E56 -> 0 | L56: =K56*E56 -> 0 | N56: =M56*E56 -> 0 | BK56: 0 | BL56: =BK56*E56 -> 0 | BN56: =+BM56*E56 -> 0 | BP56: =BO56*E56 -> 0 | BX56: =BW56*E56 -> 0 | EA56: =+G56+I56+K56+M56+O56+Q56+S56+U56+W56+Y56+AA56+AC56+AE56+AG56+AI56+AK56+AM56+AO56+AQ56+AW56+AS56+AU56+AY56+BA56+BC56+BE56+BG56+BI56+BK56+BM56+BO56+BQ56+BS56+BU56+BW56+BY56+CA56+CC56+CE56+CG56+CI56+CK56+CM56+CO56+CQ56+CS56+CU56+CW56+CY56+DA56+DC56+DE56+DG56+DI56+DK56+DM56+DO56+DQ56+DS56+DU56+DW56+DY56 -> 0 | EB56: =+EA56*E56 -> 0 | EC56: =+EB56/$EB$745 -> #REF! | ED56: =+EB56/$F$745 -> 0 | EE56: =D56-EA56 -> 2 | EG56: 8.3 | EH56: Tablero de automáticos de 42 circuitos trifásico con puerta, chapeta de cierre y espacio para totalizador industrial TWC-MB-42 | EI56: UN | EJ56: 2 | EK56: 964293.66
A57: =EG57 -> 8.4 | B57: =EH57 -> Salida EMT iluminación sobreponer con toma, incluye Cu HFFR LS (libres de Halógenos), marquillado | C57: =EI57 -> UN | D57: =EJ57 -> 80 | E57: =EK57 -> 155121.12 | F57: =+D57*E57 -> 12409690 | H57: =+E57*G57 -> 0 | J57: =I57*E57 -> 0 | L57: =K57*E57 -> 0 | N57: =M57*E57 -> 0 | BK57: 0 | BL57: =BK57*E57 -> 0 | BN57: =+BM57*E57 -> 0 | BP57: =BO57*E57 -> 0 | BX57: =BW57*E57 -> 0 | EA57: =+G57+I57+K57+M57+O57+Q57+S57+U57+W57+Y57+AA57+AC57+AE57+AG57+AI57+AK57+AM57+AO57+AQ57+AW57+AS57+AU57+AY57+BA57+BC57+BE57+BG57+BI57+BK57+BM57+BO57+BQ57+BS57+BU57+BW57+BY57+CA57+CC57+CE57+CG57+CI57+CK57+CM57+CO57+CQ57+CS57+CU57+CW57+CY57+DA57+DC57+DE57+DG57+DI57+DK57+DM57+DO57+DQ57+DS57+DU57+DW57+DY57 -> 0 | EB57: =+EA57*E57 -> 0 | EC57: =+EB57/$EB$745 -> #REF! | ED57: =+EB57/$F$745 -> 0 | EE57: =D57-EA57 -> 80 | EG57: 8.4 | EH57: Salida EMT iluminación sobreponer con toma, incluye Cu HFFR LS (libres de Halógenos), marquillado | EI57: UN | EJ57: 80 | EK57: 155121.12
A58: =EG58 -> 8.5 | B58: =EH58 -> Salida EMT iluminación incrustar, incluye Cu HFFR LS (libres de Halógenos), marquillado | C58: =EI58 -> UN | D58: =EJ58 -> 519 | E58: =EK58 -> 157100.13 | F58: =+D58*E58 -> 81534967 | H58: =+E58*G58 -> 0 | J58: =I58*E58 -> 0 | L58: =K58*E58 -> 0 | N58: =M58*E58 -> 0 | BK58: 0 | BL58: =BK58*E58 -> 0 | BN58: =+BM58*E58 -> 0 | BP58: =BO58*E58 -> 0 | BW58: 3 | BX58: =BW58*E58 -> 471300.39 | CE58: 2 | CF58: =+CE58*$E58 -> 314200.26 | EA58: =+G58+I58+K58+M58+O58+Q58+S58+U58+W58+Y58+AA58+AC58+AE58+AG58+AI58+AK58+AM58+AO58+AQ58+AW58+AS58+AU58+AY58+BA58+BC58+BE58+BG58+BI58+BK58+BM58+BO58+BQ58+BS58+BU58+BW58+BY58+CA58+CC58+CE58+CG58+CI58+CK58+CM58+CO58+CQ58+CS58+CU58+CW58+CY58+DA58+DC58+DE58+DG58+DI58+DK58+DM58+DO58+DQ58+DS58+DU58+DW58+DY58 -> 5 | EB58: =+EA58*E58 -> 785500.65 | EC58: =+EB58/$EB$745 -> #REF! | ED58: =+EB58/$F$745 -> 2.2041094e-05 | EE58: =D58-EA58 -> 514 | EG58: 8.5 | EH58: Salida EMT iluminación incrustar, incluye Cu HFFR LS (libres de Halógenos), marquillado | EI58: UN | EJ58: 519 | EK58: 157100.13
A59: =EG59 -> 8.6 | B59: =EH59 -> Salida EMT para interruptor Sencillo, incluye Cu HFFR LS (libres de Halógenos), marquillado | C59: =EI59 -> UN | D59: =EJ59 -> 50 | E59: =EK59 -> 152382.78 | F59: =+D59*E59 -> 7619139 | H59: =+E59*G59 -> 0 | J59: =I59*E59 -> 0 | L59: =K59*E59 -> 0 | N59: =M59*E59 -> 0 | BK59: 0 | BL59: =BK59*E59 -> 0 | BN59: =+BM59*E59 -> 0 | BP59: =BO59*E59 -> 0 | BW59: 1 | BX59: =BW59*E59 -> 152382.78 | CG59: 1 | CH59: =+CG59*$E59 -> 152382.78 | EA59: =+G59+I59+K59+M59+O59+Q59+S59+U59+W59+Y59+AA59+AC59+AE59+AG59+AI59+AK59+AM59+AO59+AQ59+AW59+AS59+AU59+AY59+BA59+BC59+BE59+BG59+BI59+BK59+BM59+BO59+BQ59+BS59+BU59+BW59+BY59+CA59+CC59+CE59+CG59+CI59+CK59+CM59+CO59+CQ59+CS59+CU59+CW59+CY59+DA59+DC59+DE59+DG59+DI59+DK59+DM59+DO59+DQ59+DS59+DU59+DW59+DY59 -> 2 | EB59: =+EA59*E59 -> 304765.56 | EC59: =+EB59/$EB$745 -> #REF! | ED59: =+EB59/$F$745 -> 8.5517006e-06 | EE59: =D59-EA59 -> 48 | EG59: 8.6 | EH59: Salida EMT para interruptor Sencillo, incluye Cu HFFR LS (libres de Halógenos), marquillado | EI59: UN | EJ59: 50 | EK59: 152382.78
A60: =EG60 -> 8.7 | B60: =EH60 -> Salida EMT para interruptor Conmutable, incluye Cu HFFR LS (libres de Halógenos), marquillado | C60: =EI60 -> UN | D60: =EJ60 -> 5 | E60: =EK60 -> 199267.2 | F60: =+D60*E60 -> 996336 | H60: =+E60*G60 -> 0 | J60: =I60*E60 -> 0 | L60: =K60*E60 -> 0 | N60: =M60*E60 -> 0 | BK60: 0 | BL60: =BK60*E60 -> 0 | BN60: =+BM60*E60 -> 0 | BP60: =BO60*E60 -> 0 | EA60: =+G60+I60+K60+M60+O60+Q60+S60+U60+W60+Y60+AA60+AC60+AE60+AG60+AI60+AK60+AM60+AO60+AQ60+AW60+AS60+AU60+AY60+BA60+BC60+BE60+BG60+BI60+BK60+BM60+BO60+BQ60+BS60+BU60+BW60+BY60+CA60+CC60+CE60+CG60+CI60+CK60+CM60+CO60+CQ60+CS60+CU60+CW60+CY60+DA60+DC60+DE60+DG60+DI60+DK60+DM60+DO60+DQ60+DS60+DU60+DW60+DY60 -> 0 | EB60: =+EA60*E60 -> 0 | EC60: =+EB60/$EB$745 -> #REF! | ED60: =+EB60/$F$745 -> 0 | EE60: =D60-EA60 -> 5 | EG60: 8.7 | EH60: Salida EMT para interruptor Conmutable, incluye Cu HFFR LS (libres de Halógenos), marquillado | EI60: UN | EJ60: 5 | EK60: 199267.2
A61: =EG61 -> 8.1 | B61: =EH61 -> SALIDAS PARA TOMAS NORMALES, COMERCIALES , AEROPORTUARIAS Y AERONÁUTICAS CON TUBERÍAS PVC | C61: =EI61 -> 0 | D61: =EJ61 -> 0 | E61: =EK61 -> 0 | F61: =+D61*E61 -> 0 | H61: =+E61*G61 -> 0 | J61: =I61*E61 -> 0 | L61: =K61*E61 -> 0 | N61: =M61*E61 -> 0 | BK61: 0 | BL61: =BK61*E61 -> 0 | BN61: =+BM61*E61 -> 0 | BP61: =BO61*E61 -> 0 | EA61: =+G61+I61+K61+M61+O61+Q61+S61+U61+W61+Y61+AA61+AC61+AE61+AG61+AI61+AK61+AM61+AO61+AQ61+AW61+AS61+AU61+AY61+BA61+BC61+BE61+BG61+BI61+BK61+BM61+BO61+BQ61+BS61+BU61+BW61+BY61+CA61+CC61+CE61+CG61+CI61+CK61+CM61+CO61+CQ61+CS61+CU61+CW61+CY61+DA61+DC61+DE61+DG61+DI61+DK61+DM61+DO61+DQ61+DS61+DU61+DW61+DY61 -> 0 | EB61: =+EA61*E61 -> 0 | EC61: =+EB61/$EB$745 -> #REF! | ED61: =+EB61/$F$745 -> 0 | EE61: =D61-EA61 -> 0 | EG61: 8.1 | EH61: SALIDAS PARA TOMAS NORMALES, COMERCIALES , AEROPORTUARIAS Y AERONÁUTICAS CON TUBERÍAS PVC
A62: =EG62 -> 8.1.1 | B62: =EH62 -> Salida para tomacorriente doble monofásica 15A con polo a tierra (Color blanco) , incluye Cu HFFR LS (libres de Halógenos), marquillado | C62: =EI62 -> UN | D62: =EJ62 -> 60 | E62: =EK62 -> 122046.21 | F62: =+D62*E62 -> 7322772.6 | H62: =+E62*G62 -> 0 | J62: =I62*E62 -> 0 | L62: =K62*E62 -> 0 | N62: =M62*E62 -> 0 | BK62: 0 | BL62: =BK62*E62 -> 0 | BN62: =+BM62*E62 -> 0 | BP62: =BO62*E62 -> 0 | BU62: 1 | BV62: =BU62*E62 -> 122046.21 | CE62: 7 | CF62: =+CE62*$E62 -> 854323.47 | EA62: =+G62+I62+K62+M62+O62+Q62+S62+U62+W62+Y62+AA62+AC62+AE62+AG62+AI62+AK62+AM62+AO62+AQ62+AW62+AS62+AU62+AY62+BA62+BC62+BE62+BG62+BI62+BK62+BM62+BO62+BQ62+BS62+BU62+BW62+BY62+CA62+CC62+CE62+CG62+CI62+CK62+CM62+CO62+CQ62+CS62+CU62+CW62+CY62+DA62+DC62+DE62+DG62+DI62+DK62+DM62+DO62+DQ62+DS62+DU62+DW62+DY62 -> 8 | EB62: =+EA62*E62 -> 976369.68 | EC62: =+EB62/$EB$745 -> #REF! | ED62: =+EB62/$F$745 -> 2.7396866e-05 | EE62: =D62-EA62 -> 52 | EG62: 8.1.1 | EH62: Salida para tomacorriente doble monofásica 15A con polo a tierra (Color blanco) , incluye Cu HFFR LS (libres de Halógenos), marquillado | EI62: UN | EJ62: 60 | EK62: 122046.21
A63: =EG63 -> 8.2 | B63: =EH63 -> SALIDAS PARA TOMAS NORMALES, REGULADAS, VITALES Y CRÍTICAS CON TUBERÍAS EMT | C63: =EI63 -> 0 | D63: =EJ63 -> 0 | E63: =EK63 -> 0 | F63: =+D63*E63 -> 0 | H63: =+E63*G63 -> 0 | J63: =I63*E63 -> 0 | L63: =K63*E63 -> 0 | N63: =M63*E63 -> 0 | BK63: 0 | BL63: =BK63*E63 -> 0 | BN63: =+BM63*E63 -> 0 | BP63: =BO63*E63 -> 0 | EA63: =+G63+I63+K63+M63+O63+Q63+S63+U63+W63+Y63+AA63+AC63+AE63+AG63+AI63+AK63+AM63+AO63+AQ63+AW63+AS63+AU63+AY63+BA63+BC63+BE63+BG63+BI63+BK63+BM63+BO63+BQ63+BS63+BU63+BW63+BY63+CA63+CC63+CE63+CG63+CI63+CK63+CM63+CO63+CQ63+CS63+CU63+CW63+CY63+DA63+DC63+DE63+DG63+DI63+DK63+DM63+DO63+DQ63+DS63+DU63+DW63+DY63 -> 0 | EB63: =+EA63*E63 -> 0 | EC63: =+EB63/$EB$745 -> #REF! | ED63: =+EB63/$F$745 -> 0 | EE63: =D63-EA63 -> 0 | EG63: 8.2 | EH63: SALIDAS PARA TOMAS NORMALES, REGULADAS, VITALES Y CRÍTICAS CON TUBERÍAS EMT
A64: =EG64 -> 8.2.1 | B64: =EH64 -> Salida para tomacorriente doble monofásica 15A con polo a tierra (Color blanco) , incluye Cu HFFR LS (libres de Halógenos), marquillado (Tubería EMT) | C64: =EI64 -> UN | D64: =EJ64 -> 70 | E64: =EK64 -> 146613.06 | F64: =+D64*E64 -> 10262914 | H64: =+E64*G64 -> 0 | J64: =I64*E64 -> 0 | L64: =K64*E64 -> 0 | N64: =M64*E64 -> 0 | BK64: 0 | BL64: =BK64*E64 -> 0 | BN64: =+BM64*E64 -> 0 | BP64: =BO64*E64 -> 0 | BU64: 6 | BV64: =BU64*E64 -> 879678.36 | EA64: =+G64+I64+K64+M64+O64+Q64+S64+U64+W64+Y64+AA64+AC64+AE64+AG64+AI64+AK64+AM64+AO64+AQ64+AW64+AS64+AU64+AY64+BA64+BC64+BE64+BG64+BI64+BK64+BM64+BO64+BQ64+BS64+BU64+BW64+BY64+CA64+CC64+CE64+CG64+CI64+CK64+CM64+CO64+CQ64+CS64+CU64+CW64+CY64+DA64+DC64+DE64+DG64+DI64+DK64+DM64+DO64+DQ64+DS64+DU64+DW64+DY64 -> 6 | EB64: =+EA64*E64 -> 879678.36 | EC64: =+EB64/$EB$745 -> #REF! | ED64: =+EB64/$F$745 -> 2.4683714e-05 | EE64: =D64-EA64 -> 64 | EG64: 8.2.1 | EH64: Salida para tomacorriente doble monofásica 15A con polo a tierra (Color blanco) , incluye Cu HFFR LS (libres de Halógenos), marquillado (Tubería EMT) | EI64: UN | EJ64: 70 | EK64: 146613.06
A65: =EG65 -> 8.2.2 | B65: =EH65 -> Salida para toma bifásica (208V/20 Amps.) En muro para equipos en normal, con polo a tierra incluye Cu HFFR LS (libres de Halógenos), marquillado | C65: =EI65 -> UN | D65: =EJ65 -> 40 | E65: =EK65 -> 224838.9 | F65: =+D65*E65 -> 8993556 | H65: =+E65*G65 -> 0 | J65: =I65*E65 -> 0 | L65: =K65*E65 -> 0 | N65: =M65*E65 -> 0 | BK65: 0 | BL65: =BK65*E65 -> 0 | BN65: =+BM65*E65 -> 0 | BP65: =BO65*E65 -> 0 | EA65: =+G65+I65+K65+M65+O65+Q65+S65+U65+W65+Y65+AA65+AC65+AE65+AG65+AI65+AK65+AM65+AO65+AQ65+AW65+AS65+AU65+AY65+BA65+BC65+BE65+BG65+BI65+BK65+BM65+BO65+BQ65+BS65+BU65+BW65+BY65+CA65+CC65+CE65+CG65+CI65+CK65+CM65+CO65+CQ65+CS65+CU65+CW65+CY65+DA65+DC65+DE65+DG65+DI65+DK65+DM65+DO65+DQ65+DS65+DU65+DW65+DY65 -> 0 | EB65: =+EA65*E65 -> 0 | EC65: =+EB65/$EB$745 -> #REF! | ED65: =+EB65/$F$745 -> 0 | EE65: =D65-EA65 -> 40 | EG65: 8.2.2 | EH65: Salida para toma bifásica (208V/20 Amps.) En muro para equipos en normal, con polo a tierra incluye Cu HFFR LS (libres de Halógenos), marquillado | EI65: UN | EJ65: 40 | EK65: 224838.9
A66: =EG66 -> 8.2.3 | B66: =EH66 -> Salida monofásica secador de manos o equipos dedicados, con polo a tierra, incluye Cu HFFR LS (libres de Halógenos), marquillado (TUBERÍA EMT) | C66: =EI66 -> UN | D66: =EJ66 -> 40 | E66: =EK66 -> 194320.17 | F66: =+D66*E66 -> 7772806.8 | H66: =+E66*G66 -> 0 | J66: =I66*E66 -> 0 | L66: =K66*E66 -> 0 | N66: =M66*E66 -> 0 | BK66: 0 | BL66: =BK66*E66 -> 0 | BN66: =+BM66*E66 -> 0 | BP66: =BO66*E66 -> 0 | EA66: =+G66+I66+K66+M66+O66+Q66+S66+U66+W66+Y66+AA66+AC66+AE66+AG66+AI66+AK66+AM66+AO66+AQ66+AW66+AS66+AU66+AY66+BA66+BC66+BE66+BG66+BI66+BK66+BM66+BO66+BQ66+BS66+BU66+BW66+BY66+CA66+CC66+CE66+CG66+CI66+CK66+CM66+CO66+CQ66+CS66+CU66+CW66+CY66+DA66+DC66+DE66+DG66+DI66+DK66+DM66+DO66+DQ66+DS66+DU66+DW66+DY66 -> 0 | EB66: =+EA66*E66 -> 0 | EC66: =+EB66/$EB$745 -> #REF! | ED66: =+EB66/$F$745 -> 0 | EE66: =D66-EA66 -> 40 | EG66: 8.2.3 | EH66: Salida monofásica secador de manos o equipos dedicados, con polo a tierra, incluye Cu HFFR LS (libres de Halógenos), marquillado (TUBERÍA EMT) | EI66: UN | EJ66: 40 | EK66: 194320.17
A67: =EG67 -> 8.2.4 | B67: =EH67 -> Salida para tomacorriente doble monofásica con polo a tierra Regulada color anaranjado para computadores (mas línea a tierra aislada), incluye Cu HFFR LS (libres de Halógenos), marquillado TUBERÍA EMT | C67: =EI67 -> UN | D67: =EJ67 -> 70 | E67: =EK67 -> 100777.05 | F67: =+D67*E67 -> 7054393.5 | H67: =+E67*G67 -> 0 | J67: =I67*E67 -> 0 | L67: =K67*E67 -> 0 | N67: =M67*E67 -> 0 | BK67: 0 | BL67: =BK67*E67 -> 0 | BN67: =+BM67*E67 -> 0 | BP67: =BO67*E67 -> 0 | CE67: 2 | CF67: =+CE67*$E67 -> 201554.1 | EA67: =+G67+I67+K67+M67+O67+Q67+S67+U67+W67+Y67+AA67+AC67+AE67+AG67+AI67+AK67+AM67+AO67+AQ67+AW67+AS67+AU67+AY67+BA67+BC67+BE67+BG67+BI67+BK67+BM67+BO67+BQ67+BS67+BU67+BW67+BY67+CA67+CC67+CE67+CG67+CI67+CK67+CM67+CO67+CQ67+CS67+CU67+CW67+CY67+DA67+DC67+DE67+DG67+DI67+DK67+DM67+DO67+DQ67+DS67+DU67+DW67+DY67 -> 2 | EB67: =+EA67*E67 -> 201554.1 | EC67: =+EB67/$EB$745 -> #REF! | ED67: =+EB67/$F$745 -> 5.6555941e-06 | EE67: =D67-EA67 -> 68 | EG67: 8.2.4 | EH67: Salida para tomacorriente doble monofásica con polo a tierra Regulada color anaranjado para computadores (mas línea a tierra aislada), incluye Cu HFFR LS (libres de Halógenos), marquillado TUBERÍA EMT | EI67: UN | EJ67: 70 | EK67: 100777.05
A68: =EG68 -> 8.2.5 | B68: =EH68 -> Salida para tomacorriente doble monofásica con polo a tierra Regulada color anaranjado para computadores y conexión CCTV (mas línea a tierra aislada), incluye Cu HFFR LS (libres de Halógenos), marquillado | C68: =EI68 -> UN | D68: =EJ68 -> 60 | E68: =EK68 -> 119348.46 | F68: =+D68*E68 -> 7160907.6 | H68: =+E68*G68 -> 0 | J68: =I68*E68 -> 0 | L68: =K68*E68 -> 0 | N68: =M68*E68 -> 0 | BK68: 0 | BL68: =BK68*E68 -> 0 | BN68: =+BM68*E68 -> 0 | BP68: =BO68*E68 -> 0 | EA68: =+G68+I68+K68+M68+O68+Q68+S68+U68+W68+Y68+AA68+AC68+AE68+AG68+AI68+AK68+AM68+AO68+AQ68+AW68+AS68+AU68+AY68+BA68+BC68+BE68+BG68+BI68+BK68+BM68+BO68+BQ68+BS68+BU68+BW68+BY68+CA68+CC68+CE68+CG68+CI68+CK68+CM68+CO68+CQ68+CS68+CU68+CW68+CY68+DA68+DC68+DE68+DG68+DI68+DK68+DM68+DO68+DQ68+DS68+DU68+DW68+DY68 -> 0 | EB68: =+EA68*E68 -> 0 | EC68: =+EB68/$EB$745 -> #REF! | ED68: =+EB68/$F$745 -> 0 | EE68: =D68-EA68 -> 60 | EG68: 8.2.5 | EH68: Salida para tomacorriente doble monofásica con polo a tierra Regulada color anaranjado para computadores y conexión CCTV (mas línea a tierra aislada), incluye Cu HFFR LS (libres de Halógenos), marquillado | EI68: UN | EJ68: 60 | EK68: 119348.46
A69: =EG69 -> 8.2.6 | B69: =EH69 -> Salida para toma trifásica (tripolar 30 Amps 250 V) , incluye marquillado tuberia EMT, cables HFFR LS (libres de Halógenos) | C69: =EI69 -> UN | D69: =EJ69 -> 8 | E69: =EK69 -> 264375.54 | F69: =+D69*E69 -> 2115004.3 | H69: =+E69*G69 -> 0 | J69: =I69*E69 -> 0 | L69: =K69*E69 -> 0 | N69: =M69*E69 -> 0 | BK69: 0 | BL69: =BK69*E69 -> 0 | BN69: =+BM69*E69 -> 0 | BP69: =BO69*E69 -> 0 | EA69: =+G69+I69+K69+M69+O69+Q69+S69+U69+W69+Y69+AA69+AC69+AE69+AG69+AI69+AK69+AM69+AO69+AQ69+AW69+AS69+AU69+AY69+BA69+BC69+BE69+BG69+BI69+BK69+BM69+BO69+BQ69+BS69+BU69+BW69+BY69+CA69+CC69+CE69+CG69+CI69+CK69+CM69+CO69+CQ69+CS69+CU69+CW69+CY69+DA69+DC69+DE69+DG69+DI69+DK69+DM69+DO69+DQ69+DS69+DU69+DW69+DY69 -> 0 | EB69: =+EA69*E69 -> 0 | EC69: =+EB69/$EB$745 -> #REF! | ED69: =+EB69/$F$745 -> 0 | EE69: =D69-EA69 -> 8 | EG69: 8.2.6 | EH69: Salida para toma trifásica (tripolar 30 Amps 250 V) , incluye marquillado tuberia EMT, cables HFFR LS (libres de Halógenos) | EI69: UN | EJ69: 8 | EK69: 264375.54
A70: =EG70 -> 8.2.7 | B70: =EH70 -> Salida para toma monofásica 15A con protección falla a tierra GFCI, incluye marquillado, tuberia EMT, cables HFFR LS (libres de Halógenos) | C70: =EI70 -> UN | D70: =EJ70 -> 14 | E70: =EK70 -> 177928.74 | F70: =+D70*E70 -> 2491002.4 | H70: =+E70*G70 -> 0 | J70: =I70*E70 -> 0 | L70: =K70*E70 -> 0 | N70: =M70*E70 -> 0 | BK70: 0 | BL70: =BK70*E70 -> 0 | BN70: =+BM70*E70 -> 0 | BP70: =BO70*E70 -> 0 | EA70: =+G70+I70+K70+M70+O70+Q70+S70+U70+W70+Y70+AA70+AC70+AE70+AG70+AI70+AK70+AM70+AO70+AQ70+AW70+AS70+AU70+AY70+BA70+BC70+BE70+BG70+BI70+BK70+BM70+BO70+BQ70+BS70+BU70+BW70+BY70+CA70+CC70+CE70+CG70+CI70+CK70+CM70+CO70+CQ70+CS70+CU70+CW70+CY70+DA70+DC70+DE70+DG70+DI70+DK70+DM70+DO70+DQ70+DS70+DU70+DW70+DY70 -> 0 | EB70: =+EA70*E70 -> 0 | EC70: =+EB70/$EB$745 -> #REF! | ED70: =+EB70/$F$745 -> 0 | EE70: =D70-EA70 -> 14 | EG70: 8.2.7 | EH70: Salida para toma monofásica 15A con protección falla a tierra GFCI, incluye marquillado, tuberia EMT, cables HFFR LS (libres de Halógenos) | EI70: UN | EJ70: 14 | EK70: 177928.74
A71: =EG71 -> 8.2.8 | B71: =EH71 -> Salida para Unidades de Ventilación en 2#10+1#10T (Tubería EMT 3/4"), cables HFFR LS (libres de Halógenos) | C71: =EI71 -> UN | D71: =EJ71 -> 18 | E71: =EK71 -> 293187.51 | F71: =+D71*E71 -> 5277375.2 | H71: =+E71*G71 -> 0 | J71: =I71*E71 -> 0 | L71: =K71*E71 -> 0 | N71: =M71*E71 -> 0 | BK71: 0 | BL71: =BK71*E71 -> 0 | BN71: =+BM71*E71 -> 0 | BP71: =BO71*E71 -> 0 | BU71: 1 | BV71: =BU71*E71 -> 293187.51 | CE71: 4 | CF71: =+CE71*$E71 -> 1172750 | CG71: 1 | CH71: =+CG71*$E71 -> 293187.51 | EA71: =+G71+I71+K71+M71+O71+Q71+S71+U71+W71+Y71+AA71+AC71+AE71+AG71+AI71+AK71+AM71+AO71+AQ71+AW71+AS71+AU71+AY71+BA71+BC71+BE71+BG71+BI71+BK71+BM71+BO71+BQ71+BS71+BU71+BW71+BY71+CA71+CC71+CE71+CG71+CI71+CK71+CM71+CO71+CQ71+CS71+CU71+CW71+CY71+DA71+DC71+DE71+DG71+DI71+DK71+DM71+DO71+DQ71+DS71+DU71+DW71+DY71 -> 6 | EB71: =+EA71*E71 -> 1759125.1 | EC71: =+EB71/$EB$745 -> #REF! | ED71: =+EB71/$F$745 -> 4.9360928e-05 | EE71: =D71-EA71 -> 12 | EG71: 8.2.8 | EH71: Salida para Unidades de Ventilación en 2#10+1#10T (Tubería EMT 3/4"), cables HFFR LS (libres de Halógenos) | EI71: UN | EJ71: 18 | EK71: 293187.51
A72: =EG72 -> 8.3 | B72: =EH72 -> ACOMETIDAS ELÉCTRICAS PARA TABLEROS DE AUTOMÁTICOS Y TABLEROS GENERALES DE ACOMETIDAS | C72: =EI72 -> 0 | D72: =EJ72 -> 0 | E72: =EK72 -> 0 | F72: =+D72*E72 -> 0 | H72: =+E72*G72 -> 0 | J72: =I72*E72 -> 0 | L72: =K72*E72 -> 0 | N72: =M72*E72 -> 0 | BK72: 0 | BL72: =BK72*E72 -> 0 | BN72: =+BM72*E72 -> 0 | BP72: =BO72*E72 -> 0 | EA72: =+G72+I72+K72+M72+O72+Q72+S72+U72+W72+Y72+AA72+AC72+AE72+AG72+AI72+AK72+AM72+AO72+AQ72+AW72+AS72+AU72+AY72+BA72+BC72+BE72+BG72+BI72+BK72+BM72+BO72+BQ72+BS72+BU72+BW72+BY72+CA72+CC72+CE72+CG72+CI72+CK72+CM72+CO72+CQ72+CS72+CU72+CW72+CY72+DA72+DC72+DE72+DG72+DI72+DK72+DM72+DO72+DQ72+DS72+DU72+DW72+DY72 -> 0 | EB72: =+EA72*E72 -> 0 | EC72: =+EB72/$EB$745 -> #REF! | ED72: =+EB72/$F$745 -> 0 | EE72: =D72-EA72 -> 0 | EG72: 8.3 | EH72: ACOMETIDAS ELÉCTRICAS PARA TABLEROS DE AUTOMÁTICOS Y TABLEROS GENERALES DE ACOMETIDAS
A73: =EG73 -> 8.3.1 | B73: =EH73 -> Suministro, Transporte e instalación de acometida 3x6f+4N+8T AWG Cu HFFR LS (libres de Halógenos) en 1ø1 1/4" EMT | C73: =EI73 -> ML | D73: =EJ73 -> 30 | E73: =EK73 -> 50645.43 | F73: =+D73*E73 -> 1519362.9 | H73: =+E73*G73 -> 0 | J73: =I73*E73 -> 0 | L73: =K73*E73 -> 0 | N73: =M73*E73 -> 0 | BK73: 0 | BL73: =BK73*E73 -> 0 | BN73: =+BM73*E73 -> 0 | BP73: =BO73*E73 -> 0 | EA73: =+G73+I73+K73+M73+O73+Q73+S73+U73+W73+Y73+AA73+AC73+AE73+AG73+AI73+AK73+AM73+AO73+AQ73+AW73+AS73+AU73+AY73+BA73+BC73+BE73+BG73+BI73+BK73+BM73+BO73+BQ73+BS73+BU73+BW73+BY73+CA73+CC73+CE73+CG73+CI73+CK73+CM73+CO73+CQ73+CS73+CU73+CW73+CY73+DA73+DC73+DE73+DG73+DI73+DK73+DM73+DO73+DQ73+DS73+DU73+DW73+DY73 -> 0 | EB73: =+EA73*E73 -> 0 | EC73: =+EB73/$EB$745 -> #REF! | ED73: =+EB73/$F$745 -> 0 | EE73: =D73-EA73 -> 30 | EG73: 8.3.1 | EH73: Suministro, Transporte e instalación de acometida 3x6f+4N+8T AWG Cu HFFR LS (libres de Halógenos) en 1ø1 1/4" EMT | EI73: ML | EJ73: 30 | EK73: 50645.43
A74: =EG74 -> 8.3.2 | B74: =EH74 -> Tablero General de Distribución en cuartos técnicos (Incluye protecciones 3x40A, 3(3x30)A+3x175A, 3x125A, 3x100A, DPS clase 2 | C74: =EI74 -> UN | D74: =EJ74 -> 1 | E74: =EK74 -> 10742179 | F74: =+D74*E74 -> 10742179 | H74: =+E74*G74 -> 0 | J74: =I74*E74 -> 0 | L74: =K74*E74 -> 0 | N74: =M74*E74 -> 0 | BK74: 0 | BL74: =BK74*E74 -> 0 | BN74: =+BM74*E74 -> 0 | BP74: =BO74*E74 -> 0 | EA74: =+G74+I74+K74+M74+O74+Q74+S74+U74+W74+Y74+AA74+AC74+AE74+AG74+AI74+AK74+AM74+AO74+AQ74+AW74+AS74+AU74+AY74+BA74+BC74+BE74+BG74+BI74+BK74+BM74+BO74+BQ74+BS74+BU74+BW74+BY74+CA74+CC74+CE74+CG74+CI74+CK74+CM74+CO74+CQ74+CS74+CU74+CW74+CY74+DA74+DC74+DE74+DG74+DI74+DK74+DM74+DO74+DQ74+DS74+DU74+DW74+DY74 -> 0 | EB74: =+EA74*E74 -> 0 | EC74: =+EB74/$EB$745 -> #REF! | ED74: =+EB74/$F$745 -> 0 | EE74: =D74-EA74 -> 1 | EG74: 8.3.2 | EH74: Tablero General de Distribución en cuartos técnicos (Incluye protecciones 3x40A, 3(3x30)A+3x175A, 3x125A, 3x100A, DPS clase 2 | EI74: UN | EJ74: 1 | EK74: 10742179
A75: =EG75 -> 8.3.3 | B75: =EH75 -> Suminstro, Transporte e instalacion de Tablero general de acometidas Terminal 440V incluye 2 protecciones de 3x500A y demas eleemntos especificados en el Diagrama Unifilar | C75: =EI75 -> UN | D75: =EJ75 -> 1 | E75: =EK75 -> 10186016 | F75: =+D75*E75 -> 10186016 | H75: =+E75*G75 -> 0 | J75: =I75*E75 -> 0 | L75: =K75*E75 -> 0 | N75: =M75*E75 -> 0 | BK75: 0 | BL75: =BK75*E75 -> 0 | BN75: =+BM75*E75 -> 0 | BP75: =BO75*E75 -> 0 | EA75: =+G75+I75+K75+M75+O75+Q75+S75+U75+W75+Y75+AA75+AC75+AE75+AG75+AI75+AK75+AM75+AO75+AQ75+AW75+AS75+AU75+AY75+BA75+BC75+BE75+BG75+BI75+BK75+BM75+BO75+BQ75+BS75+BU75+BW75+BY75+CA75+CC75+CE75+CG75+CI75+CK75+CM75+CO75+CQ75+CS75+CU75+CW75+CY75+DA75+DC75+DE75+DG75+DI75+DK75+DM75+DO75+DQ75+DS75+DU75+DW75+DY75 -> 0 | EB75: =+EA75*E75 -> 0 | EC75: =+EB75/$EB$745 -> #REF! | ED75: =+EB75/$F$745 -> 0 | EE75: =D75-EA75 -> 1 | EG75: 8.3.3 | EH75: Suminstro, Transporte e instalacion de Tablero general de acometidas Terminal 440V incluye 2 protecciones de 3x500A y demas eleemntos especificados en el Diagrama Unifilar | EI75: UN | EJ75: 1 | EK75: 10186016
A76: =EG76 -> 8.3.4 | B76: =EH76 -> Suminstro, Transporte e instalacion de acometida 2(3x1/0+1x2/0+1x4T ) en cables de cobre libres de halogeno en 2ø3" EMT | C76: =EI76 -> ML | D76: =EJ76 -> 45 | E76: =EK76 -> 371361.87 | F76: =+D76*E76 -> 16711284 | H76: =+E76*G76 -> 0 | J76: =I76*E76 -> 0 | L76: =K76*E76 -> 0 | N76: =M76*E76 -> 0 | BK76: 0 | BL76: =BK76*E76 -> 0 | BN76: =+BM76*E76 -> 0 | BP76: =BO76*E76 -> 0 | EA76: =+G76+I76+K76+M76+O76+Q76+S76+U76+W76+Y76+AA76+AC76+AE76+AG76+AI76+AK76+AM76+AO76+AQ76+AW76+AS76+AU76+AY76+BA76+BC76+BE76+BG76+BI76+BK76+BM76+BO76+BQ76+BS76+BU76+BW76+BY76+CA76+CC76+CE76+CG76+CI76+CK76+CM76+CO76+CQ76+CS76+CU76+CW76+CY76+DA76+DC76+DE76+DG76+DI76+DK76+DM76+DO76+DQ76+DS76+DU76+DW76+DY76 -> 0 | EB76: =+EA76*E76 -> 0 | EC76: =+EB76/$EB$745 -> #REF! | ED76: =+EB76/$F$745 -> 0 | EE76: =D76-EA76 -> 45 | EG76: 8.3.4 | EH76: Suminstro, Transporte e instalacion de acometida 2(3x1/0+1x2/0+1x4T ) en cables de cobre libres de halogeno en 2ø3" EMT | EI76: ML | EJ76: 45 | EK76: 371361.87
A77: =EG77 -> 8.3.5 | B77: =EH77 -> Suminstro, Transporte e instalacion de acometida 3(3x2/0+1x3/0+1x2T) en cables de cobre libres de halogeno en 3ø3" EMT | C77: =EI77 -> ML | D77: =EJ77 -> 55 | E77: =EK77 -> 621964.53 | F77: =+D77*E77 -> 34208049 | H77: =+E77*G77 -> 0 | J77: =I77*E77 -> 0 | L77: =K77*E77 -> 0 | N77: =M77*E77 -> 0 | BK77: 0 | BL77: =BK77*E77 -> 0 | BN77: =+BM77*E77 -> 0 | BP77: =BO77*E77 -> 0 | EA77: =+G77+I77+K77+M77+O77+Q77+S77+U77+W77+Y77+AA77+AC77+AE77+AG77+AI77+AK77+AM77+AO77+AQ77+AW77+AS77+AU77+AY77+BA77+BC77+BE77+BG77+BI77+BK77+BM77+BO77+BQ77+BS77+BU77+BW77+BY77+CA77+CC77+CE77+CG77+CI77+CK77+CM77+CO77+CQ77+CS77+CU77+CW77+CY77+DA77+DC77+DE77+DG77+DI77+DK77+DM77+DO77+DQ77+DS77+DU77+DW77+DY77 -> 0 | EB77: =+EA77*E77 -> 0 | EC77: =+EB77/$EB$745 -> #REF! | ED77: =+EB77/$F$745 -> 0 | EE77: =D77-EA77 -> 55 | EG77: 8.3.5 | EH77: Suminstro, Transporte e instalacion de acometida 3(3x2/0+1x3/0+1x2T) en cables de cobre libres de halogeno en 3ø3" EMT | EI77: ML | EJ77: 55 | EK77: 621964.53
A78: =EG78 -> 8.3.6 | B78: =EH78 -> Suminstro, Transporte e instalacion de acometida 3x2+1x1/0+1x4T Cu HFFR LS (libres de Halógenos) en 1ø2" EMT | C78: =EI78 -> ML | D78: =EJ78 -> 50 | E78: =EK78 -> 109232.64 | F78: =+D78*E78 -> 5461632 | H78: =+E78*G78 -> 0 | J78: =I78*E78 -> 0 | L78: =K78*E78 -> 0 | N78: =M78*E78 -> 0 | BK78: 0 | BL78: =BK78*E78 -> 0 | BN78: =+BM78*E78 -> 0 | BP78: =BO78*E78 -> 0 | EA78: =+G78+I78+K78+M78+O78+Q78+S78+U78+W78+Y78+AA78+AC78+AE78+AG78+AI78+AK78+AM78+AO78+AQ78+AW78+AS78+AU78+AY78+BA78+BC78+BE78+BG78+BI78+BK78+BM78+BO78+BQ78+BS78+BU78+BW78+BY78+CA78+CC78+CE78+CG78+CI78+CK78+CM78+CO78+CQ78+CS78+CU78+CW78+CY78+DA78+DC78+DE78+DG78+DI78+DK78+DM78+DO78+DQ78+DS78+DU78+DW78+DY78 -> 0 | EB78: =+EA78*E78 -> 0 | EC78: =+EB78/$EB$745 -> #REF! | ED78: =+EB78/$F$745 -> 0 | EE78: =D78-EA78 -> 50 | EG78: 8.3.6 | EH78: Suminstro, Transporte e instalacion de acometida 3x2+1x1/0+1x4T Cu HFFR LS (libres de Halógenos) en 1ø2" EMT | EI78: ML | EJ78: 50 | EK78: 109232.64
A79: =EG79 -> 8.3.7 | B79: =EH79 -> Suminstro, Transporte e instalacion de acometida 3x1/0+1x2/0+1x4T Cu HFFR LS (libres de Halógenos) en 1ø3" EMT | C79: =EI79 -> ML | D79: =EJ79 -> 50 | E79: =EK79 -> 159340.5 | F79: =+D79*E79 -> 7967025 | H79: =+E79*G79 -> 0 | J79: =I79*E79 -> 0 | L79: =K79*E79 -> 0 | N79: =M79*E79 -> 0 | BK79: 0 | BL79: =BK79*E79 -> 0 | BN79: =+BM79*E79 -> 0 | BP79: =BO79*E79 -> 0 | EA79: =+G79+I79+K79+M79+O79+Q79+S79+U79+W79+Y79+AA79+AC79+AE79+AG79+AI79+AK79+AM79+AO79+AQ79+AW79+AS79+AU79+AY79+BA79+BC79+BE79+BG79+BI79+BK79+BM79+BO79+BQ79+BS79+BU79+BW79+BY79+CA79+CC79+CE79+CG79+CI79+CK79+CM79+CO79+CQ79+CS79+CU79+CW79+CY79+DA79+DC79+DE79+DG79+DI79+DK79+DM79+DO79+DQ79+DS79+DU79+DW79+DY79 -> 0 | EB79: =+EA79*E79 -> 0 | EC79: =+EB79/$EB$745 -> #REF! | ED79: =+EB79/$F$745 -> 0 | EE79: =D79-EA79 -> 50 | EG79: 8.3.7 | EH79: Suminstro, Transporte e instalacion de acometida 3x1/0+1x2/0+1x4T Cu HFFR LS (libres de Halógenos) en 1ø3" EMT | EI79: ML | EJ79: 50 | EK79: 159340.5
A80: =EG80 -> 8.3.8 | B80: =EH80 -> Suminstro, Transporte e instalacion de acometida 3x2/0+1x3/0+1x2T Cu HFFR LS (libres de Halógenos) en 1ø3" EMT | C80: =EI80 -> ML | D80: =EJ80 -> 50 | E80: =EK80 -> 191807.55 | F80: =+D80*E80 -> 9590377.5 | H80: =+E80*G80 -> 0 | J80: =I80*E80 -> 0 | L80: =K80*E80 -> 0 | N80: =M80*E80 -> 0 | BK80: 0 | BL80: =BK80*E80 -> 0 | BN80: =+BM80*E80 -> 0 | BP80: =BO80*E80 -> 0 | EA80: =+G80+I80+K80+M80+O80+Q80+S80+U80+W80+Y80+AA80+AC80+AE80+AG80+AI80+AK80+AM80+AO80+AQ80+AW80+AS80+AU80+AY80+BA80+BC80+BE80+BG80+BI80+BK80+BM80+BO80+BQ80+BS80+BU80+BW80+BY80+CA80+CC80+CE80+CG80+CI80+CK80+CM80+CO80+CQ80+CS80+CU80+CW80+CY80+DA80+DC80+DE80+DG80+DI80+DK80+DM80+DO80+DQ80+DS80+DU80+DW80+DY80 -> 0 | EB80: =+EA80*E80 -> 0 | EC80: =+EB80/$EB$745 -> #REF! | ED80: =+EB80/$F$745 -> 0 | EE80: =D80-EA80 -> 50 | EG80: 8.3.8 | EH80: Suminstro, Transporte e instalacion de acometida 3x2/0+1x3/0+1x2T Cu HFFR LS (libres de Halógenos) en 1ø3" EMT | EI80: ML | EJ80: 50 | EK80: 191807.55
